Workbook
Name Index_Sheet_Kutools: #REF!
Name Index_Sheet_Kutools: #REF!
Name Index_Sheet_Kutools: #REF!

Sheet INDICE
D4: 1. Cuentas Consolidadas de la Nación
D5: Cuadro N° 1.1.1 | E5: Bolivia: Cuenta del Producto y Gasto Interno Bruto, 2017 - 2021. En millones de bolivianos corrientes
D6: Cuadro N° 1.2.1 | E6: Bolivia: Ingreso Nacional Bruto Disponible y su Asignación, 2017 - 2021. En millones de bolivianos corrientes
D7: Cuadro N° 1.3.1 | E7: Bolivia: Cuenta de Acumulación y Financiación de Capital, 2017 - 2021. En millones de bolivianos corrientes
D8: Cuadro N° 1.4.1 | E8: Bolivia: Cuenta de Transacciones con el Resto del Mundo, 2017 - 2021. En millones de bolivianos corrientes
D10: 2. Principales indicadores macroeconómicos año de referencia 2017
D12: Producto Interno Bruto - PIB, 2017 - 2021
D14: Precios corrientes
D15: Cuadro N° 2.1.1 | E15: Bolivia: Producto Interno Bruto por el enfoque de la producción. En millones de bolivianos corrientes
D16: Cuadro N° 2.1.2 | E16: Bolivia: Estructura del Producto Interno Bruto por el enfoque de la producción. En porcentaje
D17: Cuadro N° 2.2.1 | E17: Bolivia: Producto Interno Bruto por el enfoque del gasto. En millones de bolivianos corrientes
D18: Cuadro N° 2.2.2 | E18: Bolivia: Estructura del Producto Interno Bruto por el enfoque del gasto. En porcentaje
D19: Cuadro N° 2.3.1 | E19: Bolivia: Producto Interno Bruto por el enfoque del ingreso. En millones de bolivianos corrientes
D20: Cuadro N° 2.3.2 | E20: Bolivia: Estructura del Producto Interno Bruto por el enfoque del ingreso. En porcentaje
D21: Cuadro N° 2.4.1 | E21: Bolivia: Valor Agregado Bruto por actividad económica. En millones de bolivianos corrientes
D22: Cuadro N° 2.4.2 | E22: Bolivia: Estructura del Valor Agregado Bruto por actividad económica. En porcentaje
D23: Cuadro N° 2.5.1 | E23: Bolivia: Producto Interno Bruto por actividad económica. En millones de bolivianos corrientes
D24: Cuadro N° 2.5.2 | E24: Bolivia: Estructura del Producto Interno Bruto por actividad económica. En porcentaje
D26: Medidas de volumen encadenadas con año de referencia 2017
D27: Cuadro N° 2.6.1 | E27: Bolivia: Medidas de volumen encadenadas del Producto Interno Bruto por el enfoque de la producción con año de referencia. En millones de bolivianos encadenados
D28: Cuadro N° 2.6.2 | E28: Bolivia: Índices de volumen encadenados del Producto Interno Bruto por el enfoque de la producción (Referencia 2017=100)
D29: Cuadro N° 2.6.3 | E29: Bolivia: Variación de las medidas de volumen encadenadas del Producto Interno Bruto por el enfoque de la producción con año de referencia. En porcentaje
D30: Cuadro N° 2.6.4 | E30: Bolivia: Contribución a la variación de las medidas de volumen encadenadas del Producto Interno Bruto por el enfoque de la producción con año de referencia. En porcentaje
D31: Cuadro N° 2.7.1 | E31: Bolivia: Medidas de volumen encadenadas del Producto Interno Bruto por el enfoque del gasto con año de referencia. En millones de bolivianos encadenados
D32: Cuadro N° 2.7.2 | E32: Bolivia: Índices encadenados de volumen del Producto Interno Bruto por el enfoque del gasto (Referencia 2017=100)
D33: Cuadro N° 2.7.3 | E33: Bolivia: Variación de las medidas de volumen encadenadas del Producto Interno Bruto por el enfoque del gasto con año de referencia. En porcentaje
D34: Cuadro N° 2.7.4 | E34: Bolivia: Contribución a la variación de las medidas de volumen encadenadas del Producto Interno Bruto por el enfoque del gasto con año de referencia. En porcentaje
D35: Cuadro N° 2.8.1 | E35: Bolivia: Medidas de volumen encadenadas del Valor Agregado Bruto por actividad económica con año de referencia. En millones de bolivianos encadenados
D36: Cuadro N° 2.8.2 | E36: Bolivia: Índices de volumen encadenadas del Valor Agregado Bruto por actividad económica con año de referencia (Referencia 2017=100)
D37: Cuadro N° 2.8.3 | E37: Bolivia: Variación de las medidas de volumen encadenadas del Valor Agregado Bruto por actividad económica con año de referencia. En porcentaje
D38: Cuadro N° 2.8.4 | E38: Bolivia: Contribución a la variación de las medidas de volumen encadenadas del Producto Interno Bruto por actividad económica con año de referencia. En porcentaje
... D42: Cuadro N° 2.9.4 | E42: Bolivia: Contribución a la variación de las medidas de volumen encadenadas del Producto Interno Bruto por actividad económica con año de referencia. En porcentaje
D44: Componentes de Oferta y Demanda, 2017 - 2021
D46: Precios corrientes
D47: Cuadro N° 2.10.1 | E47: Bolivia: Gasto de Consumo Final de los Hogares por Finalidad. En millones de bolivianos corrientes
D48: Cuadro N° 2.10.2 | E48: Bolivia: Estructura del Gasto de Consumo Final de los Hogares por Finalidad. En porcentaje
D49: Cuadro N° 2.11.1 | E49: Bolivia: Formación Bruta de Capital Fijo, público y privado, según producto. En millones de bolivianos corrientes
D50: Cuadro N° 2.11.2 | E50: Bolivia: Estructura de la Formación Bruta de Capital Fijo, público y privado, según producto. En porcentaje
D51: Cuadro N° 2.12.1 | E51: Bolivia: Formación Bruta de Capital Fijo, por tipo de activo. En millones de bolivianos corrientes
D52: Cuadro N° 2.12.2 | E52: Bolivia: Estructura de la Formación Bruta de Capital Fijo, por tipo de activo. En porcentaje
D54: Medidas de volumen encadenadas con año de referencia 2017
D55: Cuadro N° 2.13.1 | E55: Bolivia: Medidas de volumen encadenadas del Gasto de Consumo Final de los Hogares por Finalidad. En millones de bolivianos encadenados
D56: Cuadro N° 2.13.2 | E56: Bolivia: Variación de las medidas de volumen encadenadas del gasto de Consumo Final de los Hogares por Finalidad. En porcentaje
D57: Cuadro N° 2.13.3 | E57: Bolivia: Contribución a la variación de las medidas de volumen encadenadas del Consumo Final de los Hogares por Finalidad. En porcentaje
D58: Cuadro N° 2.14.1 | E58: Bolivia: Medidas de volumen encadenadas de la Formación Bruta de Capital Fijo, público y privado, según producto. En millones de bolivianos encadenados
D59: Cuadro N° 2.14.2 | E59: Bolivia: Variación de las medidas de volumen encadenadas de la Formación Bruta de Capital Fijo, público y privado, según producto. En porcentaje
D60: Cuadro N° 2.14.3 | E60: Bolivia: Contribución a la variación de las medidas de volumen encadenadas de la Formación Bruta de Capital Fijo, público y privado, según producto. En porcentaje
D62: Oferta y Utilización Final, 2017 - 2021
D64: Precios corrientes
D65: Cuadro N° 2.15.1 | E65: Bolivia: Oferta y Utilización Final. En millones de bolivianos corrientes
D66: Cuadro N° 2.15.2 | E66: Bolivia: Estructura de la Oferta y Utilización Final. En porcentaje
D68: Serie encadenada de volumen con año de referencia 2017
D69: Cuadro N° 2.16.1 | E69: Bolivia: Medidas de volumen encadenadas de Oferta y Utilización Final. En millones de bolivianos encadenados
D70: Cuadro N° 2.16.2 | E70: Bolivia: Variación de las medidas de volumen encadenadas de la Oferta y Utilización Final. En porcentaje
D71: Cuadro N° 2.16.3 | E71: Bolivia: Contribución a la variación de las medidas de volumen encadenadas de la Oferta y Utilización Final. En porcentaje
D73: Oferta y Utilización Total, 2017 - 2021
D75: Precios corrientes
D76: Cuadro N° 2.17.1 | E76: Bolivia: Oferta y Utilización Total. En millones de bolivianos corrientes
D77: Cuadro N° 2.17.2 | E77: Bolivia: Estructura de la Oferta y Utilización Total. En porcentaje
D79: Serie encadenada de volumen con año de referencia 2017
D80: Cuadro N° 2.18.1 | E80: Bolivia: Medidas de volumen encadenadas de Oferta y Utilización Total. En millones de bolivianos encadenados
D81: Cuadro N° 2.18.2 | E81: Bolivia: Variación de las medidas de volumen encadenadas de la Oferta y Utilización Total. En porcentaje
D82: Cuadro N° 2.18.3 | E82: Bolivia: Contribución a la variación de las medidas de volumen encadenadas de la Oferta y Utilización Total. En porcentaje
D86: 3. Balance Oferta Utilización a seis dígitos, año de referencia 2017
D88: Oferta y Utilización a precios corrientes, 2017 - 2021
D90: Cuadro N° 3.1.1 | E90: Bolivia: Oferta y Utilización 2017. En millones de bolivianos corrientes
D91: Cuadro N° 3.1.2 | E91: Bolivia: Oferta y Utilización 2018. En millones de bolivianos corrientes
D92: Cuadro N° 3.1.3 | E92: Bolivia: Oferta y Utilización 2019. En millones de bolivianos corrientes
D93: Cuadro N° 3.1.4 | E93: Bolivia: Oferta y Utilización 2020. En millones de bolivianos corrientes
D94: Cuadro N° 3.1.5 | E94: Bolivia: Oferta y Utilización 2021. En millones de bolivianos corrientes
D96: Oferta y Utilización a precios constantes del año anterior, 2017 - 2021
D98: Cuadro N° 3.2.1 | E98: Bolivia: Oferta y Utilización 2018. En millones de bolivianos a precios del año anterior
D99: Cuadro N° 3.2.2 | E99: Bolivia: Oferta y Utilización 2019. En millones de bolivianos a precios del año anterior
D100: Cuadro N° 3.2.3 | E100: Bolivia: Oferta y Utilización 2020. En millones de bolivianos a precios del año anterior
D101: Cuadro N° 3.2.4 | E101: Bolivia: Oferta y Utilización 2021. En millones de bolivianos a precios del año anterior
D104: 4. Cuadros Oferta Utilización a seis y dos dígitos, año de referencia 2017
D106: Cuadro Oferta Utilización a seis dígitos, precios corrientes. 2017
D108: Cuadro Oferta Utilización 2017
D109: Cuadro N° 4.1.1 | E109: Bolivia: Cuadro Oferta. En millones de bolivianos corrientes
D110: Cuadro N° 4.1.2 | E110: Bolivia: Cuadro Utilización. En millones de bolivianos corrientes
D112: Cuadro Oferta Utilización a dos dígitos, precios corrientes. 2017 - 2021
D114: Cuadro Oferta Utilización 2017
D115: Cuadro N° 4.2.1 | E115: Bolivia: Cuadro Oferta. En millones de bolivianos corrientes
D116: Cuadro N° 4.2.2 | E116: Bolivia: Cuadro Utilización. En millones de bolivianos corrientes
D117: Cuadro Oferta Utilización 2018
D118: Cuadro N° 4.2.3 | E118: Bolivia: Cuadro Oferta. En millones de bolivianos corrientes
D119: Cuadro N° 4.2.4 | E119: Bolivia: Cuadro Utilización. En millones de bolivianos corrientes
D120: Cuadro Oferta Utilización 2019
D121: Cuadro N° 4.2.5 | E121: Bolivia: Cuadro Oferta. En millones de bolivianos corrientes
D122: Cuadro N° 4.2.6 | E122: Bolivia: Cuadro Utilización. En millones de bolivianos corrientes
D123: Cuadro Oferta Utilización 2020
D124: Cuadro N° 4.2.7 | E124: Bolivia: Cuadro Oferta. En millones de bolivianos corrientes
D125: Cuadro N° 4.2.8 | E125: Bolivia: Cuadro Utilización. En millones de bolivianos corrientes
D126: Cuadro Oferta Utilización 2021
D127: Cuadro N° 4.2.9 | E127: Bolivia: Cuadro Oferta. En millones de bolivianos corrientes
D128: Cuadro N° 4.2.10 | E128: Bolivia: Cuadro Utilización. En millones de bolivianos corrientes
D130: Cuadro Oferta Utilización a precios constantes del año anterior, 2017 - 2021
D132: Cuadro Oferta Utilización 2018
D133: Cuadro N° 4.3.1 | E133: Bolivia: Cuadro Oferta. En millones de bolivianos a precios del año anterior
D134: Cuadro N° 4.3.2 | E134: Bolivia: Cuadro Utilización. En millones de bolivianos a precios del año anterior
...

Sheet CUENTAS CONSOLIDADAS
B7: CUADRO N° 1.1.1
B8: BOLIVIA: CUENTA DEL PRODUCTO Y GASTO INTERNO BRUTO, 2017-2021
B9: (En millones de bolivianos corrientes)
B10: CONCEPTO | C10: 2017 | D10: 2018 | E10: 2019 | F10: 2020 | G10: 2021
B11: PRODUCTO INTERNO BRUTO | C11: 317358.7 | D11: 334541.3 | E11: 338981.19 | F11: 292388.37 | G11: 330836.19
B12: Remuneración de los asalariados | C12: 115880.27 | D12: 124739.47 | E12: 127512.73 | F12: 116800.08 | G12: 122390.25
B13: Excedente de explotación bruto | C13: 103291.16 | D13: 108993.36 | E13: 111548.09 | F13: 91619.178 | G13: 112613.41
B14: Ingreso mixto bruto | C14: 62635.035 | D14: 65904.827 | E14: 69320.066 | F14: 59393.937 | G14: 68657.774
B15: Impuestos sobre los productos | C15: 36066.951 | D15: 37228.843 | E15: 33975.245 | F15: 25181.074 | G15: 31045.572
B16: Otros impuestos sobre la producción | C16: 3238.1701 | D16: 3508.8889 | E16: 3475.7773 | F16: 3136.7553 | G16: 3149.4548
B17: Menos: Subvenciones a los productos | C17: -2339.3311 | D17: -4333.6464 | E17: -4961.1504 | F17: -2309.5241 | G17: -5285.1747
B18: Menos: Subvenciones a la producción | C18: -1413.5554 | D18: -1500.4454 | E18: -1889.5575 | F18: -1433.1235 | G18: -1735.0886
B20: GASTO CORRESPONDIENTE AL PRODUCTO INTERNO BRUTO | C20: 317358.7 | D20: 334541.13 | E20: 338981.47 | F20: 292388.39 | G20: 330836.2
B21: Gasto de consumo final del Gobierno General | C21: 48224.356 | D21: 53788.348 | E21: 54627.702 | F21: 54403.676 | G21: 56198.676
B22: Gasto de consumo final de los Hogares | C22: 210245.92 | D22: 218915.55 | E22: 224381.12 | F22: 196141.37 | G22: 215161.81
... B28: Menos: Importaciones de bienes y servicios | C28: 82631.44 | D28: 88891.348 | E28: 87367.486 | F28: 60362.621 | G28: 79779.731
B29: Fuente: Instituto Nacional de Estadística
B33: CUADRO N° 1.2.1
B34: BOLIVIA: CUENTA DEL INGRESO DISPONIBLE BRUTO Y SU ASIGNACIÓN, 2017-2021
B35: (En millones de bolivianos corrientes)
B36: CONCEPTO | C36: 2017 | D36: 2018 | E36: 2019 | F36: 2020 | G36: 2021
B37: INGRESO DISPONIBLE BRUTO | C37: 319509.83 | D37: 336414.72 | E37: 341258.62 | F37: 296544.72 | G37: 332221.6
B38: Remuneración de los asalariados | C38: 115880.27 | D38: 124739.47 | E38: 127512.73 | F38: 116800.08 | G38: 122390.25
B39: Remuneración de los asalariados procedente del Resto del Mundo, neta | C39: 90.307866 | D39: 106.87194 | E39: 96.978165 | F39: 59.051894 | G39: 95.48143
B40: Excedente bruto de explotación | C40: 103291.16 | D40: 108993.36 | E40: 111548.09 | F40: 91619.178 | G40: 112613.41
B41: Ingreso mixto | C41: 62635.035 | D41: 65904.827 | E41: 69320.066 | F41: 59393.937 | G41: 68657.774
B42: Renta de la propiedad procedente del Resto del Mundo, neta | C42: -7714.19 | D42: -6920.616 | E42: -5883.6092 | F42: -2944.7343 | G42: -7071.1926
B43: Impuestos sobre los productos | C43: 36066.951 | D43: 37228.843 | E43: 33975.245 | F43: 25181.074 | G43: 31045.572
B44: Otros impuestos sobre la producción | C44: 3238.1701 | D44: 3508.8889 | E44: 3475.7773 | F44: 3136.7553 | G44: 3149.4548
B45: Menos: Subvenciones a los productos | C45: -2339.3311 | D45: -4333.6464 | E45: -4961.1504 | F45: -2309.5241 | G45: -5285.1747
B46: Menos: Subvenciones a la producción | C46: -1413.5554 | D46: -1500.4454 | E46: -1889.5575 | F46: -1433.1235 | G46: -1735.0886
B47: Otras transferencias corrientes procedentes del Resto del Mundo, neta | C47: 9775.0207 | D47: 8687.1603 | E47: 8064.0572 | F47: 7042.0317 | G47: 8361.1139
... B53: Ahorro bruto | C53: 58888.48 | D53: 61466.721 | E53: 59824.161 | F53: 43615.505 | G53: 58370.55
B54: Fuente: Instituto Nacional de Estadística
B58: CUADRO N° 1.3.1
B59: BOLIVIA: CUENTA DE ACUMULACIÓN Y FINANCIACIÓN DE CAPITAL, 2017-2021
B60: (En millones de bolivianos corrientes)
B61: CONCEPTO | C61: 2017 | D61: 2018 | E61: 2019 | F61: 2020 | G61: 2021
B62: ACUMULACIÓN DE CAPITAL | C62: 58914.068 | D62: 61678.463 | E62: 59858.658 | F62: 43734.459 | G62: 58397.719
B63: Variación de existencias | C63: 3306.8838 | D63: 3311.8799 | E63: -1551.019 | F63: 4092.9107 | G63: 2370.2935
B64: Formación bruta de capital fijo | C64: 73365.931 | D64: 76353.295 | E64: 77674.896 | F64: 46179.012 | G64: 56384.913
B65: Compras de Activos no Físicos del Resto del Mundo, Netas | C65: 0 | D65: 0 | E65: 0 | F65: 0 | G65: 0
B66: Adquisiciones menos disposiciones de objetos valiosos | C66: 687.69157 | D66: 723.45853 | E66: 833.25089 | F66: 218.83067 | G66: 89.415966
B67: Préstamo neto Resto del Mundo | C67: -18446.438 | D67: -18710.17 | E67: -17098.47 | F67: -6756.2946 | G67: -446.90328
B68: FINANCIACIÓN DE LA ACUMULACIÓN DE CAPITAL | C68: 58914.069 | D68: 61678.463 | E68: 59858.658 | F68: 43734.459 | G68: 58397.72
B69: Ahorro bruto | C69: 58888.48 | D69: 61466.721 | E69: 59824.161 | F69: 43615.505 | G69: 58370.55
B70: Transferencias de capital procedente del Resto del Mundo, neta | C70: 25.588337 | D70: 211.74243 | E70: 34.496307 | F70: 118.9541 | G70: 27.169143
B71: Fuente: Instituto Nacional de Estadística
B75: CUADRO N° 1.4.1
B76: BOLIVIA: CUENTA DE TRANSACCIONES CON EL RESTO DEL MUNDO, 2017-2021
B77: (En millones de bolivianos corrientes)
B78: CONCEPTO | C78: 2017 | D78: 2018 | E78: 2019 | F78: 2020 | G78: 2021
B79: TRANSACCIONES CORRIENTES
B80: Ingresos | C80: 75131.427 | D80: 80637.872 | E80: 79671.451 | F80: 59224.093 | G80: 89568.339
B81: Exportaciones de bienes y servicios | C81: 62008.275 | D81: 68096.019 | E81: 67957.094 | F81: 49331.023 | G81: 77920.256
B82: Remuneración de los asalariados, procedente del Resto del Mundo | C82: 108.70312 | D82: 125.931 | E82: 120.25481 | F82: 75.014073 | G82: 129.6061
B83: Renta de la propiedad, procedente del Resto del Mundo | C83: 1148.1583 | D83: 1129.6875 | E83: 869.95751 | F83: 726.3698 | G83: 575.21016
B84: Otras transferencias corrientes, procedentes del Resto del Mundo | C84: 11866.29 | D84: 11286.234 | E84: 10724.144 | F84: 9091.6861 | G84: 10943.267
B86: Utilización | C86: 75131.427 | D86: 80637.872 | E86: 79671.451 | F86: 59224.093 | G86: 89568.339
B87: Importaciones de bienes y servicios | C87: 82631.44 | D87: 88891.348 | E87: 87367.486 | F87: 60362.621 | G87: 79779.731
B88: Remuneración de los asalariados al Resto del Mundo | C88: 18.395254 | D88: 19.059062 | E88: 23.276642 | F88: 15.962179 | G88: 34.124667
B89: Renta de la propiedad al Resto del Mundo | C89: 8862.3483 | D89: 8050.3035 | E89: 6753.5667 | F89: 3671.1041 | G89: 7646.4027
B90: Otras transferencias corrientes al Resto del Mundo | C90: 2091.2696 | D90: 2599.074 | E90: 2660.0869 | F90: 2049.6544 | G90: 2582.1529
B91: Saldo corriente con el exterior | C91: -18472.027 | D91: -18921.912 | E91: -17132.966 | F91: -6875.2486 | G91: -474.07242
B93: TRANSACCIONES DE CAPITAL
B94: Ingresos | C94: -18446.438 | D94: -18710.17 | E94: -17098.469 | F94: -6756.2945 | G94: -446.90328
B95: Saldo corriente con el exterior | C95: -18472.027 | D95: -18921.912 | E95: -17132.966 | F95: -6875.2486 | G95: -474.07242
B96: Transferencias de capital procedente del Resto del Mundo, neta | C96: 25.588337 | D96: 211.74243 | E96: 34.496307 | F96: 118.9541 | G96: 27.169143
B98: Pagos | C98: -18446.438 | D98: -18710.17 | E98: -17098.469 | F98: -6756.2945 | G98: -446.90328
B99: Préstamo neto (+)/Endeudamiento neto (-) | C99: -18446.438 | D99: -18710.17 | E99: -17098.469 | F99: -6756.2945 | G99: -446.90328
B100: Compras de Activos no Físicos n.c.p. del Resto del Mundo | C100: 0 | D100: 0 | E100: 0 | F100: 0 | G100: 0
B101: Fuente: Instituto Nacional de Estadística

Sheet 2.1.1
B7: Cuadro N° 2.1.1
B8: BOLIVIA: PRODUCTO INTERNO BRUTO POR EL ENFOQUE DE LA PRODUCCIÓN, 2017-2021
B9: (En millones de bolivianos corrientes)
B10: CONCEPTO | C10: 2017 | D10: 2018 | E10: 2019 | F10: 2020 | G10: 2021
B12: PRODUCTO INTERNO BRUTO | C12: 317358.6 | D12: 334541.03 | E12: 338981.42 | F12: 292388.25 | G12: 330836.24
B14: Producción | C14: 508044.87 | D14: 535112.71 | E14: 550708.21 | F14: 471160.39 | G14: 546436.35
B15: Consumo intermedio | C15: 224413.88 | D15: 233466.9 | E15: 240740.9 | F15: 201643.69 | G15: 241360.51
B16: Valor agregado bruto | C16: 283630.98 | D16: 301645.83 | E16: 309967.32 | F16: 269516.7 | G16: 305075.84
B17: Impuesto al valor agregado no deducible | C17: 17345.144 | D17: 17909.695 | E17: 16650.588 | F17: 12750.748 | G17: 15477.16
B18: Otros impuestos a los productos netos de subvenciones | C18: 16382.476 | D18: 14985.502 | E18: 12363.507 | F18: 10120.802 | G18: 10283.237
B20: Fuente: Instituto Nacional de Estadística

Sheet 2.1.2
B7: Cuadro N° 2.1.2
B8: BOLIVIA: ESTRUCTURA DEL PRODUCTO INTERNO BRUTO POR EL ENFOQUE DE LA PRODUCCIÓN, 2017-2021
B9: (En porcentaje)
B10: CONCEPTO | C10: 2017 | D10: 2018 | E10: 2019 | F10: 2020 | G10: 2021
B12: PRODUCTO INTERNO BRUTO | C12: 100 | D12: 100 | E12: 100 | F12: 100 | G12: 100
B14: Producción | C14: 160.08543 | D14: 159.95429 | E14: 162.4597 | F14: 161.14204 | G14: 165.16823
B15: Consumo intermedio | C15: 70.713028 | D15: 69.787225 | E15: 71.018906 | F15: 68.96436 | G15: 72.954678
B16: Valor agregado bruto | C16: 89.372395 | D16: 90.167066 | E16: 91.440801 | F16: 92.177678 | G16: 92.21355
B17: Impuesto al valor agregado no deducible | C17: 5.4654715 | D17: 5.3535124 | E17: 4.9119472 | F17: 4.360896 | G17: 4.6781938
B18: Otros impuestos a los productos netos de subvenciones | C18: 5.1621339 | D18: 4.4794212 | E18: 3.6472521 | F18: 3.4614257 | G18: 3.108256
B20: Fuente: Instituto Nacional de Estadística

Sheet 2.2.1
B7: Cuadro N° 2.2.1
B8: BOLIVIA: PRODUCTO INTERNO BRUTO POR EL ENFOQUE DEL GASTO, 2017-2021
B9: (En millones de bolivianos corrientes)
B11: CONCEPTO | C11: 2017 | D11: 2018 | E11: 2019 | F11: 2020 | G11: 2021
B13: PRODUCTO INTERNO BRUTO | C13: 317358.61 | D13: 334541.01 | E13: 338981.41 | F13: 292388.25 | G13: 330836.24
B15: Gasto de consumo final de los hogares | C15: 210245.92 | D15: 218915.55 | E15: 224381.12 | F15: 196141.37 | G15: 215161.81
B16: Gasto de consumo final de las ISFLSH(1) | C16: 2151.0797 | D16: 2243.926 | E16: 2426.0197 | F16: 2384.1858 | G16: 2490.5609
B17: Gasto de consumo final de la administración pública | C17: 48224.356 | D17: 53788.348 | E17: 54627.702 | F17: 54403.676 | G17: 56198.676
B18: Variación de existencias | C18: 3306.8218 | D18: 3311.7577 | E18: -1551.1852 | F18: 4092.7715 | G18: 2370.3349
B19: Formación bruta de capital fijo | C19: 73365.902 | D19: 76353.295 | E19: 77674.896 | F19: 46179.012 | G19: 56384.913
B20: Adquisición menos disposición de objetos valiosos | C20: 687.69157 | D20: 723.45853 | E20: 833.25089 | F20: 218.83067 | G20: 89.415966
B21: Exportaciones de bienes y servicios | C21: 62008.275 | D21: 68096.019 | E21: 67957.094 | F21: 49331.023 | G21: 77920.256
B22: Menos importaciones de bienes y servicios | C22: 82631.44 | D22: 88891.348 | E22: 87367.486 | F22: 60362.621 | G22: 79779.731
B24: Fuente: Instituto Nacional de Estadística
B25: (1) Instituciones sin fines de lucro que sirven a los hogares

Sheet 2.2.2
B7: Cuadro N° 2.2.2
B8: BOLIVIA: ESTRUCTURA DEL PRODUCTO INTERNO BRUTO POR EL ENFOQUE DEL GASTO, 2017-2021
B9: (En porcentaje)
B10: CONCEPTO | C10: 2017 | D10: 2018 | E10: 2019 | F10: 2020 | G10: 2021
B12: PRODUCTO INTERNO BRUTO | C12: 100 | D12: 100 | E12: 100 | F12: 100 | G12: 100
B14: Gasto de consumo final de los hogares | C14: 66.24869 | D14: 65.437583 | E14: 66.19275 | F14: 67.082508 | G14: 65.035745
B15: Gasto de consumo final de las ISFLSH1 | C15: 0.67780726 | D15: 0.67074767 | E15: 0.71567929 | F15: 0.81541778 | G15: 0.75280776
B16: Gasto de consumo final de la administración pública | C16: 15.195541 | D16: 16.078253 | E16: 16.11525 | F16: 18.606656 | G16: 16.986856
B17: Variación de existencias | C17: 1.0419827 | D17: 0.98994072 | E17: -0.45760185 | F17: 1.3997729 | G17: 0.71646774
B18: Formación bruta de capital fijo | C18: 23.117666 | D18: 22.823299 | E18: 22.914205 | F18: 15.793731 | G18: 17.043149
B19: Adquisición menos disposición de objetos valiosos | C19: 0.21669227 | D19: 0.21625406 | E19: 0.2458102 | F19: 0.0748425 | G19: 0.027027259
B20: Exportaciones de bienes y servicios | C20: 19.538867 | D20: 20.355059 | E20: 20.04744 | F20: 16.871753 | G20: 23.552516
B21: Menos importaciones de bienes y servicios | C21: 26.037246 | D21: 26.571136 | E21: 25.773533 | F21: 20.644681 | G21: 24.114569
B23: Fuente: Instituto Nacional de Estadística
B24: (1): Instituciones sin fines de lucro que sirven a los hogares

Sheet 2.3.1
B7: Cuadro N° 2.3.1
B8: BOLIVIA: PRODUCTO INTERNO BRUTO POR EL ENFOQUE DEL INGRESO, 2017 - 2021
B9: (En millones de bolivianos corrientes)
B10: CONCEPTO | C10: 2017 | D10: 2018 | E10: 2019 | F10: 2020 | G10: 2021
B12: PRODUCTO INTERNO BRUTO | C12: 317358.6 | D12: 334541.03 | E12: 338981.42 | F12: 292388.25 | G12: 330836.24
B14: Remuneración de asalariados | C14: 115880.64 | D14: 124739.27 | E14: 127512.55 | F14: 116800.1 | G14: 122389.98
B15: Impuestos a los productos y a la producción netos de subvenciones | C15: 35552.254 | D15: 34903.64 | E15: 30600.693 | F15: 24575.181 | G15: 27174.764
B16: Excedente de explotación bruto | C16: 103290.84 | D16: 108993.3 | E16: 111548.23 | F16: 91619.151 | G16: 112613.41
B17: Ingreso mixto bruto | C17: 62634.863 | D17: 65904.817 | E17: 69319.938 | F17: 59393.82 | G17: 68658.082
B19: Fuente: Instituto Nacional de Estadística

Sheet 2.3.2
B7: Cuadro N° 2.3.2
B8: BOLIVIA: ESTRUCTURA DEL PRODUCTO INTERNO BRUTO POR EL ENFOQUE DEL INGRESO, 2017 - 2021
B9: (En porcentaje)
B11: CONCEPTO | C11: 2017 | D11: 2018 | E11: 2019 | F11: 2020 | G11: 2021
B13: PRODUCTO INTERNO BRUTO | C13: 100 | D13: 100 | E13: 100 | F13: 100 | G13: 100
B15: Remuneración de asalariados | C15: 36.514102 | D15: 37.286689 | E15: 37.616384 | F15: 39.94692 | G15: 36.994129
B16: Impuestos a los productos y a la producción netos de subvenciones | C16: 11.202549 | D16: 10.433291 | E16: 9.0272479 | F16: 8.4049825 | G16: 8.2139623
B17: Excedente de explotación bruto | C17: 32.547043 | D17: 32.579949 | E17: 32.906888 | F17: 31.334758 | G17: 34.039018
B18: Ingreso mixto bruto | C18: 19.736305 | D18: 19.70007 | E18: 20.44948 | F18: 20.31334 | G18: 20.752891
B20: Fuente: Instituto Nacional de Estadística

Sheet 2.4.1
B7: Cuadro N° 2.4.1
B8: BOLIVIA: VALOR AGREGADO BRUTO POR ACTIVIDAD ECONÓMICA, 2017 - 2021
B9: (En millones de bolivianos corrientes)
B11: DIVISIÓN | C11: ACTIVIDADES ECONÓMICAS | D11: 2017 | E11: 2018 | F11: 2019 | G11: 2020 | H11: 2021
C13: VALOR AGREGADO BRUTO | D13: 283630.98 | E13: 301645.83 | F13: 309967.32 | G13: 269516.7 | H13: 305075.84
B14: 01 | C14: Agricultura y actividades de servicios conexos | D14: 13282.608 | E14: 12911.092 | F14: 13237.979 | G14: 14497.501 | H14: 16542.744
B15: 02 | C15: Agricultura de la coca | D15: 1868.7433 | E15: 2318.2666 | F15: 2777.5889 | G15: 2275.6213 | H15: 2217.4128
B16: 03 | C16: Ganadería y actividades de servicios conexos | D16: 8112.2063 | E16: 8437.6665 | F16: 8688.6787 | G16: 9044.4323 | H16: 9231.3177
B17: 04 | C17: Silvicultura, pesca, caza y actividades de servicios conexos | D17: 1100.4985 | E17: 1257.4642 | F17: 1169.806 | G17: 860.1127 | H17: 1155.2615
B18: 05 | C18: Extracción de petróleo crudo y gas natural, actividades de apoyo para la extracción de petróleo y gas natural | D18: 17800.952 | E18: 20441.597 | F18: 19032.728 | G18: 13494.903 | H18: 15011.124
B19: 06 | C19: Extracción minera | D19: 13666.29 | E19: 14639.06 | F19: 15890.599 | G19: 12264.252 | H19: 23303.01
B20: 07 | C20: Elaboración de carnes frescas y elaboradas | D20: 3556.5582 | E20: 3417.9203 | F20: 3388.8299 | G20: 3100.7296 | H20: 3948.6034
B21: 08 | C21: Elaboración de productos lácteos | D21: 678.83582 | E21: 661.03965 | F21: 788.02409 | G21: 750.41943 | H21: 735.73901
B22: 09 | C22: Elaboración de productos de molinería, panadería y beneficiado | D22: 4535.0746 | E22: 4541.1196 | F22: 4671.5212 | G22: 4262.7595 | H22: 4736.5866
B23: 10 | C23: Elaboración azúcar y melazas | D23: 653.04237 | E23: 623.1428 | F23: 626.84419 | G23: 474.32711 | H23: 535.81713
B24: 11 | C24: Elaboración de aceites de origen vegetal y animal; grasas no comestibles de origen animal | D24: 2349.8825 | E24: 2719.8404 | F24: 2253.956 | G24: 2551.1067 | H24: 3831.565
B25: 12 | C25: Elaboración de productos alimenticios diversos | D25: 1133.337 | E25: 1038.0335 | F25: 1075.1063 | G25: 1062.6642 | H25: 1074.3316
... B51: 38 | C51: Actividades comunales, sociales y personales | D51: 7798.4378 | E51: 8033.4985 | F51: 8259.6944 | G51: 7257.0431 | H51: 6990.2264
B52: 39 | C52: Actividades de los hogares como empleadores de personal domestico | D52: 1766.025 | E52: 1890.1721 | F52: 1994.2828 | G52: 1832.113 | H52: 1894.8991
B54: Fuente: Instituto Nacional de Estadística

Sheet 2.4.2
B7: Cuadro N° 2.4.2
B8: BOLIVIA: ESTRUCTURA DEL VALOR AGREGADO BRUTO POR ACTIVIDAD ECONÓMICA, 2017 - 2021
B9: (En porcentaje)
B11: DIVISIÓN | C11: ACTIVIDADES ECONÓMICAS | D11: 2017 | E11: 2018 | F11: 2019 | G11: 2020 | H11: 2021
C13: VALOR AGREGADO BRUTO | D13: 100 | E13: 100 | F13: 100 | G13: 100 | H13: 100
B14: 01 | C14: Agricultura y actividades de servicios conexos | D14: 4.6830595 | E14: 4.2802157 | F14: 4.2707661 | G14: 5.3790732 | H14: 5.4225021
B15: 02 | C15: Agricultura de la coca | D15: 0.65886431 | E15: 0.76853924 | F15: 0.89609088 | G15: 0.84433405 | H15: 0.72683987
B16: 03 | C16: Ganadería y actividades de servicios conexos | D16: 2.860127 | E16: 2.7972097 | F16: 2.8030951 | G16: 3.3557966 | H16: 3.0259091
B17: 04 | C17: Silvicultura, pesca, caza y actividades de servicios conexos | D17: 0.38800361 | E17: 0.41686774 | F17: 0.37739655 | G17: 0.3191315 | H17: 0.37868009
B18: 05 | C18: Extracción de petróleo crudo y gas natural, actividades de apoyo para la extracción de petróleo y gas natural | D18: 6.2760958 | E18: 6.7766879 | F18: 6.1402371 | G18: 5.0070748 | H18: 4.9204566
B19: 06 | C19: Extracción minera | D19: 4.8183346 | E19: 4.8530623 | F19: 5.1265401 | G19: 4.5504609 | H19: 7.638432
B20: 07 | C20: Elaboración de carnes frescas y elaboradas | D20: 1.2539385 | E20: 1.1330905 | F20: 1.0932862 | G20: 1.1504777 | H20: 1.2943022
B21: 08 | C21: Elaboración de productos lácteos | D21: 0.23933768 | E21: 0.2191443 | F21: 0.25422812 | G21: 0.27843151 | H21: 0.24116594
B22: 09 | C22: Elaboración de productos de molinería, panadería y beneficiado | D22: 1.5989349 | E22: 1.5054475 | F22: 1.5071012 | G22: 1.5816309 | H22: 1.5525932
B23: 10 | C23: Elaboración azúcar y melazas | D23: 0.23024366 | E23: 0.20658094 | F23: 0.20222912 | G23: 0.17599173 | H23: 0.17563407
B24: 11 | C24: Elaboración de aceites de origen vegetal y animal; grasas no comestibles de origen animal | D24: 0.82849993 | E24: 0.90166683 | F24: 0.72715922 | G24: 0.94654865 | H24: 1.2559385
B25: 12 | C25: Elaboración de productos alimenticios diversos | D25: 0.39958152 | E25: 0.34412327 | F25: 0.34684503 | G25: 0.3942851 | H25: 0.35215229
... B51: 38 | C51: Actividades comunales, sociales y personales | D51: 2.7495014 | E51: 2.6632221 | F51: 2.6646985 | G51: 2.6926135 | H51: 2.2913078
B52: 39 | C52: Actividades de los hogares como empleadores de personal domestico | D52: 0.62264883 | E52: 0.62661968 | F52: 0.64338486 | G52: 0.67977715 | H52: 0.62112396
B54: Fuente: Instituto Nacional de Estadística

Sheet 2.5.1
B7: Cuadro N° 2.5.1
B8: BOLIVIA: PRODUCTO INTERNO BRUTO POR ACTIVIDAD ECONÓMICA, 2017 - 2021
B9: (En millones de bolivianos corrientes)
B11: CLASIFICACIÓN CUENTAS NACIONALES | C11: SECCIÓN | D11: ACTIVIDADES ECONÓMICAS | E11: 2017 | F11: 2018 | G11: 2019 | H11: 2020 | I11: 2021
B13: B1 g | D13: PRODUCTO INTERNO BRUTO | E13: 317358.6 | F13: 334541.03 | G13: 338981.42 | H13: 292388.25 | I13: 330836.24
B14: D21 - D31 | D14: Impuestos a los productos netos de subvenciones | E14: 33727.62 | F14: 32895.197 | G14: 29014.095 | H14: 22871.55 | I14: 25760.397
B15: B1 g | D15: VALOR AGREGADO BRUTO | E15: 283630.98 | F15: 301645.83 | G15: 309967.32 | H15: 269516.7 | I15: 305075.84
C17: A | D17: Agricultura, ganadería, silvicultura y pesca | E17: 24364.056 | F17: 24924.489 | G17: 25874.053 | H17: 26677.667 | I17: 29146.736
C18: B | D18: Actividad extractiva | E18: 31467.242 | F18: 35080.657 | G18: 34923.327 | H18: 25759.155 | I18: 38314.135
C19: C | D19: Industrias manufactureras | E19: 36713.596 | F19: 37409.365 | G19: 38096.774 | H19: 33211.15 | I19: 39777.04
C20: D+E | D20: Suministro de electricidad, agua y recolección de desechos sólidos | E20: 5125.7688 | F20: 5623.8494 | G20: 6120.5056 | H20: 5794.897 | I20: 6146.4137
C21: F | D21: Construcción | E21: 22486.893 | F21: 23538.05 | G21: 24122.374 | H21: 14985.87 | I21: 17804.857
C22: G | D22: Comercio; reparación de vehículos automotores y motocicletas | E22: 26226.799 | F22: 27527.401 | G22: 28251.345 | H22: 23140.205 | I22: 26761.804
C23: H | D23: Transporte y almacenamiento | E23: 14032.325 | F23: 15002.022 | G23: 15506.037 | H23: 11649.623 | I23: 13868.038
C24: I | D24: Actividades de alojamiento y de servicio de comidas y bebidas | E24: 13773.029 | F24: 15585.548 | G24: 16527.486 | H24: 13054.06 | I24: 15454.886
C25: J | D25: Comunicación e informaciones | E25: 7951.6203 | F25: 7555.4144 | G25: 6818.2928 | H25: 6041.2367 | I25: 6107.197
C26: K | D26: Actividades financieras y de seguros | E26: 14117.701 | F26: 13936.94 | G26: 14737.887 | H26: 14061.661 | I26: 15202.761
C27: L+M+N | D27: Actividades inmobiliarias, empresariales y de alquiler | E27: 32658.861 | F27: 34904.808 | G27: 37423.069 | H27: 33967.938 | I27: 34740.446
C28: O | D28: Administración pública | E28: 15863.046 | F28: 16885.724 | G28: 16803.179 | H28: 16526.786 | I28: 16029.887
... C31: R+S+T | D31: Actividades artísticas, de entretenimiento, recreativas y otros servicios | E31: 9564.4628 | F31: 9923.6706 | G31: 10253.977 | H31: 9089.1561 | I31: 8885.1255
B33: Fuente: Instituto Nacional de Estadística

Sheet 2.5.2
B7: Cuadro N° 2.5.2
B8: BOLIVIA: ESTRUCTURA DEL PRODUCTO INTERNO BRUTO POR ACTIVIDAD ECONÓMICA, 2017 - 2021
B9: (En porcentaje)
B11: CLASIFICACIÓN CUENTAS NACIONALES | C11: SECCIÓN | D11: ACTIVIDADES ECONÓMICAS | E11: 2017 | F11: 2018 | G11: 2019 | H11: 2020 | I11: 2021
B13: B1 g | D13: PRODUCTO INTERNO BRUTO | E13: 100 | F13: 100 | G13: 100 | H13: 100 | I13: 100
B14: D21 - D31 | D14: Impuestos a los productos netos de subvenciones | E14: 10.627605 | F14: 9.8329336 | G14: 8.5591993 | H14: 7.8223217 | I14: 7.7864497
B15: B1 g | D15: VALOR AGREGADO BRUTO | E15: 89.372395 | F15: 90.167066 | G15: 91.440801 | H15: 92.177678 | I15: 92.21355
C17: A | D17: Agricultura, ganadería, silvicultura y pesca | E17: 7.6771374 | F17: 7.4503536 | G17: 7.6328824 | H17: 9.1240557 | I17: 8.8100191
C18: B | D18: Actividad extractiva | E18: 9.9153582 | F18: 10.486205 | G18: 10.302431 | H18: 8.8099146 | I18: 11.580997
C19: C | D19: Industrias manufactureras | E19: 11.568489 | F19: 11.182295 | G19: 11.238602 | H19: 11.358579 | I19: 12.023181
C20: D+E | D20: Suministro de electricidad, agua y recolección de desechos sólidos | E20: 1.6151347 | F20: 1.6810642 | G20: 1.8055579 | H20: 1.9819185 | I20: 1.8578418
C21: F | D21: Construcción | E21: 7.0856414 | F21: 7.0359233 | G21: 7.1161347 | H21: 5.1253323 | I21: 5.3817737
C22: G | D22: Comercio; reparación de vehículos automotores y motocicletas | E22: 8.2640897 | F22: 8.2284081 | G22: 8.3341869 | H22: 7.9142047 | I22: 8.0891393
C23: H | D23: Transporte y almacenamiento | E23: 4.4215992 | F23: 4.4843593 | G23: 4.574303 | H23: 3.9842993 | I23: 4.1918134
C24: I | D24: Actividades de alojamiento y de servicio de comidas y bebidas | E24: 4.3398946 | F24: 4.6587853 | G24: 4.8756319 | H24: 4.4646323 | I24: 4.671461
C25: J | D25: Comunicación e informaciones | E25: 2.5055632 | F25: 2.2584418 | G25: 2.0114061 | H25: 2.0661694 | I25: 1.8459879
C26: K | D26: Actividades financieras y de seguros | E26: 4.4485011 | F26: 4.1659882 | G26: 4.3476977 | H26: 4.8092429 | I26: 4.5952526
C27: L+M+N | D27: Actividades inmobiliarias, empresariales y de alquiler | E27: 10.290838 | F27: 10.43364 | G27: 11.039859 | H27: 11.617408 | I27: 10.500798
C28: O | D28: Administración pública | E28: 4.9984611 | F28: 5.0474298 | G28: 4.9569618 | H28: 5.6523428 | I28: 4.8452635
... C31: R+S+T | D31: Actividades artísticas, de entretenimiento, recreativas y otros servicios | E31: 3.0137714 | F31: 2.9663538 | G31: 3.0249379 | H31: 3.1085914 | I31: 2.6856567
B33: Fuente: Instituto Nacional de Estadística

Sheet 2.6.1
B7: Cuadro N° 2.6.1
B8: BOLIVIA: MEDIDAS DE VOLUMEN ENCADENADAS DEL PRODUCTO INTERNO BRUTO POR EL ENFOQUE DE LA PRODUCCIÓN CON AÑO DE REFERENCIA 2017, 2017 - 2021
B9: (En millones de bolivianos encadenados)
B11: CONCEPTO | C11: 2017 | D11: 2018 | E11: 2019 | F11: 2020 | G11: 2021
B13: PRODUCTO INTERNO BRUTO1 | C13: 317358.6 | D13: 326460.7 | E13: 331379.53 | F13: 289229.8 | G13: 318236.78
B15: Producción | C15: 508044.87 | D15: 523297.01 | E15: 535084.56 | F15: 460192 | G15: 515495.84
B16: Consumo intermedio | C16: 224413.88 | D16: 231854.77 | E16: 238591.09 | F16: 199896.46 | G16: 229224.33
B17: Valor agregado bruto | C17: 283630.98 | D17: 291442.22 | E17: 296534.47 | F17: 260146.78 | G17: 286244.54
B18: Impuesto al valor agregado no deducible | C18: 17345.144 | D18: 18007.284 | E18: 17934.464 | F18: 14474.533 | G18: 16247.302
B19: Otros impuestos a los productos netos de subvenciones | C19: 16382.476 | D19: 17011.188 | E19: 16832.37 | F19: 14288.667 | G19: 15311.313
B21: Fuente: Instituto Nacional de Estadística
B22: (1): La diferencia entre la suma del valor de los componentes y el valor total se explica por la aplicación del método de medidas de volumen encadenadas en el cálculo del valor del PIB en bolivianos encadenados.

Sheet 2.6.2
B7: Cuadro N° 2.6.2
B8: BOLIVIA: INDICES DE VOLUMEN ENCADENADOS DEL PRODUCTO INTERNO BRUTO POR EL ENFOQUE DE LA PRODUCCIÓN, 2017 - 2021
B9: (Referencia 2017=100)
B11: CONCEPTO | C11: 2017 | D11: 2018 | E11: 2019 | F11: 2020 | G11: 2021
B13: PRODUCTO INTERNO BRUTO1 | C13: 100 | D13: 102.86808 | E13: 104.41801 | F13: 91.136587 | G13: 100.27672
B15: Producción | C15: 100 | D15: 103.00213 | E15: 105.3223 | F15: 90.580976 | G15: 101.4666
B16: Consumo intermedio | C16: 100 | D16: 103.3157 | E16: 106.31744 | F16: 89.074909 | G16: 102.14356
B17: Valor agregado bruto | C17: 100 | D17: 102.75402 | E17: 104.54939 | F17: 91.720155 | G17: 100.92146
B18: Impuesto al valor agregado no deducible | C18: 100 | D18: 103.81744 | E18: 103.39761 | F18: 83.450059 | G18: 93.670611
B19: Otros impuestos a los productos netos de subvenciones | C19: 100 | D19: 103.83771 | E19: 102.74619 | F19: 87.219214 | G19: 93.461533
B21: Fuente: Instituto Nacional de Estadística
B22: (1): La diferencia entre la suma del valor de los componentes y el valor total se explica por la aplicación del método de medidas de volumen encadenadas en el cálculo del valor del PIB en bolivianos encadenados.

Sheet 2.6.3
B7: Cuadro N° 2.6.3
B8: BOLIVIA: VARIACIÓN DE LAS MEDIDAS DE VOLUMEN ENCADENADAS DEL PRODUCTO INTERNO BRUTO POR EL ENFOQUE DE LA PRODUCCIÓN CON AÑO DE REFERENCIA 2017, 2017 - 2021
B9: (En porcentaje)
B11: CONCEPTO | C11: 2018 | D11: 2019 | E11: 2020 | F11: 2021
B13: PRODUCTO INTERNO BRUTO1 | C13: 2.8680788 | D13: 1.506715 | E13: -12.719473 | F13: 10.029045
B15: Producción | C15: 3.0021252 | D15: 2.2525548 | E15: -13.996398 | F15: 12.017559
B16: Consumo intermedio | C16: 3.3157019 | D16: 2.9054044 | E16: -16.217971 | F16: 14.671531
B17: Valor agregado bruto | C17: 2.7540161 | D17: 1.7472575 | E17: -12.270983 | F17: 10.031938
B18: Impuesto al valor agregado no deducible | C18: 3.8174371 | D18: -0.40439398 | E18: -19.292078 | F18: 12.247508
B19: Otros impuestos a los productos netos de subvenciones | C19: 3.8377095 | D19: -1.0511753 | E19: -15.111975 | F19: 7.1570455
B21: Fuente: Instituto Nacional de Estadística
B22: (1): La diferencia entre la suma del valor de los componentes y el valor total se explica por la aplicación del método de medidas de volumen encadenadas en el cálculo del valor del PIB en bolivianos encadenados.

Sheet 2.6.4
B7: Cuadro N° 2.6.4
B8: BOLIVIA: CONTRIBUCIÓN A LA VARIACION DE LAS MEDIDAS DE VOLUMEN ENCADENADAS DEL PRODUCTO INTERNO BRUTO POR EL ENFOQUE DE LA PRODUCCIÓN CON AÑO DE REFERENCIA 2017, 2017 - 2021
B9: (En porcentaje)
B11: CONCEPTO | C11: 2018 | D11: 2019 | E11: 2020 | F11: 2021
B13: PRODUCTO INTERNO BRUTO | C13: 2.8680788 | D13: 1.506715 | E13: -12.719473 | F13: 10.029045
B15: Producción | C15: 4.8059649 | D15: 3.6030579 | E15: -22.738506 | F15: 19.365339
B16: Consumo intermedio | C16: 2.3446332 | D16: 2.0276011 | E16: -11.517826 | F16: 10.118128
B17: Valor agregado bruto | C17: 2.4613302 | D17: 1.5754508 | E17: -11.220685 | F17: 9.2472077
B18: Impuesto al valor agregado no deducible | C18: 0.20864094 | D18: -0.021649282 | E18: -0.94761668 | F18: 0.53410107
B19: Otros impuestos a los productos netos de subvenciones | C19: 0.1981077 | D19: -0.047086567 | E19: -0.55117183 | F19: 0.24773581
B21: Fuente: Instituto Nacional de Estadística

Sheet 2.7.1
B7: Cuadro N° 2.7.1
B8: BOLIVIA: MEDIDAS DE VOLUMEN ENCADENADAS DEL PRODUCTO INTERNO BRUTO POR EL ENFOQUE DEL GASTO CON AÑO DE REFERENCIA 2017, 2017 - 2021
B9: (En millones de bolivianos encadenados)
B11: CONCEPTO | C11: 2017 | D11: 2018 | E11: 2019 | F11: 2020 | G11: 2021
B13: PRODUCTO INTERNO BRUTO1 | C13: 317358.61 | D13: 326460.72 | E13: 331379.57 | F13: 289229.85 | G13: 318236.85
B15: Gasto de consumo final de los hogares | C15: 210245.92 | D15: 216849.21 | E15: 220821.84 | F15: 195594.07 | G15: 210954.51
B16: Gasto de consumo final de las ISFLSH2 | C16: 2151.0797 | D16: 2181.7539 | E16: 2338.7236 | F16: 2284.4879 | G16: 2356.0167
B17: Gasto de consumo final de la administración pública | C17: 48224.356 | D17: 49861.186 | E17: 50726.138 | F17: 49615.818 | G17: 51778.545
B18: Variación de existencias | C18: 3306.8218 | D18: 3334.7925 | E18: -1944.4135 | F18: 5075.2761 | G18: 2237.6177
B19: Formación bruta de capital fijo | C19: 73365.902 | D19: 76585.182 | E19: 80103.181 | F19: 47866.956 | G19: 57334.993
B20: Adquisición menos disposición de objetos valiosos | C20: 687.69157 | D20: 717.75743 | E20: 748.00151 | F20: 161.74379 | G20: 63.231466
B21: Exportaciones de bienes y servicios | C21: 62008.275 | D21: 63181.474 | E21: 64092.381 | F21: 48766.449 | G21: 67025.471
B22: Menos importaciones de bienes y servicios | C22: 82631.44 | D22: 86250.632 | E22: 85611.466 | F22: 59808.888 | G22: 73391.83
B24: Fuente: Instituto Nacional de Estadística
B25: (1): La diferencia entre la suma del valor de los componentes y el valor total se explica por la aplicación del método de medidas de volumen encadenadas en el cálculo del valor del PIB en bolivianos encadenados.
B26: (2):Instituciones sin fines de lucro que sirven a los hogares

Sheet 2.7.2
B7: Cuadro N° 2.7.2
B8: BOLIVIA: INDICES DE VOLUMEN ENCADENADAS DEL PRODUCTO INTERNO BRUTO POR EL ENFOQUE DEL GASTO, 2017 - 2021
B9: (Referencia 2017=100)
B11: CONCEPTO | C11: 2017 | D11: 2018 | E11: 2019 | F11: 2020 | G11: 2021
B13: PRODUCTO INTERNO BRUTO1 | C13: 100 | D13: 102.86808 | E13: 104.41802 | F13: 91.136602 | G13: 100.27674
B15: Gasto de consumo final de los hogares | C15: 100 | D15: 103.14074 | E15: 105.03026 | F15: 93.031089 | G15: 100.33703
B16: Gasto de consumo final de las ISFLSH2 | C16: 100 | D16: 101.42599 | E16: 108.72324 | F16: 106.20192 | G16: 109.52717
B17: Gasto de consumo final de la administración pública | C17: 100 | D17: 103.3942 | E17: 105.1878 | F17: 102.88539 | G17: 107.37011
B18: Variación de existencias | C18: 100 | D18: 100.84585 | E18: -58.800069 | F18: 153.47897 | G18: 67.666716
B19: Formación bruta de capital fijo | C19: 100 | D19: 104.38798 | E19: 109.18312 | F19: 65.244145 | G19: 78.149373
B20: Adquisición menos disposición de objetos valiosos | C20: 100 | D20: 104.372 | E20: 108.76991 | F20: 23.519816 | G20: 9.1947421
B21: Exportaciones de bienes y servicios | C21: 100 | D21: 101.892 | E21: 103.36101 | F21: 78.645067 | G21: 108.09117
B22: Menos importaciones de bienes y servicios | C22: 100 | D22: 104.37992 | E22: 103.60641 | F22: 72.380304 | G22: 88.818287
B24: Fuente: Instituto Nacional de Estadística
B25: (1): La diferencia entre la suma del valor de los componentes y el valor total se explica por la aplicación del método de medidas de volumen encadenadas en el cálculo del valor del PIB en bolivianos encadenados.
B26: (2): Instituciones sin fines de lucro que sirven a los hogares

Sheet 2.7.3
B7: Cuadro N° 2.7.3
B8: BOLIVIA: VARIACIÓN DE LAS MEDIDAS DE VOLUMEN ENCADENADAS DEL PRODUCTO INTERNO BRUTO POR EL ENFOQUE DEL GASTO CON AÑO DE REFERENCIA 2017, 2017 - 2021
B9: (En porcentaje)
B11: CONCEPTO | C11: 2018 | D11: 2019 | E11: 2020 | F11: 2021
B13: PRODUCTO INTERNO BRUTO1 | C13: 2.868084 | D13: 1.5067211 | E13: -12.719469 | F13: 10.029049
B15: Gasto de consumo final de los hogares | C15: 3.140743 | D15: 1.8319814 | E15: -11.424491 | F15: 7.8532224
B16: Gasto de consumo final de las ISFLSH2 | C16: 1.4259891 | D16: 7.1946596 | E16: -2.3190317 | F16: 3.1310641
B17: Gasto de consumo final de la administración pública | C17: 3.3941982 | D17: 1.7347194 | E17: -2.1888508 | F17: 4.3589455
B18: Variación de existencias | C18: 4.2364247 | D18: -2.1208361 | E18: -34.190553 | F18: 13.294658
B19: Formación bruta de capital fijo | C19: 4.3879773 | D19: 4.593577 | E19: -40.243377 | F19: 19.779901
B20: Adquisición menos disposición de objetos valiosos | C20: 4.3719984 | D20: 4.2136908 | E20: -78.376542 | F20: -60.906403
B21: Exportaciones de bienes y servicios | C21: 1.8920033 | D21: 1.4417314 | E21: -23.912252 | F21: 37.441769
B22: Menos importaciones de bienes y servicios | C22: 4.3799204 | D22: -0.74105608 | E22: -30.139162 | F22: 22.710573
B24: Fuente: Instituto Nacional de Estadística
B25: (1): La diferencia entre la suma del valor de los componentes y el valor total se explica por la aplicación del método de medidas de volumen encadenadas en el cálculo del valor del PIB en bolivianos encadenados.
B26: (2): Instituciones sin fines de lucro que sirven a los hogares

Sheet 2.7.4
B7: Cuadro N° 2.7.4
B8: BOLIVIA: CONTRIBUCIÓN A LA VARIACIÓN DE LAS MEDIDAS DE VOLUMEN ENCADENADAS DEL PRODUCTO INTERNO BRUTO POR EL ENFOQUE DEL GASTO CON AÑO DE REFERENCIA 2017, 2017 - 2021
B9: (En porcentaje)
B11: CONCEPTO | C11: 2018 | D11: 2019 | E11: 2020 | F11: 2021
B13: PRODUCTO INTERNO BRUTO | C13: 2.868084 | D13: 1.5067211 | E13: -12.719469 | F13: 10.029049
B15: Gasto de consumo final de los hogares | C15: 2.0807011 | D15: 1.1988044 | E15: -7.5621851 | F15: 5.2681385
B16: Gasto de consumo final de las ISFLSH1 | C16: 0.0096654577 | D16: 0.048258012 | E16: -0.01659683 | F16: 0.025531253
B17: Gasto de consumo final de la administración pública | C17: 0.51576676 | D17: 0.27891256 | E17: -0.35273879 | F17: 0.811054
B18: Variación de existencias | C18: 0.0088136135 | D18: -1.5671443 | E18: 1.6520267 | F18: -0.78263277
B19: Formación bruta de capital fijo | C19: 1.0143979 | D19: 1.0484058 | E19: -9.2214499 | F19: 3.1239842
B20: Adquisición menos disposición de objetos valiosos | C20: 0.0094737824 | D20: 0.0091122777 | E20: -0.19265754 | F20: -0.045583875
B21: Exportaciones de bienes y servicios | C21: 0.36967601 | D21: 0.29346528 | E21: -4.7937943 | F21: 6.3170829
B22: Menos importaciones de bienes y servicios | C22: 1.1404106 | D22: -0.19690702 | E22: -7.7679268 | F22: 4.6885254
B24: Fuente: Instituto Nacional de Estadística
B25: (1): Instituciones sin fines de lucro que sirven a los hogares

Sheet 2.8.1
B7: Cuadro N° 2.8.1
B8: BOLIVIA: MEDIDAS DE VOLUMEN ENCADENADAS DEL VALOR AGREGADO BRUTO POR ACTIVIDAD ECONÓMICA CON AÑO DE REFERENCIA 2017, 2017 - 2021
B9: (En millones de bolivianos encadenados)
B11: DIVISIÓN | C11: CONCEPTO | D11: 2017 | E11: 2018 | F11: 2019 | G11: 2020 | H11: 2021
C13: VALOR AGREGADO BRUTO1 | D13: 283630.98 | E13: 291442.22 | F13: 296534.47 | G13: 260146.78 | H13: 286244.54
B14: 01 | C14: Agricultura y actividades de servicios conexos | D14: 13282.608 | E14: 13635.618 | F14: 14105.124 | G14: 14772.487 | H14: 15189.399
B15: 02 | C15: Agricultura de la coca | D15: 1868.7433 | E15: 1766.964 | F15: 1957.012 | G15: 2258.225 | H15: 2374.8209
B16: 03 | C16: Ganadería y actividades de servicios conexos | D16: 8112.2063 | E16: 8427.9797 | F16: 8513.7976 | G16: 8842.6021 | H16: 9009.2857
B17: 04 | C17: Silvicultura, pesca, caza y actividades de servicios conexos | D17: 1100.4985 | E17: 1249.4665 | F17: 1259.5106 | G17: 1072.6662 | H17: 1313.2575
B18: 05 | C18: Extracción de petróleo crudo y gas natural, actividades de apoyo para la extracción de petróleo y gas natural | D18: 17800.952 | E18: 16595.911 | F18: 14758.223 | G18: 14037.566 | H18: 14142.594
B19: 06 | C19: Extracción minera | D19: 13666.29 | E19: 14669.303 | F19: 16327.115 | G19: 10966.364 | H19: 16683.646
B20: 07 | C20: Elaboración de carnes frescas y elaboradas | D20: 3556.5582 | E20: 3681.8531 | F20: 3761.9134 | G20: 3717.1126 | H20: 3856.8758
B21: 08 | C21: Elaboración de productos lácteos | D21: 678.83582 | E21: 689.31903 | F21: 704.71244 | G21: 671.73559 | H21: 687.29677
B22: 09 | C22: Elaboración de productos de molinería, panadería y beneficiado | D22: 4535.0746 | E22: 4700.2971 | F22: 4793.117 | G22: 4714.9109 | H22: 4571.408
B23: 10 | C23: Elaboración azúcar y melazas | D23: 653.04237 | E23: 629.72337 | F23: 662.54382 | G23: 651.69696 | H23: 635.0166
B24: 11 | C24: Elaboración de aceites de origen vegetal y animal; grasas no comestibles de origen animal | D24: 2349.8825 | E24: 2427.4564 | F24: 2411.7559 | G24: 2425.2344 | H24: 2739.6184
B25: 12 | C25: Elaboración de productos alimenticios diversos | D25: 1133.337 | E25: 1133.7065 | F25: 1140.0147 | G25: 1007.711 | H25: 1023.9525
... B51: 38 | C51: Actividades comunales, sociales y personales | D51: 7798.4378 | E51: 7988.7942 | F51: 7963.4772 | G51: 6803.3766 | H51: 6509.7821
B52: 39 | C52: Actividades de los hogares como empleadores de personal domestico | D52: 1766.025 | E52: 1791.9502 | F52: 1817.9335 | G52: 1670.1039 | H52: 1693.4687
B54: Fuente: Instituto Nacional de Estadística
B55: (1): La diferencia entre la suma del valor de los componentes y el valor total se explica por la aplicación del método de medidas de volumen encadenadas.

Sheet 2.8.2
B7: Cuadro N° 2.8.2
B8: BOLIVIA: INDICES DE VOLUMEN ENCADENADAS DEL VALOR AGREGADO BRUTO POR ACTIVIDAD ECONÓMICA, 2017 - 2021
B9: (Referencia 2017=100)
B11: DIVISIÓN | C11: CONCEPTO | D11: 2017 | E11: 2018 | F11: 2019 | G11: 2020 | H11: 2021
C13: VALOR AGREGADO BRUTO1 | D13: 100 | E13: 102.75402 | F13: 104.54939 | G13: 91.720155 | H13: 100.92146
B14: 01 | C14: Agricultura y actividades de servicios conexos | D14: 100 | E14: 102.65769 | F14: 106.19243 | G14: 111.21677 | H14: 114.35555
B15: 02 | C15: Agricultura de la coca | D15: 100 | E15: 94.553597 | F15: 104.72343 | G15: 120.8419 | H15: 127.08117
B16: 03 | C16: Ganadería y actividades de servicios conexos | D16: 100 | E16: 103.89257 | F16: 104.95046 | G16: 109.00366 | H16: 111.05839
B17: 04 | C17: Silvicultura, pesca, caza y actividades de servicios conexos | D17: 100 | E17: 113.53641 | F17: 114.4491 | G17: 97.470938 | H17: 119.33297
B18: 05 | C18: Extracción de petróleo crudo y gas natural, actividades de apoyo para la extracción de petróleo y gas natural | D18: 100 | E18: 93.230466 | F18: 82.906928 | G18: 78.858512 | H18: 79.448527
B19: 06 | C19: Extracción minera | D19: 100 | E19: 107.33932 | F19: 119.46999 | G19: 80.243904 | H19: 122.07883
B20: 07 | C20: Elaboración de carnes frescas y elaboradas | D20: 100 | E20: 103.52293 | F20: 105.77399 | G20: 104.51432 | H20: 108.44405
B21: 08 | C21: Elaboración de productos lácteos | D21: 100 | E21: 101.54429 | F21: 103.81191 | G21: 98.954059 | H21: 101.24639
B22: 09 | C22: Elaboración de productos de molinería, panadería y beneficiado | D22: 100 | E22: 103.64321 | F22: 105.68993 | G22: 103.96545 | H22: 100.80116
B23: 10 | C23: Elaboración azúcar y melazas | D23: 100 | E23: 96.429176 | F23: 101.45495 | G23: 99.793979 | H23: 97.239724
B24: 11 | C24: Elaboración de aceites de origen vegetal y animal; grasas no comestibles de origen animal | D24: 100 | E24: 103.30118 | F24: 102.63304 | G24: 103.20663 | H24: 116.58534
B25: 12 | C25: Elaboración de productos alimenticios diversos | D25: 100 | E25: 100.0326 | F25: 100.58921 | G25: 88.91539 | H25: 90.34846
... B51: 38 | C51: Actividades comunales, sociales y personales | D51: 100 | E51: 102.44096 | F51: 102.11631 | G51: 87.24025 | H51: 83.475463
B52: 39 | C52: Actividades de los hogares como empleadores de personal domestico | D52: 100 | E52: 101.468 | F52: 102.93929 | G52: 94.568533 | H52: 95.891547
B54: Fuente: Instituto Nacional de Estadística
B55: (1): La diferencia entre la suma del valor de los componentes y el valor total se explica por la aplicación del método de medidas de volumen encadenadas.

Sheet 2.8.3
B7: Cuadro N° 2.8.3
B8: BOLIVIA: VARIACIÓN DE LAS MEDIDAS DE VOLUMEN ENCADENADAS DEL PRODUCTO INTERNO BRUTO POR ACTIVIDAD ECONÓMICA CON AÑO DE REFERENCIA 2017, 2017 - 2021
B9: (En porcentaje)
B11: DIVISIÓN | C11: CONCEPTO | D11: 2018 | E11: 2019 | F11: 2020 | G11: 2021
C13: VALOR AGREGADO BRUTO1 | D13: 2.7540161 | E13: 1.7472575 | F13: -12.270983 | G13: 10.031938
B14: 01 | C14: Agricultura y actividades de servicios conexos | D14: 2.6576868 | E14: 3.4432302 | F14: 4.7313581 | G14: 2.8222155
B15: 02 | C15: Agricultura de la coca | D15: -5.4464034 | E15: 10.755625 | F15: 15.391471 | G15: 5.1631682
B16: 03 | C16: Ganadería y actividades de servicios conexos | D16: 3.8925708 | E16: 1.0182501 | F16: 3.8620194 | G16: 1.8850069
B17: 04 | C17: Silvicultura, pesca, caza y actividades de servicios conexos | D17: 13.536415 | E17: 0.80386822 | F17: -14.834682 | G17: 22.429286
B18: 05 | C18: Extracción de petróleo crudo y gas natural, actividades de apoyo para la extracción de petróleo y gas natural | D18: -6.7695344 | E18: -11.073137 | F18: -4.8830861 | G18: 0.74819517
B19: 06 | C19: Extracción minera | D19: 7.3393214 | E19: 11.301238 | F19: -32.833424 | G19: 52.134708
B20: 07 | C20: Elaboración de carnes frescas y elaboradas | D20: 3.5229263 | E20: 2.1744572 | F20: -1.1909048 | G20: 3.7599934
B21: 08 | C21: Elaboración de productos lácteos | D21: 1.5442926 | E21: 2.2331328 | F21: -4.6794752 | G21: 2.3165624
B22: 09 | C22: Elaboración de productos de molinería, panadería y beneficiado | D22: 3.6432138 | E22: 1.9747666 | F22: -1.6316334 | G22: -3.0435961
B23: 10 | C23: Elaboración azúcar y melazas | D23: -3.570824 | E23: 5.2118841 | F23: -1.6371539 | G23: -2.559528
B24: 11 | C24: Elaboración de aceites de origen vegetal y animal; grasas no comestibles de origen animal | D24: 3.3011831 | E24: -0.64678994 | F24: 0.55886977 | G24: 12.963034
B25: 12 | C25: Elaboración de productos alimenticios diversos | D25: 0.032604131 | E25: 0.55642293 | F25: -11.605438 | G25: 1.6117235
... B51: 38 | C51: Actividades comunales, sociales y personales | D51: 2.4409553 | E51: -0.31690639 | F51: -14.567764 | G51: -4.3154241
B52: 39 | C52: Actividades de los hogares como empleadores de personal domestico | D52: 1.468 | E52: 1.45 | F52: -8.1317376 | G52: 1.399
B54: Fuente: Instituto Nacional de Estadística
B55: (1): La diferencia entre la suma del valor de los componentes y el valor total se explica por la aplicación del método de medidas de volumen encadenadas.

Sheet 2.8.4
B7: Cuadro N° 2.8.4
B8: BOLIVIA: CONTRIBUCIÓN A LA VARIACIÓN DE LAS MEDIDAS DE VOLUMEN ENCADENADAS DEL PRODUCTO INTERNO BRUTO POR ACTIVIDAD ECONÓMICA CON AÑO DE REFERENCIA 2017, 2017 - 2021
B9: (En porcentaje)
B11: DIVISIÓN | C11: CONCEPTO | D11: 2018 | E11: 2019 | F11: 2020 | G11: 2021
C13: VALOR AGREGADO BRUTO | D13: 2.4613302 | E13: 1.5754508 | F13: -11.220685 | G13: 9.2472077
B14: 01 | C14: Agricultura y actividades de servicios conexos | D14: 0.11123383 | E14: 0.13288613 | F14: 0.18477007 | G14: 0.13993405
B15: 02 | C15: Agricultura de la coca | D15: -0.032070755 | E15: 0.074533175 | F15: 0.12611659 | G15: 0.040184293
B16: 03 | C16: Ganadería y actividades de servicios conexos | D16: 0.099500493 | E16: 0.025681917 | F16: 0.098990223 | G16: 0.058308831
B17: 04 | C17: Silvicultura, pesca, caza y actividades de servicios conexos | D17: 0.046939971 | E17: 0.0030215591 | F17: -0.051193662 | G17: 0.065979784
B18: 05 | C18: Extracción de petróleo crudo y gas natural, actividades de apoyo para la extracción de petróleo y gas natural | D18: -0.37970976 | E18: -0.6766064 | F18: -0.27416975 | G18: 0.03453224
B19: 06 | C19: Extracción minera | D19: 0.31605034 | E19: 0.49452679 | F19: -1.5391486 | G19: 2.1867951
B20: 07 | C20: Elaboración de carnes frescas y elaboradas | D20: 0.039480551 | E20: 0.022215874 | F20: -0.01190559 | G20: 0.039874115
B21: 08 | C21: Elaboración de productos lácteos | D21: 0.00330327 | E21: 0.0044125807 | F21: -0.010878293 | G21: 0.0059454968
B22: 09 | C22: Elaboración de productos de molinería, panadería y beneficiado | D22: 0.052061757 | E22: 0.026805834 | F22: -0.022485628 | G22: -0.044372912
B23: 10 | C23: Elaboración azúcar y melazas | D23: -0.0073478373 | E23: 0.009708071 | F23: -0.0030274238 | G23: -0.0041521967
B24: 11 | C24: Elaboración de aceites de origen vegetal y animal; grasas no comestibles de origen animal | D24: 0.024443618 | E24: -0.0052584445 | F24: 0.0037160381 | G24: 0.11310332
B25: 12 | C25: Elaboración de productos alimenticios diversos | D25: 0.00011643443 | E25: 0.0017265016 | F25: -0.036807562 | G25: 0.0058576938
... B51: 38 | C51: Actividades comunales, sociales y personales | D51: 0.059981478 | E51: -0.0076100292 | F51: -0.35496128 | G51: -0.10710833
B52: 39 | C52: Actividades de los hogares como empleadores de personal domestico | D52: 0.0081690702 | E52: 0.0081925665 | F52: -0.047840335 | G52: 0.0087661731
B54: Fuente: Instituto Nacional de Estadística

Sheet 2.9.1
B7: Cuadro N° 2.9.1
B8: BOLIVIA: MEDIDAS DE VOLUMEN ENCADENADAS DEL PRODUCTO INTERNO BRUTO POR ACTIVIDAD ECONÓMICA CON AÑO DE REFERENCIA 2017, 2017 - 2021
B9: (En millones de bolivianos encadenados)
B11: CLASIFICACIÓN CUENTAS NACIONALES | C11: SECCIÓN | D11: ACTIVIDADES ECONÓMICAS | E11: 2017 | F11: 2018 | G11: 2019 | H11: 2020 | I11: 2021
B13: B1 g | D13: PRODUCTO INTERNO BRUTO1 | E13: 317358.6 | F13: 326460.7 | G13: 331379.53 | H13: 289229.8 | I13: 318236.78
B14: D21 - D31 | D14: Impuestos a los productos netos de subvenciones | E14: 33727.62 | F14: 35018.472 | G14: 34773.68 | H14: 28684.513 | I14: 31551.515
B15: B1 g | D15: VALOR AGREGADO BRUTO | E15: 283630.98 | F15: 291442.22 | G15: 296534.47 | H15: 260146.78 | I15: 286244.54
C17: A | D17: Agricultura, ganadería, silvicultura y pesca | E17: 24364.056 | F17: 25080.028 | G17: 25874.885 | H17: 27090.794 | I17: 27994.627
C18: B | D18: Actividad extractiva | E18: 31467.242 | F18: 31265.213 | G18: 30722.333 | H18: 25314.932 | I18: 31697.826
C19: C | D19: Industrias manufactureras | E19: 36713.596 | F19: 37824.493 | G19: 38769.052 | H19: 33205.169 | I19: 37179.478
C20: D+E | D20: Suministro de electricidad, agua y recolección de desechos sólidos | E20: 5125.7688 | F20: 5398.3952 | G20: 5803.1617 | H20: 5509.5957 | I20: 6034.6385
C21: F | D21: Construcción | E21: 22486.893 | F21: 23714.367 | G21: 24275.895 | H21: 15436.92 | I21: 19022.971
C22: G | D22: Comercio; reparación de vehículos automotores y motocicletas | E22: 26226.799 | F22: 27076.995 | G22: 27377.082 | H22: 22448.738 | I22: 25935.852
C23: H | D23: Transporte y almacenamiento | E23: 14032.325 | F23: 14559.442 | G23: 14556.243 | H23: 10683.912 | I23: 13004.466
C24: I | D24: Actividades de alojamiento y de servicio de comidas y bebidas | E24: 13773.029 | F24: 14310.061 | G24: 14473.995 | H24: 10614.438 | I24: 12747.643
C25: J | D25: Comunicación e informaciones | E25: 7951.6203 | F25: 8115.686 | G25: 8115.4801 | H25: 7695.0202 | I25: 7821.6622
C26: K | D26: Actividades financieras y de seguros | E26: 14117.701 | F26: 14396.162 | G26: 14894.772 | H26: 14387.006 | I26: 14336.446
C27: L+M+N | D27: Actividades inmobiliarias, empresariales y de alquiler | E27: 32658.861 | F27: 33753.483 | G27: 35303.918 | H27: 32981.335 | I27: 34557.545
C28: O | D28: Administración pública | E28: 15863.046 | F28: 14964.933 | G28: 15374.562 | H28: 14181.876 | I28: 14705.85
... C31: R+S+T | D31: Actividades artísticas, de entretenimiento, recreativas y otros servicios | E31: 9564.4628 | F31: 9780.7444 | G31: 9782.6652 | H31: 8480.0026 | I31: 8211.7326
B33: Fuente: Instituto Nacional de Estadística
B34: (1): La diferencia entre la suma del valor de los componentes y el valor total se explica por la aplicación del método de medidas de volumen encadenadas en el cálculo del valor del PIB en bolivianos encadenados.

Sheet 2.9.2
B7: Cuadro N° 2.9.2
B8: BOLIVIA: INDICES DE VOLUMEN ENCADENADAS DEL PRODUCTO INTERNO BRUTO POR ACTIVIDAD ECONÓMICA CON AÑO DE REFERENCIA 2017, 2017 - 2021
B9: (Referencia 2017=100)
B11: CLASIFICACIÓN CUENTAS NACIONALES | C11: SECCIÓN | D11: ACTIVIDADES ECONÓMICAS | E11: 2017 | F11: 2018 | G11: 2019 | H11: 2020 | I11: 2021
B13: B1 g | D13: PRODUCTO INTERNO BRUTO1 | E13: 100 | F13: 102.86808 | G13: 104.41801 | H13: 91.136587 | I13: 100.27672
B14: D21 - D31 | D14: Impuestos a los productos netos de subvenciones | E14: 100 | F14: 103.82728 | G14: 103.10149 | H14: 85.047546 | I14: 93.548002
B15: B1 g | D15: VALOR AGREGADO BRUTO | E15: 100 | F15: 102.75402 | G15: 104.54939 | H15: 91.720155 | I15: 100.92146
C17: A | D17: Agricultura, ganadería, silvicultura y pesca | E17: 100 | F17: 102.93864 | G17: 106.20106 | H17: 111.19164 | I17: 114.90134
C18: B | D18: Actividad extractiva | E18: 100 | F18: 99.357972 | G18: 97.632747 | H18: 80.448526 | I18: 100.73278
C19: C | D19: Industrias manufactureras | E19: 100 | F19: 103.02585 | G19: 105.59862 | H19: 90.443794 | I19: 101.26896
C20: D+E | D20: Suministro de electricidad, agua y recolección de desechos sólidos | E20: 100 | F20: 105.31874 | G20: 113.21544 | H20: 107.48818 | I20: 117.73138
C21: F | D21: Construcción | E21: 100 | F21: 105.45862 | G21: 107.95576 | H21: 68.648526 | I21: 84.595818
C22: G | D22: Comercio; reparación de vehículos automotores y motocicletas | E22: 100 | F22: 103.24171 | G22: 104.38591 | H22: 85.594654 | I22: 98.890648
C23: H | D23: Transporte y almacenamiento | E23: 100 | F23: 103.75644 | G23: 103.73364 | H23: 76.13786 | I23: 92.675057
C24: I | D24: Actividades de alojamiento y de servicio de comidas y bebidas | E24: 100 | F24: 103.89916 | G24: 105.08942 | H24: 77.066838 | I24: 92.555116
C25: J | D25: Comunicación e informaciones | E25: 100 | F25: 102.0633 | G25: 102.06071 | H25: 96.772984 | I25: 98.365641
C26: K | D26: Actividades financieras y de seguros | E26: 100 | F26: 101.97243 | G26: 105.50423 | H26: 101.90757 | I26: 101.54944
C27: L+M+N | D27: Actividades inmobiliarias, empresariales y de alquiler | E27: 100 | F27: 103.35169 | G27: 108.09905 | H27: 100.9874 | I27: 105.81369
C28: O | D28: Administración pública | E28: 100 | F28: 94.338328 | G28: 96.920613 | H28: 89.401969 | I28: 92.705085
... C31: R+S+T | D31: Actividades artísticas, de entretenimiento, recreativas y otros servicios | E31: 100 | F31: 102.2613 | G31: 102.28139 | H31: 88.661567 | I31: 85.856705
B33: Fuente: Instituto Nacional de Estadística
B34: (1): La diferencia entre la suma del valor de los componentes y el valor total se explica por la aplicación del método de medidas de volumen encadenadas en el cálculo del valor del PIB en bolivianos encadenados.

Sheet 2.9.3
B7: Cuadro N° 2.9.3
B8: BOLIVIA: VARIACIÓN DE LAS MEDIDAS DE VOLUMEN ENCADENADAS DEL PRODUCTO INTERNO BRUTO POR ACTIVIDAD ECONÓMICA CON AÑO DE REFERENCIA 2017, 2017 - 2021
B9: (En porcentaje)
B11: CLASIFICACIÓN CUENTAS NACIONALES | C11: SECCIÓN | D11: ACTIVIDADES ECONÓMICAS | E11: 2018 | F11: 2019 | G11: 2020 | H11: 2021
B13: B1 g | D13: PRODUCTO INTERNO BRUTO1 | E13: 2.8680788 | F13: 1.506715 | G13: -12.719473 | H13: 10.029045
B14: D21 - D31 | D14: Impuestos a los productos netos de subvenciones | E14: 3.827284 | F14: -0.69903705 | G14: -17.51085 | H14: 9.9949467
B15: B1 g | D15: VALOR AGREGADO BRUTO | E15: 2.7540161 | F15: 1.7472575 | G15: -12.270983 | H15: 10.031938
C17: A | D17: Agricultura, ganadería, silvicultura y pesca | E17: 2.9386414 | F17: 3.1692829 | G17: 4.6991844 | H17: 3.3363119
C18: B | D18: Actividad extractiva | E18: -0.64202848 | F18: -1.7363728 | G18: -17.600878 | H18: 25.213949
C19: C | D19: Industrias manufactureras | E19: 3.025846 | F19: 2.4972154 | G19: -14.351351 | H19: 11.968946
C20: D+E | D20: Suministro de electricidad, agua y recolección de desechos sólidos | E20: 5.3187411 | F20: 7.4979042 | G20: -5.0587246 | H20: 9.5296066
C21: F | D21: Construcción | E21: 5.458623 | F21: 2.3678812 | G21: -36.410501 | H21: 23.230349
C22: G | D22: Comercio; reparación de vehículos automotores y motocicletas | E22: 3.2417062 | F22: 1.1082731 | G22: -18.001714 | H22: 15.533672
C23: H | D23: Transporte y almacenamiento | E23: 3.756443 | F23: -0.021972662 | G23: -26.60254 | H23: 21.720071
C24: I | D24: Actividades de alojamiento y de servicio de comidas y bebidas | E24: 3.8991556 | F24: 1.1455911 | G24: -26.665461 | H24: 20.097202
C25: J | D25: Comunicación e informaciones | E25: 2.0632987 | F25: -0.0025361562 | G25: -5.1809619 | H25: 1.6457661
C26: K | D26: Actividades financieras y de seguros | E26: 1.9724252 | F26: 3.4634936 | G26: -3.4090259 | H26: -0.3514277
C27: L+M+N | D27: Actividades inmobiliarias, empresariales y de alquiler | E27: 3.3516853 | F27: 4.5934083 | G27: -6.5788237 | H27: 4.7790946
C28: O | D28: Administración pública | E28: -5.6616721 | F28: 2.73726 | G28: -7.7575286 | H28: 3.6946789
... C31: R+S+T | D31: Actividades artísticas, de entretenimiento, recreativas y otros servicios | E31: 2.2613045 | F31: 0.019638158 | G31: -13.316029 | H31: -3.1635602
B33: Fuente: Instituto Nacional de Estadística
B34: (1): La diferencia entre la suma del valor de los componentes y el valor total se explica por la aplicación del método de medidas de volumen encadenadas en el cálculo del valor del PIB en bolivianos encadenados.

Sheet 2.9.4
B7: Cuadro N° 2.9.4
B8: BOLIVIA: CONTRIBUCIÓN A LA VARIACIÓN DE LAS MEDIDAS DE VOLUMEN ENCADENADAS DEL PRODUCTO INTERNO BRUTO POR ACTIVIDAD ECONÓMICA CON AÑO DE REFERENCIA 2017, 2017 - 2021
B9: (En porcentaje)
B11: CLASIFICACIÓN CUENTAS NACIONALES | C11: SECCIÓN | D11: ACTIVIDADES ECONÓMICAS | E11: 2018 | F11: 2019 | G11: 2020 | H11: 2021
B13: B1 g | D13: PRODUCTO INTERNO BRUTO | E13: 2.8680788 | F13: 1.506715 | G13: -12.719473 | H13: 10.029045
B14: D21 - D31 | D14: Impuestos a los productos netos de subvenciones | E14: 0.40674864 | F14: -0.068735849 | G14: -1.4987885 | H14: 0.78183689
B15: B1 g | D15: VALOR AGREGADO BRUTO | E15: 2.4613302 | F15: 1.5754508 | G15: -11.220685 | H15: 9.2472077
C17: A | D17: Agricultura, ganadería, silvicultura y pesca | E17: 0.22560353 | F17: 0.23612278 | G17: 0.35868322 | H17: 0.30440695
C18: B | D18: Actividad extractiva | E18: -0.063659424 | F18: -0.18207961 | G18: -1.8133184 | H18: 2.2213274
C19: C | D19: Industrias manufactureras | E19: 0.35004467 | F19: 0.279246 | G19: -1.6128913 | H19: 1.3595022
C20: D+E | D20: Suministro de electricidad, agua y recolección de desechos sólidos | E20: 0.085904832 | F20: 0.12604458 | G20: -0.091338199 | H20: 0.18886904
C21: F | D21: Construcción | E21: 0.38677845 | F21: 0.16660231 | G21: -2.5910203 | H21: 1.1906326
C22: G | D22: Comercio; reparación de vehículos automotores y motocicletas | E22: 0.26789751 | F22: 0.091193232 | G22: -1.5002965 | H22: 1.2293666
C23: H | D23: Transporte y almacenamiento | E23: 0.16609485 | F23: -0.00098533309 | G23: -1.2168808 | H23: 0.86539261
C24: I | D24: Actividades de alojamiento y de servicio de comidas y bebidas | E24: 0.16921924 | F24: 0.053370629 | G24: -1.3001097 | H24: 0.89726616
C25: J | D25: Comunicación e informaciones | E25: 0.051697252 | F25: -5.727761e-05 | G25: -0.10421018 | H25: 0.034004316
C26: K | D26: Actividades financieras y de seguros | E26: 0.087743356 | F26: 0.14428874 | G26: -0.14821414 | H26: -0.016901012
C27: L+M+N | D27: Actividades inmobiliarias, empresariales y de alquiler | E27: 0.34491651 | F27: 0.4792597 | G27: -0.72629283 | H27: 0.55520693
C28: O | D28: Administración pública | E28: -0.28299648 | F28: 0.13816128 | G28: -0.38453773 | H28: 0.20883591
... C31: R+S+T | D31: Actividades artísticas, de entretenimiento, recreativas y otros servicios | E31: 0.068150548 | F31: 0.00058253726 | G31: -0.40280162 | H31: -0.098342161
B33: Fuente: Instituto Nacional de Estadística

Sheet 2.10.1
B7: Cuadro N° 2.10.1
B8: BOLIVIA: GASTO DE CONSUMO FINAL DE LOS HOGARES POR FINALIDAD, 2017-2021
B9: (En millones de bolivianos corrientes)
B11: CLASIFICADOR DEL CONSUMO INDIVIDUAL1 | D11: GRUPO DE PRODUCTOS | E11: 2017 | F11: 2018 | G11: 2019 | H11: 2020 | I11: 2021
D14: GASTO DE CONSUMO FINAL DE LOS HOGARES EN EL TERRITORIO ECONÓMICO | E14: 210691.29 | F14: 219051.29 | G14: 224523.63 | H14: 196060.47 | I14: 215220.04
D15: Compras directas en el exterior por residentes | E15: 1577.6714 | F15: 1524.0089 | G15: 1686.4828 | H15: 407.07054 | I15: 14.36482
D16: Compras directas en el mercado interno por no residentes | E16: 2023.0445 | F16: 1659.7444 | G16: 1828.9963 | H16: 326.17285 | I16: 72.591245
D17: GASTO DE CONSUMO FINAL DE LOS HOGARES RESIDENTES | E17: 210245.92 | F17: 218915.55 | G17: 224381.12 | H17: 196141.37 | I17: 215161.81
B18: 01 | D18: ALIMENTOS Y BEBIDAS NO ALCOHÓLICAS | E18: 51901.548 | F18: 53085.282 | G18: 54444.211 | H18: 56442.713 | I18: 57567.794
C19: 011 | D19: Alimentos | E19: 48238.926 | F19: 49074.36 | G19: 50469.565 | H19: 52344.128 | I19: 53357.125
C20: 012 | D20: Bebidas no alcohólicas | E20: 3662.6216 | F20: 4010.922 | G20: 3974.646 | H20: 4098.5857 | I20: 4210.6688
B21: 02 | D21: BEBIDAS ALCOHÓLICAS, TABACO Y ESTUPEFACIENTES | E21: 2817.74 | F21: 3010.5252 | G21: 2984.8835 | H21: 2803.8763 | I21: 2997.1618
C22: 021 | D22: Bebidas alcohólicas consumidas en el hogar | E22: 2022.2028 | F22: 2145.7709 | G22: 2102.7069 | H22: 2146.8871 | I22: 2278.0029
C23: 022 | D23: Tabaco | E23: 795.5371 | F23: 864.75426 | G23: 882.17657 | H23: 656.98922 | I23: 719.15889
C24: 023 | D24: Estupefacientes
B25: 03 | D25: PRENDAS DE VESTIR Y CALZADO | E25: 9109.6098 | F25: 9073.4116 | G25: 9256.274 | H25: 5917.9368 | I25: 7963.0827
C26: 031 | D26: Prendas de vestir | E26: 6501.8127 | F26: 6447.4185 | G26: 6569.8577 | H26: 4311.9916 | I26: 5871.982
C27: 032 | D27: Calzado | E27: 2607.7971 | F27: 2625.9931 | G27: 2686.4163 | H27: 1605.9452 | I27: 2091.1007
B28: 04 | D28: PRENDAS DE VESTIR Y CALZADO | E28: 27518.236 | F28: 29362.709 | G28: 31272.776 | H28: 30299.608 | I28: 30223.649
C29: 041 | D29: Alquileres efectivos por alojamiento | E29: 1542.7679 | F29: 1634.8213 | G29: 1653.3183 | H29: 1407.2265 | I29: 1421.4573
C30: 042 | D30: Alquileres imputados del alojamiento | E30: 20904.179 | F30: 22436.818 | G30: 24095.946 | H30: 23378.657 | I30: 23237.749
C31: 043 | D31: Conservación y reparación de la vivienda | E31: 1307.4783 | F31: 1304.1266 | G31: 1307.4786 | H31: 1011.5758 | I31: 1144.3641
C32: 044 | D32: Suministro de agua y servicios diversos relacionados con la vivienda | E32: 660.5102 | F32: 652.41106 | G32: 704.18638 | H32: 825.60935 | I32: 808.44968
C33: 045 | D33: Electricidad, gas y otros combustibles | E33: 3103.3003 | F33: 3334.5325 | G33: 3511.8472 | H33: 3676.5392 | I33: 3611.6291
B34: 05 | D34: MUEBLES, ARTÍCULOS PARA EL HOGAR Y PARA LA CONSERVACIÓN ORDINARIA DEL HOGAR | E34: 12747.828 | F34: 13055.489 | G34: 13354.705 | H34: 11170.962 | I34: 12517.392
C35: 051 | D35: Muebles y accesorios, alfombras y otros materiales para pisos | E35: 4526.1072 | F35: 4580.6849 | G35: 4634.7985 | H35: 3769.1065 | I35: 4215.8207
C36: 052 | D36: Productos textiles para el hogar | E36: 946.99692 | F36: 959.2327 | G36: 925.17729 | H36: 733.02428 | I36: 848.24097
C37: 053 | D37: Artefactos para el hogar | E37: 930.19119 | F37: 946.03247 | G37: 998.25275 | H37: 665.5222 | I37: 772.05961
C38: 054 | D38: Artículos de vidrio y cristal, vajilla y utensilios para el hogar | E38: 24.458436 | F38: 26.110745 | G38: 26.210867 | H38: 26.325299 | I38: 187.56928
C39: 055 | D39: Herramientas y equipo para el hogar y el jardín | E39: 1260.113 | F39: 1256.7022 | G39: 1263.5337 | H39: 1003.4327 | I39: 1280.8995
C40: 056 | D40: Bienes y servicios para conservación ordinaria del hogar | E40: 5059.9611 | F40: 5286.7261 | G40: 5506.7322 | H40: 4973.5515 | I40: 5212.8023
B41: 06 | D41: SALUD | E41: 8080.8192 | F41: 8422.9908 | G41: 8711.2717 | H41: 10044.986 | I41: 11534.31
C42: 061 | D42: Productos, artefactos y equipo médicos | E42: 4008.9847 | F42: 4240.7178 | G42: 4269.0898 | H42: 5292.161 | I42: 6078.5787
C43: 062 | D43: Servicios para pacientes externos | E43: 4071.8345 | F43: 4182.273 | G43: 4442.1819 | H43: 4752.8248 | I43: 5455.7315
C44: 063 | D44: Servicios de hospital | E44: 20.409113 | F44: 21.217441 | G44: 22.049104 | H44: 25.093861 | I44: 28.812846
B45: 07 | D45: TRANSPORTE | E45: 23124.33 | F45: 24684.932 | G45: 25246.238 | H45: 15636.043 | I45: 21832.416
C46: 071 | D46: Adquisición de vehículos | E46: 3803.917 | F46: 3962.4396 | G46: 3993.5045 | H46: 2071.5514 | I46: 2324.5934
C47: 072 | D47: Gastos de utilización de vehículos privados | E47: 1931.4981 | F47: 1952.0215 | G47: 1986.0511 | H47: 935.63477 | I47: 1590.9329
C48: 073 | D48: Servicio de transporte | E48: 17388.915 | F48: 18770.471 | G48: 19266.682 | H48: 12628.857 | I48: 17916.89
B49: 08 | D49: COMUNICACIONES | E49: 9857.8275 | F49: 9588.5921 | G49: 8886.325 | H49: 8497.3147 | I49: 8790.7794
C50: 081 | D50: Servicios postales | E50: 47.928742 | F50: 44.708621 | G50: 24.724477 | H50: 8.5969551 | I50: 36.175714
C51: 082 | D51: Equipos de telefonía y fax | E51: 513.66071 | F51: 556.4181 | G51: 578.43918 | H51: 219.52345 | I51: 266.57291
C52: 083 | D52: Servicios de telefonía y fax | E52: 9296.2381 | F52: 8987.4654 | G52: 8283.1613 | H52: 8269.1943 | I52: 8488.0307
B53: 09 | D53: RECREACIÓN Y CULTURA | E53: 15860.006 | F53: 16459.94 | G53: 16346.584 | H53: 12916.454 | I53: 13138.809
C54: 091 | D54: Equipos audiovisuales, fotográficos e informáticos | E54: 1091.806 | F54: 1162.0172 | G54: 1207.2424 | H54: 548.11159 | I54: 591.58286
C55: 092 | D55: Otros productos duraderos grandes para recreación y cultura | E55: 409.64021 | F55: 426.73752 | G55: 424.31835 | H55: 277.89061 | I55: 284.98554
C56: 093 | D56: Otros artículos y equipos para recreación, jardines y animales domésticos | E56: 320.24876 | F56: 333.10417 | G56: 339.32628 | H56: 210.12204 | I56: 217.48635
C57: 094 | D57: Servicios recreativos y culturales | E57: 9684.1435 | F57: 10011.756 | G57: 10013.135 | H57: 9014.9052 | I57: 8395.823
C58: 095 | D58: Periódicos, libros y papeles y artículos de papelería y útiles de oficina | E58: 4118.3419 | F58: 4282.1949 | G58: 4114.8884 | H58: 2703.2316 | I58: 3499.8542
C59: 096 | D59: Paquetes turísticos | E59: 235.82551 | F59: 244.12998 | G59: 247.67361 | H59: 162.1934 | I59: 149.07735
B60: 10 | D60: EDUCACIÓN | E60: 5156.9948 | F60: 5464.3469 | G60: 5763.9652 | H60: 5355.4294 | I60: 5372.8328
C61: 101 | D61: Enseñanza preescolar y primaria | E61: 977.64371 | F61: 1043.2224 | G61: 1091.7096 | H61: 1104.7901 | I61: 1112.6903
C62: 102 | D62: Enseñanza secundaria | E62: 935.13747 | F62: 997.86486 | G62: 1044.2439 | H62: 1056.7557 | I62: 1064.3124
C63: 103 | D63: Enseñanza postsecundaria, no terciaria | E63: 425.06248 | F63: 453.57494 | G63: 474.65633 | H63: 480.34351 | I63: 483.77837
C64: 104 | D64: Enseñanza terciaria | E64: 1912.7812 | F64: 2041.0872 | G64: 2135.9535 | H64: 2161.5458 | I64: 2177.0027
C65: 105 | D65: Enseñanza no atribuible a ningún nivel | E65: 906.37 | F65: 928.59754 | G65: 1017.4019 | H65: 551.99434 | I65: 535.04913
B66: 11 | D66: RESTAURANTES Y HOTELES | E66: 31241.324 | F66: 33328.235 | G66: 34487.997 | H66: 26099.064 | I66: 32134.341
C67: 111 | D67: Servicios de suministro de comidas en establecimientos colectivos | E67: 29852.972 | F67: 32029.671 | G67: 33217.356 | H67: 25474.715 | I67: 31066.064
C68: 112 | D68: Servicio de alojamiento | E68: 1388.3524 | F68: 1298.5641 | G68: 1270.6413 | H68: 624.34939 | I68: 1068.2772
B69: 12 | D69: BIENES Y SERVICIOS DIVERSOS | E69: 13254.622 | F69: 13493.615 | G69: 13746.349 | H69: 10850.989 | I69: 11118.655
C70: 121 | D70: Cuidado personal | E70: 533.43164 | F70: 543.4647 | G70: 563.93189 | H70: 192.90961 | I70: 218.19007
C71: 122 | D71: Prostitución | E71: 720.57794 | F71: 745.95271 | G71: 756.78049 | H71: 495.59094 | I71: 455.51413
C72: 123 | D72: Efectos personales n.c.p. | E72: 1063.1664 | F72: 1071.1208 | G72: 1030.5699 | H72: 516.1223 | I72: 668.89215
C73: 124 | D73: Protección social | E73: 2801.0795 | F73: 2918.1034 | G73: 2665.3476 | H73: 2010.9725 | I73: 2303.744
C74: 125 | D74: Seguros | E74: 866.3279 | F74: 801.76729 | G74: 880.80094 | H74: 1154.8986 | I74: 993.76881
C75: 126 | D75: Servicios financieros n.c.p. | E75: 6643.1827 | F75: 6768.7292 | G75: 7188.7621 | H75: 6051.2028 | I75: 6091.9653
C76: 127 | D76: Otros servicios n.c.p. | E76: 626.85595 | F76: 644.47651 | G76: 660.1565 | H76: 429.29255 | I76: 386.581
B77: Fuente: Instituto Nacional de Estadística
B78: (1): Clasificación del consumo individual por finalidades de Bolivia

Sheet 2.10.2
B7: Cuadro N° 2.10.2
B8: BOLIVIA: ESTRUCTURA DEL GASTO DE CONSUMO FINAL DE LOS HOGARES POR FINALIDAD, 2017-2021
B9: (En porcentaje)
B11: CLASIFICADOR DEL CONSUMO INDIVIDUAL1 | D11: GRUPO DE PRODUCTOS | E11: 2017 | F11: 2018 | G11: 2019 | H11: 2020 | I11: 2021
D14: GASTO DE CONSUMO FINAL DE LOS HOGARES EN EL TERRITORIO ECONÓMICO | E14: 100 | F14: 100 | G14: 100 | H14: 100 | I14: 100
B15: 01 | D15: ALIMENTOS Y BEBIDAS NO ALCOHÓLICAS | E15: 24.636317 | F15: 24.236527 | G15: 24.251148 | H15: 28.792106 | I15: 26.751925
C16: 011 | D16: Alimentos | E16: 22.897766 | F16: 22.405307 | G16: 22.480717 | H16: 26.701368 | I16: 24.795214
C17: 012 | D17: Bebidas no alcohólicas | E17: 1.7385514 | F17: 1.8312198 | G17: 1.7704312 | H17: 2.0907378 | I17: 1.9567103
B18: 02 | D18: BEBIDAS ALCOHÓLICAS, TABACO Y ESTUPEFACIENTES | E18: 1.337508 | F18: 1.3744803 | G18: 1.3295601 | H18: 1.430291 | I18: 1.39279
C19: 021 | D19: Bebidas alcohólicas consumidas en el hogar | E19: 0.95988719 | F19: 0.97966957 | G19: 0.93661117 | H19: 1.0951529 | I19: 1.0585947
C20: 022 | D20: Tabaco | E20: 0.37762081 | F20: 0.39481075 | G20: 0.39294894 | H20: 0.33513809 | I20: 0.33419527
C21: 023 | D21: Estupefacientes | E21: 0 | F21: 0 | G21: 0 | H21: 0 | I21: 0
B22: 03 | D22: PRENDAS DE VESTIR Y CALZADO | E22: 4.3240953 | F22: 4.1425416 | G22: 4.1230329 | H22: 3.0188106 | I22: 3.7004682
C23: 031 | D23: Prendas de vestir | E23: 3.0862417 | F23: 2.9436225 | G23: 2.9264194 | H23: 2.1995987 | I23: 2.7287275
C24: 032 | D24: Calzado | E24: 1.2378536 | F24: 1.198919 | G24: 1.1966135 | H24: 0.81921195 | I24: 0.97174069
B25: 04 | D25: ALOJAMIENTO, AGUA, ELECTRICIDAD, GAS Y OTROS COMBUSTIBLES | E25: 13.062192 | F25: 13.405789 | G25: 13.929869 | H25: 15.456194 | I25: 14.045019
C26: 041 | D26: Alquileres efectivos por alojamiento | E26: 0.73231186 | F26: 0.74639128 | G26: 0.73643951 | H26: 0.71784311 | I26: 0.6605554
C27: 042 | D27: Alquileres imputados del alojamiento | E27: 9.9226711 | F27: 10.243716 | G27: 10.733085 | H27: 11.925734 | I27: 10.798651
C28: 043 | D28: Conservación y reparación de la vivienda | E28: 0.620626 | F28: 0.59540986 | G28: 0.58239173 | H28: 0.51601695 | I28: 0.53178938
C29: 044 | D29: Suministro de agua y servicios diversos relacionados con la vivienda | E29: 0.31352704 | F29: 0.2978637 | G29: 0.31366656 | H29: 0.42115324 | I29: 0.37568896
C30: 045 | D30: Electricidad, gas y otros combustibles | E30: 1.4730561 | F30: 1.5224085 | G30: 1.5642862 | H30: 1.8754468 | I30: 1.6783347
B31: 05 | D31: MUEBLES, ARTÍCULOS PARA EL HOGAR Y PARA LA CONSERVACIÓN ORDINARIA DEL HOGAR | E31: 6.0510629 | F31: 5.9605921 | G31: 5.9486019 | H31: 5.6984421 | I31: 5.8168693
C32: 051 | D32: Muebles y accesorios, alfombras y otros materiales para pisos | E32: 2.1484256 | F32: 2.0913498 | G32: 2.0644837 | H32: 1.9226665 | I32: 1.9591044
C33: 052 | D33: Productos textiles para el hogar | E33: 0.44951485 | F33: 0.43794567 | G33: 0.41210279 | H33: 0.37392449 | I33: 0.39418009
C34: 053 | D34: Artefactos para el hogar | E34: 0.44153761 | F34: 0.43191899 | G34: 0.44465288 | H34: 0.33949087 | I34: 0.35877839
C35: 054 | D35: Artículos de vidrio y cristal, vajilla y utensilios para el hogar | E35: 0.011609785 | F35: 0.011921078 | G35: 0.011675137 | H35: 0.013428851 | I35: 0.087163999
C36: 055 | D36: Herramientas y equipo para el hogar y el jardín | E36: 0.59814291 | F36: 0.57375784 | G36: 0.56281728 | H36: 0.51186308 | I36: 0.59523779
C37: 056 | D37: Bienes y servicios para conservación ordinaria del hogar | E37: 2.4018322 | F37: 2.4136988 | G37: 2.4528701 | H37: 2.5370683 | I37: 2.4224047
B38: 06 | D38: SALUD | E38: 3.8357551 | F38: 3.8455865 | G38: 3.8802719 | H38: 5.1240679 | I38: 5.3600281
C39: 061 | D39: Productos, artefactos y equipo médicos | E39: 1.9027766 | F39: 1.9359475 | G39: 1.9013989 | H39: 2.6992493 | I39: 2.8243554
C40: 062 | D40: Servicios para pacientes externos | E40: 1.9326069 | F40: 1.9092666 | G40: 1.9784919 | H40: 2.4241627 | I40: 2.5349552
C41: 063 | D41: Servicios de hospital | E41: 0.0096867375 | F41: 0.0096860611 | G41: 0.0098203934 | H41: 0.012799041 | I41: 0.013387622
B42: 07 | D42: TRANSPORTE | E42: 10.975456 | F42: 11.26902 | G42: 11.244357 | H42: 7.9751124 | I42: 10.14423
C43: 071 | D43: Adquisición de vehículos | E43: 1.8054457 | F43: 1.8089095 | G43: 1.7786567 | H43: 1.056588 | I43: 1.0801008
C44: 072 | D44: Gastos de utilización de vehículos privados | E44: 0.91674318 | F44: 0.89112534 | G44: 0.8845622 | H44: 0.47721744 | I44: 0.73921224
C45: 073 | D45: Servicio de transporte | E45: 8.2532671 | F45: 8.5689847 | G45: 8.581138 | H45: 6.441307 | I45: 8.3249173
B46: 08 | D46: COMUNICACIONES | E46: 4.6788015 | F46: 4.3773275 | G46: 3.9578574 | H46: 4.3340275 | I46: 4.0845543
C47: 081 | D47: Servicios postales | E47: 0.022748326 | F47: 0.020410116 | G47: 0.011011971 | H47: 0.0043848487 | I47: 0.016808711
C48: 082 | D48: Equipos de telefonía y fax | E48: 0.24379779 | F48: 0.2540127 | G48: 0.25762953 | H48: 0.11196721 | I48: 0.12386064
C49: 083 | D49: Servicios de telefonía y fax | E49: 4.4122554 | F49: 4.1029047 | G49: 3.6892159 | H49: 4.2176754 | I49: 3.943885
B50: 09 | D50: RECREACIÓN Y CULTURA | E50: 7.5276038 | F50: 7.5141948 | G50: 7.2805627 | H50: 6.5879951 | I50: 6.1048262
C51: 091 | D51: Equipos audiovisuales, fotográficos e informáticos | E51: 0.51820176 | F51: 0.53047723 | G51: 0.53769058 | H51: 0.27956251 | I51: 0.27487351
C52: 092 | D52: Otros productos duraderos grandes para recreación y cultura | E52: 0.19442674 | F52: 0.19481169 | G52: 0.18898605 | H52: 0.14173719 | I52: 0.1324159
C53: 093 | D53: Otros artículos y equipos para recreación, jardines y animales domésticos | E53: 0.15199905 | F53: 0.15206675 | G53: 0.15113166 | H53: 0.10717206 | I53: 0.10105302
C54: 094 | D54: Servicios recreativos y culturales | E54: 4.5963662 | F54: 4.570508 | G54: 4.4597242 | H54: 4.5980228 | I54: 3.9010415
C55: 095 | D55: Periódicos, libros y papeles y artículos de papelería y útiles de oficina | E55: 1.9546806 | F55: 1.9548823 | G55: 1.8327195 | H55: 1.3787744 | I55: 1.6261749
C56: 096 | D56: Paquetes turísticos | E56: 0.1119294 | F56: 0.11144878 | G56: 0.11031071 | H56: 0.08272621 | I56: 0.069267412
B57: 10 | D57: EDUCACIÓN | E57: 2.4476545 | F57: 2.4945514 | G57: 2.5671976 | H57: 2.7315192 | I57: 2.4964371
C58: 101 | D58: Enseñanza preescolar y primaria | E58: 0.46401714 | F58: 0.47624571 | G58: 0.4862337 | H58: 0.56349455 | I58: 0.51700124
C59: 102 | D59: Enseñanza secundaria | E59: 0.44384248 | F59: 0.45553938 | G59: 0.46509311 | H59: 0.53899479 | I59: 0.49452292
C60: 103 | D60: Enseñanza postsecundaria, no terciaria | E60: 0.20174658 | F60: 0.20706335 | G60: 0.21140596 | H60: 0.24499763 | I60: 0.22478315
C61: 104 | D61: Enseñanza terciaria | E61: 0.90785962 | F61: 0.93178509 | G61: 0.95132681 | H61: 1.1024893 | I61: 1.0115242
C62: 105 | D62: Enseñanza no atribuible a ningún nivel | E62: 0.43018863 | F62: 0.42391786 | G62: 0.45313799 | H62: 0.2815429 | I62: 0.24860563
B63: 11 | D63: RESTAURANTES Y HOTELES | E63: 14.828009 | F63: 15.214809 | G63: 15.36052 | H63: 13.311742 | I63: 14.930924
C64: 111 | D64: Servicios de suministro de comidas en establecimientos colectivos | E64: 14.169058 | F64: 14.621996 | G64: 14.794592 | H64: 12.993295 | I64: 14.434559
C65: 112 | D65: Servicio de alojamiento | E65: 0.65895099 | F65: 0.59281283 | G65: 0.56592766 | H65: 0.31844736 | I65: 0.49636513
B66: 12 | D66: BIENES Y SERVICIOS DIVERSOS | E66: 6.2910155 | F66: 6.1600252 | G66: 6.1224511 | H66: 5.5345115 | I66: 5.1661804
C67: 121 | D67: Cuidado personal | E67: 0.25318162 | F67: 0.2480993 | G67: 0.25116817 | H67: 0.098392914 | I67: 0.10138
C68: 122 | D68: Prostitución | E68: 0.34200651 | F68: 0.34053793 | G68: 0.33706051 | H68: 0.25277453 | I68: 0.21165043
C69: 123 | D69: Efectos personales n.c.p. | E69: 0.50460859 | F69: 0.48898174 | G69: 0.45900286 | H69: 0.26324648 | I69: 0.31079455
C70: 124 | D70: Protección social | E70: 1.3294709 | F70: 1.3321553 | G70: 1.1871123 | H70: 1.0256899 | I70: 1.0704133
C71: 125 | D71: Seguros | E71: 0.41118353 | F71: 0.36601807 | G71: 0.39229766 | H71: 0.58905225 | I71: 0.46174549
C72: 126 | D72: Servicios financieros n.c.p. | E72: 3.1530409 | F72: 3.0900203 | G72: 3.2017842 | H72: 3.0863961 | I72: 2.8305753
C73: 127 | D73: Otros servicios n.c.p. | E73: 0.29752342 | F73: 0.29421261 | G73: 0.2940254 | H73: 0.21895926 | I73: 0.17962129
B74: Fuente: Instituto Nacional de Estadística
B75: (1): Clasificación del consumo individual por finalidades de Bolivia

Sheet 2.11.1
B7: Cuadro N° 2.11.1
B8: BOLIVIA: FORMACIÓN BRUTA DE CAPITAL FIJO, PÚBLICO Y PRIVADO, SEGÚN PRODUCTO, 2017-2021
B9: (En millones de bolivianos corrientes)
B11: SECTOR Y PRODUCTO | C11: 2017 | D11: 2018 | E11: 2019 | F11: 2020 | G11: 2021
B14: FORMACIÓN BRUTA DE CAPITAL FIJO | C14: 73365.93 | D14: 76353.296 | E14: 77674.896 | F14: 46179.012 | G14: 56384.912
B15: Productos Agrícolas | C15: 33.820889 | D15: 33.773934 | E15: 34.595309 | F15: 37.816879 | G15: 39.652226
B16: Productos de la Ganadería | C16: 673.47824 | D16: 664.44323 | E16: 706.11262 | F16: 973.17848 | G16: 1057.8909
B17: Productos de la Silvicultura, Pesca y Caza | C17: 96.81 | D17: 98.93 | E17: 102.93589 | F17: 34.44 | G17: 42.506451
B18: Metales Comunes | C18: 560.37788 | D18: 787.98253 | E18: 607.66636 | F18: 238.43741 | G18: 461.41948
B19: Maquinaria y Equipo | C19: 21057.774 | D19: 20930.887 | E19: 23005.462 | F19: 12313.347 | G19: 15530.133
B20: Productos Manufacturados Diversos | C20: 1198.9632 | D20: 1199.9498 | E20: 1170.3978 | F20: 767.47661 | G20: 865.88306
B21: Servicios de Construcción de Edificios Trabajos de Reparación y Alquiler de Maquinaria | C21: 24665.97 | D21: 25769.648 | E21: 25214.819 | F21: 17066.129 | G21: 20034.217
B22: Servicios de Construcción de Obras Civiles | C22: 22045.423 | D22: 23990.952 | E22: 23695.587 | F22: 12464.461 | G22: 16484.915
B23: Servicios a las Empresas | C23: 3033.3128 | D23: 2876.7301 | E23: 3137.3192 | F23: 2283.7255 | G23: 1868.2949
B24: PÚBLICO | C24: 39405.428 | D24: 40607.435 | E24: 40614.621 | F24: 18007.107 | G24: 24156.734
C25: 0 | D25: 0 | E25: 0 | F25: 0 | G25: 0
B26: Productos de la Ganadería | C26: 6.7586978 | D26: 3.7203348 | E26: 7.6824394 | F26: 4.3265241 | G26: 2.3147201
B27: Productos de la Silvicultura, Pesca y Caza | C27: 0 | D27: 0 | E27: 0 | F27: 0 | G27: 0
B28: Metales Comunes | C28: 48.859196 | D28: 21.796356 | E28: 37.726206 | F28: 9.7858176 | G28: 10.947211
B29: Maquinaria y Equipo | C29: 9299.0716 | D29: 10177.973 | E29: 11819.95 | F29: 3610.2692 | G29: 5421.2691
B30: Productos Manufacturados Diversos | C30: 766.37059 | D30: 552.55174 | E30: 426.30304 | F30: 469.13833 | G30: 160.90843
B31: Servicios de Construcción de Edificios Trabajos de Reparación y Alquiler de Maquinaria | C31: 7797.4423 | D31: 6862.4663 | E31: 5614.779 | F31: 2639.4403 | G31: 3230.3165
B32: Servicios de Construcción de Obras Civiles | C32: 19572.515 | D32: 22171.723 | E32: 21805.131 | F32: 10700.282 | G32: 14457.02
B33: Servicios a las Empresas | C33: 1914.4109 | D33: 817.20318 | E33: 903.04988 | F33: 573.86497 | G33: 873.95774
B34: PRIVADO | C34: 33960.502 | D34: 35745.861 | E34: 37060.275 | F34: 28171.905 | G34: 32228.178
B35: Productos Agrícolas | C35: 33.820889 | D35: 33.773934 | E35: 34.595309 | F35: 37.816879 | G35: 39.652226
B36: Productos de la Ganadería | C36: 666.71954 | D36: 660.72289 | E36: 698.43018 | F36: 968.85196 | G36: 1055.5762
B37: Productos de la Silvicultura, Pesca y Caza | C37: 96.81 | D37: 98.93 | E37: 102.93589 | F37: 34.44 | G37: 42.506451
... B43: Servicios a las Empresas | C43: 1118.9019 | D43: 2059.527 | E43: 2234.2694 | F43: 1709.8605 | G43: 994.33721
B45: Fuente: Instituto Nacional de Estadística

Sheet 2.11.2
B7: Cuadro N° 2.11.2
B8: BOLIVIA: ESTRUCTURA DE LA FORMACIÓN BRUTA DE CAPITAL FIJO, PÚBLICO Y PRIVADO, SEGÚN PRODUCTO, 2017-2021
B9: (En porcentaje)
B11: SECTOR Y PRODUCTO | C11: 2017 | D11: 2018 | E11: 2019 | F11: 2020 | G11: 2021
B14: FORMACIÓN BRUTA DE CAPITAL FIJO | C14: 100 | D14: 100 | E14: 100 | F14: 100 | G14: 100
B15: Productos Agrícolas | C15: 0.046098903 | D15: 0.04423376 | E15: 0.044538597 | F15: 0.08189192 | G15: 0.070324179
B16: Productos de la Ganadería | C16: 0.91797137 | D16: 0.87022207 | E16: 0.90906156 | F16: 2.1074043 | G16: 1.876195
B17: Productos de la Silvicultura, Pesca y Caza | C17: 0.13195498 | D17: 0.12956874 | E17: 0.13252143 | F17: 0.074579335 | G17: 0.075386215
B18: Metales Comunes | C18: 0.76381214 | D18: 1.0320216 | E18: 0.78232015 | F18: 0.51633284 | G18: 0.81833856
B19: Maquinaria y Equipo | C19: 28.702388 | D19: 27.413207 | E19: 29.617629 | F19: 26.664379 | G19: 27.543066
B20: Productos Manufacturados Diversos | C20: 1.6342234 | D20: 1.5715757 | E20: 1.5067903 | F20: 1.6619598 | G20: 1.5356645
B21: Servicios de Construcción de Edificios Trabajos de Reparación y Alquiler de Maquinaria | C21: 33.62047 | D21: 33.750538 | E21: 32.461993 | F21: 36.956463 | G21: 35.531166
B22: Servicios de Construcción de Obras Civiles | C22: 30.048584 | D22: 31.420977 | E22: 30.506108 | F22: 26.991615 | G22: 29.236394
B23: Servicios a las Empresas | C23: 4.1344978 | D23: 3.7676568 | E23: 4.0390389 | F23: 4.9453754 | G23: 3.3134661
B24: PÚBLICO | C24: 53.7108 | D24: 53.183604 | E24: 52.287963 | F24: 38.994137 | G24: 42.84255
... B43: Servicios a las Empresas | C43: 1.5250974 | D43: 2.6973648 | E43: 2.8764369 | F43: 3.7026789 | G43: 1.763481
B45: Fuente: Instituto Nacional de Estadística

Sheet 2.12.1
B7: Cuadro N° 2.12.1
B8: BOLIVIA: FORMACIÓN BRUTA DE CAPITAL FIJO, POR TIPO DE ACTIVO, 2017 - 2021
B9: (En millones de bolivianos corrientes)
B11: TIPO DE ACTIVO | C11: 2017 | D11: 2018 | E11: 2019 | F11: 2020 | G11: 2021
B13: VIVIENDA | C13: 14795.013 | D13: 15630.395 | E13: 16481.536 | F13: 11900.364 | G13: 15573.527
B14: Vivienda | C14: 14795.013 | D14: 15630.395 | E14: 16481.536 | F14: 11900.364 | G14: 15573.527
B15: OBRAS CIVILES | C15: 31916.253 | D15: 34130.621 | E15: 34152.427 | F15: 17630.331 | G15: 22303.608
B16: Edificios no residenciales | C16: 9871.0094 | D16: 10139.467 | E16: 10456.719 | F16: 5165.7654 | G16: 5260.6893
B17: Otras estructuras | C17: 22045.243 | D17: 23991.154 | E17: 23695.708 | F17: 12464.565 | G17: 17042.919
B18: MAQUINARIA Y EQUIPO | C18: 22817.216 | D18: 22918.386 | E18: 23059.97 | F18: 13319.157 | G18: 15499.432
B19: Equipo de transporte | C19: 7423.2191 | D19: 5755.8851 | E19: 5783.6708 | F19: 4150.9779 | G19: 5151.6916
B20: Otra maquinaria y equipo | C20: 15393.997 | D20: 17162.501 | E20: 17276.299 | F20: 9168.1792 | G20: 10347.741
B21: RECURSOS BIOLÓGICOS CULTIVADOS | C21: 804.10732 | D21: 797.14961 | E21: 843.64381 | F21: 1045.4353 | G21: 1140.0496
B22: Recursos animales que generan productos en forma repetida | C22: 673.47843 | D22: 664.44323 | E22: 706.11262 | F22: 973.17848 | G22: 1057.8909
B23: Árboles, cultivos y plantas que generan productos en forma repetida | C23: 130.62889 | D23: 132.70638 | E23: 137.53119 | F23: 72.256772 | G23: 82.158676
... B26: Exploración de hidrocarburos y minería | C26: 2172.5872 | D26: 1983.0844 | E26: 2227.8391 | F26: 1565.7275 | G26: 1014.0524
B27: TOTAL | C27: =+C13+C15+C18+C21+C24 -> 73365.902 | D27: =+D13+D15+D18+D21+D24 -> 76353.281 | E27: =+E13+E15+E18+E21+E24 -> 77674.896 | F27: =+F13+F15+F18+F21+F24 -> 46179.012 | G27: =+G13+G15+G18+G21+G24 -> 56384.913
B28: Fuente: Instituto Nacional de Estadística

Sheet 2.12.2
B7: Cuadro N° 2.12.2
B8: BOLIVIA: ESTRUCTURA DE LA FORMACIÓN BRUTA DE CAPITAL FIJO, POR TIPO DE ACTIVO, 2017 - 2021
B9: (En porcentaje)
B11: TIPO DE ACTIVO | C11: 2017 | D11: 2018 | E11: 2019 | F11: 2020 | G11: 2021
B13: VIVIENDA | C13: 20.166062 | D13: 20.47115 | E13: 21.218614 | F13: 25.77007 | G13: 27.620026
B14: Vivienda | C14: 20.166062 | D14: 20.47115 | E14: 21.218614 | F14: 25.77007 | G14: 27.620026
B15: OBRAS CIVILES | C15: 43.502842 | D15: 44.700922 | E15: 43.968423 | F15: 38.178232 | G15: 39.555986
B16: Edificios no residenciales | C16: 13.454492 | D16: 13.279674 | E16: 13.46216 | F16: 11.186392 | G16: 9.3299591
B17: Otras estructuras | C17: 30.04835 | D17: 31.421248 | E17: 30.506263 | F17: 26.99184 | G17: 30.226027
B18: MAQUINARIA Y EQUIPO | C18: 31.100573 | D18: 30.016243 | E18: 29.687803 | F18: 28.842447 | G18: 27.488617
B19: Equipo de transporte | C19: 10.118078 | D19: 7.5384908 | E19: 7.4459976 | F19: 8.9888842 | G19: 9.1366491
B20: Otra maquinaria y equipo | C20: 20.982496 | D20: 22.477752 | E20: 22.241805 | F20: 19.853563 | G20: 18.351968
B21: RECURSOS BIOLÓGICOS CULTIVADOS | C21: 1.0960232 | D21: 1.044028 | E21: 1.0861216 | F21: 2.2638753 | G21: 2.0219054
B22: Recursos animales que generan productos en forma repetida | C22: 0.91797199 | D22: 0.87022223 | E22: 0.90906156 | F22: 2.1074043 | G22: 1.876195
B23: Árboles, cultivos y plantas que generan productos en forma repetida | C23: 0.17805122 | D23: 0.17380574 | E23: 0.17706003 | F23: 0.15647102 | G23: 0.14571039
... B27: TOTAL | C27: 100 | D27: 100 | E27: 100 | F27: 100 | G27: 100
B28: Fuente: Instituto Nacional de Estadística

Sheet 2.13.1
B7: Cuadro N° 2.13.1
B8: BOLIVIA: MEDIDAS DE VOLUMEN ENCADENADAS DEL GASTO DE CONSUMO FINAL DE LOS HOGARES POR FINALIDAD, 2017 - 2021
B9: (En millones de bolivianos encadenados)
B11: CLASIFICADOR DEL CONSUMO INDIVIDUAL1 | D11: GRUPO DE PRODUCTOS | E11: 2017 | F11: 2018 | G11: 2019 | H11: 2020 | I11: 2021
D13: GASTO DE CONSUMO FINAL DE LOS HOGARES EN EL TERRITORIO ECONÓMICO2 | E13: 210691.29 | F13: 216913.84 | G13: 220901.98 | H13: 195465.34 | I13: 210952.13
D14: Compras directas en el exterior por residentes | E14: 1577.6714 | F14: 1473.4154 | G14: 1645.066 | H14: 397.3778 | I14: 12.998978
D15: Compras directas en el mercado interno por no residentes | E15: 2023.0445 | F15: 1538.0463 | G15: 1718.2751 | H15: 310.61275 | I15: 59.94154
D16: GASTO DE CONSUMO FINAL DE LOS HOGARES RESIDENTES | E16: 210245.92 | F16: 216849.21 | G16: 220821.85 | H16: 195594.07 | I16: 210954.51
B17: 01 | D17: ALIMENTOS Y BEBIDAS NO ALCOHÓLICAS | E17: 51901.548 | F17: 53347.118 | G17: 54512.134 | H17: 57734.175 | I17: 57363.679
C18: 011 | D18: Alimentos | E18: 48238.926 | F18: 49546.996 | G18: 50597.33 | H18: 53673.798 | I18: 53237.746
C19: 012 | D19: Bebidas no alcohólicas | E19: 3662.6216 | F19: 3800.1222 | G19: 3912.8519 | H19: 4059.857 | I19: 4122.3028
B20: 02 | D20: BEBIDAS ALCOHÓLICAS, TABACO Y ESTUPEFACIENTES | E20: 2817.74 | F20: 2868.6885 | G20: 2907.9161 | H20: 2854.124 | I20: 2950.5624
C21: 021 | D21: Bebidas alcohólicas consumidas en el hogar | E21: 2022.2028 | F21: 2064.2015 | G21: 2091.4274 | H21: 2281.5811 | I21: 2348.9474
C22: 022 | D22: Tabaco | E22: 795.5371 | F22: 804.48702 | G22: 816.45578 | H22: 588.41676 | I22: 616.49564
C23: 023 | D23: Estupefacientes | E23: 0 | F23: 0 | G23: 0 | H23: 0 | I23: 0
B24: 03 | D24: PRENDAS DE VESTIR Y CALZADO | E24: 9109.6098 | F24: 9208.2354 | G24: 9432.4387 | H24: 5976.9674 | I24: 8103.1329
C25: 031 | D25: Prendas de vestir | E25: 6501.8127 | F25: 6556.8497 | G25: 6708.6324 | H25: 4275.8085 | I25: 5888.6883
C26: 032 | D26: Calzado | E26: 2607.7971 | F26: 2651.3857 | G26: 2723.7499 | H26: 1701.2987 | I26: 2208.3563
B27: 04 | D27: ALOJAMIENTO, AGUA, ELECTRICIDAD, GAS Y OTROS COMBUSTIBLES | E27: 27518.236 | F27: 28547.537 | G27: 29965.365 | H27: 30582.046 | I27: 30821.44
C28: 041 | D28: Alquileres efectivos por alojamiento | E28: 1542.7679 | F28: 1594.5109 | G28: 1579.5685 | H28: 1335.2646 | I28: 1331.0104
C29: 042 | D29: Alquileres imputados del alojamiento | E29: 20904.179 | F29: 21754.109 | G29: 22975.654 | H29: 23602.606 | I29: 23871.674
C30: 043 | D30: Conservación y reparación de la vivienda | E30: 1307.4783 | F30: 1307.0058 | G30: 1313.5067 | H30: 1014.5151 | I30: 1085.2395
C31: 044 | D31: Suministro de agua y servicios diversos relacionados con la vivienda | E31: 660.5102 | F31: 644.74814 | G31: 689.0372 | H31: 834.7459 | I31: 795.10088
C32: 045 | D32: Electricidad, gas y otros combustibles | E32: 3103.3003 | F32: 3247.1636 | G32: 3405.358 | H32: 3783.9996 | I32: 3726.2019
B33: 05 | D33: MUEBLES, ARTÍCULOS PARA EL HOGAR Y PARA LA CONSERVACIÓN ORDINARIA DEL HOGAR | E33: 12747.828 | F33: 12919.369 | G33: 13101.037 | H33: 11051.747 | I33: 12098.969
C34: 051 | D34: Muebles y accesorios, alfombras y otros materiales para pisos | E34: 4526.1072 | F34: 4565.5784 | G34: 4649.022 | H34: 3686.3434 | I34: 4182.3639
C35: 052 | D35: Productos textiles para el hogar | E35: 946.99692 | F35: 979.24973 | G35: 964.34119 | H35: 791.72253 | I35: 884.39339
C36: 053 | D36: Artefactos para el hogar | E36: 930.19119 | F36: 948.04989 | G36: 968.15848 | H36: 667.41803 | I36: 675.07039
C37: 054 | D37: Artículos de vidrio y cristal, vajilla y utensilios para el hogar | E37: 24.458436 | F37: 25.06528 | G37: 25.530351 | H37: 25.776175 | I37: 185.95434
C38: 055 | D38: Herramientas y equipo para el hogar y el jardín | E38: 1260.113 | F38: 1266.4434 | G38: 1283.9248 | H38: 1018.1311 | I38: 1220.2574
C39: 056 | D39: Bienes y servicios para conservación ordinaria del hogar | E39: 5059.9611 | F39: 5134.9821 | G39: 5209.3532 | H39: 4838.3155 | I39: 4930.8609
B40: 06 | D40: SALUD | E40: 8101.2283 | F40: 8251.6546 | G40: 8419.7598 | H40: 9522.5334 | I40: 10807.158
C41: 061 | D41: Productos, artefactos y equipo médicos | E41: 4008.9847 | F41: 4204.8967 | G41: 4294.7135 | H41: 5131.2936 | I41: 5900.9308
C42: 062 | D42: Servicios para pacientes externos | E42: 4071.8345 | F42: 4026.5122 | G42: 4104.6322 | H42: 4391.4789 | I42: 4910.434
C43: 063 | D43: Servicios de hospital | E43: 20.409113 | F43: 20.409113 | G43: 20.409113 | H43: 20.409113 | I43: 20.409113
B44: 07 | D44: TRANSPORTE | E44: 23124.33 | F44: 24035.791 | G44: 24133.647 | H44: 15415.449 | I44: 21134.675
C45: 071 | D45: Adquisición de vehículos | E45: 3803.917 | F45: 3879.0478 | G45: 3809.6623 | H45: 2700.9938 | I45: 2759.8819
C46: 072 | D46: Gastos de utilización de vehículos privados | E46: 1931.4981 | F46: 1937.9271 | G46: 1955.1964 | H46: 879.46674 | I46: 1421.2777
C47: 073 | D47: Servicio de transporte | E47: 17388.915 | F47: 18218.816 | G47: 18368.272 | H47: 11823.157 | I47: 16672.203
B48: 08 | D48: COMUNICACIONES | E48: 9857.8275 | F48: 10000.038 | G48: 10041.052 | H48: 10087.969 | I48: 10086.227
C49: 081 | D49: Servicios postales | E49: 47.928742 | F49: 43.913078 | G49: 23.375259 | H49: 13.347941 | I49: 57.490731
C50: 082 | D50: Equipos de telefonía y fax | E50: 513.66071 | F50: 533.50006 | G50: 543.65648 | H50: 185.71103 | I50: 213.91358
C51: 083 | D51: Servicios de telefonía y fax | E51: 9296.2381 | F51: 9422.6253 | G51: 9474.6719 | H51: 9969.9281 | I51: 9893.6871
B52: 09 | D52: RECREACIÓN Y CULTURA | E52: 15860.006 | F52: 16182.641 | G52: 15918.467 | H52: 12382.929 | I52: 12303.566
C53: 091 | D53: Equipos audiovisuales, fotográficos e informáticos | E53: 1091.806 | F53: 1120.586 | G53: 1145.1567 | H53: 493.46275 | I53: 496.99795
C54: 092 | D54: Otros productos duraderos grandes para recreación y cultura | E54: 409.64021 | F54: 415.50206 | G54: 418.77305 | H54: 270.46612 | I54: 254.18184
C55: 093 | D55: Otros artículos y equipos para recreación, jardines y animales domésticos | E55: 320.24876 | F55: 325.24936 | G55: 332.90256 | H55: 205.37092 | I55: 198.76486
C56: 094 | D56: Servicios recreativos y culturales | E56: 9684.1435 | F56: 9916.9678 | G56: 9779.6415 | H56: 8606.9076 | I56: 7867.6761
C57: 095 | D57: Periódicos, libros y papeles y artículos de papelería y útiles de oficina | E57: 4118.3419 | F57: 4162.1176 | G57: 4000.1166 | H57: 2658.6473 | I57: 3371.8336
C58: 096 | D58: Paquetes turísticos | E58: 235.82551 | F58: 242.21784 | G58: 242.15487 | H58: 161.35357 | I58: 147.33526
B59: 10 | D59: EDUCACIÓN | E59: 5156.9948 | F59: 5329.4453 | G59: 5487.0105 | H59: 4962.1137 | I59: 4806.7214
C60: 101 | D60: Enseñanza preescolar y primaria | E60: 977.64371 | F60: 1015.3832 | G60: 1037.0492 | H60: 1013.1365 | I60: 983.99841
C61: 102 | D61: Enseñanza secundaria | E61: 935.13747 | F61: 971.23612 | G61: 991.96012 | H61: 969.08708 | I61: 941.21587
C62: 103 | D62: Enseñanza postsecundaria, no terciaria | E62: 425.06248 | F62: 441.47096 | G62: 450.89096 | H62: 440.49413 | I62: 427.8254
C63: 104 | D63: Enseñanza terciaria | E63: 1912.7812 | F63: 1986.6193 | G63: 2029.0093 | H63: 1982.2236 | I63: 1925.2143
C64: 105 | D64: Enseñanza no atribuible a ningún nivel | E64: 906.37 | F64: 914.73571 | G64: 978.53966 | H64: 553.47827 | I64: 523.83757
B65: 11 | D65: RESTAURANTES Y HOTELES | E65: 31241.324 | F65: 32442.963 | G65: 33153.188 | H65: 24603.52 | I65: 29773.436
C66: 111 | D66: Servicios de suministro de comidas en establecimientos colectivos | E66: 29852.972 | F66: 31193.968 | G66: 31943.268 | H66: 24006.154 | I66: 28766.83
C67: 112 | D67: Servicio de alojamiento | E67: 1388.3524 | F67: 1248.995 | G67: 1210.7444 | H67: 600.72228 | I67: 1016.6295
B68: 12 | D68: BIENES Y SERVICIOS DIVERSOS | E68: 13254.622 | F68: 13780.358 | G68: 13810.837 | H68: 10626.469 | I68: 10635.06
C69: 121 | D69: Cuidado personal | E69: 533.43164 | F69: 533.09561 | G69: 568.88192 | H69: 186.88661 | I69: 168.57771
C70: 122 | D70: Prostitución | E70: 720.57794 | F70: 740.11007 | G70: 739.91764 | H70: 493.0248 | I70: 450.19109
C71: 123 | D71: Efectos personales n.c.p. | E71: 1063.1664 | F71: 1091.2863 | G71: 1019.4724 | H71: 482.63866 | I71: 660.24585
C72: 124 | D72: Protección social | E72: 2801.0795 | F72: 2676.4437 | G72: 2499.9916 | H72: 1798.7257 | I72: 2155.2484
C73: 125 | D73: Seguros | E73: 866.3279 | F73: 766.44816 | G73: 769.86882 | H73: 963.80797 | I73: 925.20374
C74: 126 | D74: Servicios financieros n.c.p. | E74: 6643.1827 | F74: 7337.3619 | G74: 7602.719 | H74: 6283.3746 | I74: 5856.367
C75: 127 | D75: Otros servicios n.c.p. | E75: 626.85595 | F75: 635.61228 | G75: 643.55786 | H75: 426.79162 | I75: 366.83856
B76: Fuente: Instituto Nacional de Estadística
B77: (1): Clasificación del consumo individual por finalidades de Bolivia
B78: (2): La diferencia entre la suma del valor de los componentes y el valor total se explica por la aplicación del método de medidas de volumen encadenadas.

Sheet 2.13.2
B7: Cuadro N° 2.13.2
B8: BOLIVIA: VARIACIÓN DE LAS MEDIDAS DE VOLUMEN ENCADENADAS DEL GASTO DE CONSUMO FINAL DE LOS HOGARES POR FINALIDAD, 2017-2021
B9: (En porcentaje)
B11: CLASIFICADOR DEL CONSUMO INDIVIDUAL1 | D11: GRUPO DE PRODUCTOS | E11: 2018 | F11: 2019 | G11: 2020 | H11: 2021
D13: GASTO DE CONSUMO FINAL DE LOS HOGARES EN EL TERRITORIO ECONÓMICO2 | E13: 2.953394 | F13: 1.8385818 | G13: -11.514899 | H13: 7.9230386
D14: Compras directas en el exterior por residentes | E14: -6.6082174 | F14: 11.649843 | G14: -75.844264 | H14: -96.728811
D15: Compras directas en el mercado interno por no residentes | E15: -23.973681 | F15: 11.71804 | G15: -81.922991 | H15: -80.702164
D16: GASTO DE CONSUMO FINAL DE LOS HOGARES RESIDENTES | E16: 3.1407441 | F16: 1.8319815 | G16: -11.424491 | H16: 7.8532239
B17: 01 | D17: ALIMENTOS Y BEBIDAS NO ALCOHÓLICAS | E17: 2.7852154 | F17: 2.1838417 | G17: 5.9106854 | H17: -0.64172708
C18: 011 | D18: Alimentos | E18: 2.7116468 | F18: 2.1198757 | G18: 6.0802969 | H18: -0.81241143
C19: 012 | D19: Bebidas no alcohólicas | E19: 3.7541572 | F19: 2.9664769 | G19: 3.7569793 | H19: 1.5381281
B20: 02 | D20: BEBIDAS ALCOHÓLICAS, TABACO Y ESTUPEFACIENTES | E20: 1.8081364 | F20: 1.3674407 | G20: -1.8498507 | H20: 3.3789112
C21: 021 | D21: Bebidas alcohólicas consumidas en el hogar | E21: 2.0768767 | F21: 1.3189553 | G21: 9.0920512 | H21: 2.9526185
C22: 022 | D22: Tabaco | E22: 1.1250161 | F22: 1.4877506 | G22: -27.930358 | H22: 4.7719363
C23: 023 | D23: Estupefacientes
B24: 03 | D24: PRENDAS DE VESTIR Y CALZADO | E24: 1.0826547 | F24: 2.4348129 | G24: -36.633912 | H24: 35.572647
C25: 031 | D25: Prendas de vestir | E25: 0.84648662 | F25: 2.3148722 | G25: -36.264082 | H25: 37.72105
C26: 032 | D26: Calzado | E26: 1.6714739 | F26: 2.729295 | G26: -37.538363 | H26: 29.804146
B27: 04 | D27: ALOJAMIENTO, AGUA, ELECTRICIDAD, GAS Y OTROS COMBUSTIBLES | E27: 3.7404333 | F27: 4.9665494 | G27: 2.0579791 | H27: 0.78279314
C28: 041 | D28: Alquileres efectivos por alojamiento | E28: 3.3539081 | F28: -0.93711442 | G28: -15.466499 | H28: -0.31860005
C29: 042 | D29: Alquileres imputados del alojamiento | E29: 4.0658357 | F29: 5.6152378 | G29: 2.7287694 | H29: 1.1399908
C30: 043 | D30: Conservación y reparación de la vivienda | E30: -0.036141673 | F30: 0.49739565 | G30: -22.762857 | H30: 6.9712528
C31: 044 | D31: Suministro de agua y servicios diversos relacionados con la vivienda | E31: -2.3863458 | F31: 6.8692032 | G31: 21.146711 | H31: -4.7493523
C32: 045 | D32: Electricidad, gas y otros combustibles | E32: 4.6358152 | F32: 4.8717716 | G32: 11.118995 | H32: -1.5274218
B33: 05 | D33: MUEBLES, ARTÍCULOS PARA EL HOGAR Y PARA LA CONSERVACIÓN ORDINARIA DEL HOGAR | E33: 1.3456486 | F33: 1.4061665 | G33: -15.642194 | H33: 9.475625
C34: 051 | D34: Muebles y accesorios, alfombras y otros materiales para pisos | E34: 0.87207778 | F34: 1.8276679 | G34: -20.707121 | H34: 13.455623
C35: 052 | D35: Productos textiles para el hogar | E35: 3.4057985 | F35: -1.5224452 | G35: -17.900164 | H35: 11.704966
C36: 053 | D36: Artefactos para el hogar | E36: 1.9198951 | F36: 2.1210487 | G36: -31.063143 | H36: 1.1465621
C37: 054 | D37: Artículos de vidrio y cristal, vajilla y utensilios para el hogar | E37: 2.4811214 | F37: 1.8554402 | G37: 0.96287099 | H37: 621.41943
C38: 055 | D38: Herramientas y equipo para el hogar y el jardín | E38: 0.50237095 | F38: 1.3803551 | G38: -20.701659 | H38: 19.852679
C39: 056 | D39: Bienes y servicios para conservación ordinaria del hogar | E39: 1.4826399 | F39: 1.4483211 | G39: -7.1225279 | H39: 1.9127593
B40: 06 | D40: SALUD | E40: 1.8568332 | F40: 2.037231 | G40: 13.097447 | H40: 13.490367
C41: 061 | D41: Productos, artefactos y equipo médicos | E41: 4.8868242 | F41: 2.1360046 | G41: 19.479301 | H41: 14.998891
C42: 062 | D42: Servicios para pacientes externos | E42: -1.1130678 | F42: 1.9401406 | G42: 6.9883639 | H42: 11.817321
C43: 063 | D43: Servicios de hospital | E43: 0 | F43: 0 | G43: 0 | H43: 0
B44: 07 | D44: TRANSPORTE | E44: 3.9415661 | F44: 0.40712453 | G44: -36.12466 | H44: 37.100611
C45: 071 | D45: Adquisición de vehículos | E45: 1.9750915 | F45: -1.7887267 | G45: -29.10149 | H45: 2.1802403
C46: 072 | D46: Gastos de utilización de vehículos privados | E46: 0.33284958 | F46: 0.891127 | G46: -55.019009 | H46: 61.606758
C47: 073 | D47: Servicio de transporte | E47: 4.772586 | F47: 0.82033444 | G47: -35.632719 | H47: 41.013122
B48: 08 | D48: COMUNICACIONES | E48: 1.4426193 | F48: 0.41013074 | G48: 0.46725112 | H48: -0.017264842
C49: 081 | D49: Servicios postales | E49: -8.3784046 | F49: -46.769254 | G49: -42.897144 | H49: 330.70862
C50: 082 | D50: Equipos de telefonía y fax | E50: 3.8623449 | F50: 1.9037325 | G50: -65.840371 | H50: 15.186251
C51: 083 | D51: Servicios de telefonía y fax | E51: 1.3595525 | F51: 0.55235751 | G51: 5.2271595 | H51: -0.76470934
B52: 09 | D52: RECREACIÓN Y CULTURA | E52: 2.0342668 | F52: -1.6324512 | G52: -22.210295 | H52: -0.64090587
C53: 091 | D53: Equipos audiovisuales, fotográficos e informáticos | E53: 2.6359996 | F53: 2.1926676 | G53: -56.908715 | H53: 0.71640533
C54: 092 | D54: Otros productos duraderos grandes para recreación y cultura | E54: 1.4309756 | F54: 0.78723772 | G54: -35.41463 | H54: -6.0208203
C55: 093 | D55: Otros artículos y equipos para recreación, jardines y animales domésticos | E55: 1.561472 | F55: 2.3530274 | G55: -38.309001 | H55: -3.2166456
C56: 094 | D56: Servicios recreativos y culturales | E56: 2.4041812 | F56: -1.3847612 | G56: -11.991584 | H56: -8.5888162
C57: 095 | D57: Periódicos, libros y papeles y artículos de papelería y útiles de oficina | E57: 1.0629449 | F57: -3.8922737 | G57: -33.535754 | H57: 26.825155
C58: 096 | D58: Paquetes turísticos | E58: 2.710619 | F58: -0.025999065 | G58: -33.367612 | H58: -8.6879422
B59: 10 | D59: EDUCACIÓN | E59: 3.3440113 | F59: 2.9565024 | G59: -9.5661708 | H59: -3.1315759
C60: 101 | D60: Enseñanza preescolar y primaria | E60: 3.8602507 | F60: 2.1337759 | G60: -2.3058423 | H60: -2.8760275
C61: 102 | D61: Enseñanza secundaria | E61: 3.8602507 | F61: 2.1337759 | G61: -2.3058423 | H61: -2.8760275
C62: 103 | D62: Enseñanza postsecundaria, no terciaria | E62: 3.8602507 | F62: 2.1337759 | G62: -2.3058423 | H62: -2.8760275
C63: 104 | D63: Enseñanza terciaria | E63: 3.8602507 | F63: 2.1337759 | G63: -2.3058423 | H63: -2.8760275
C64: 105 | D64: Enseñanza no atribuible a ningún nivel | E64: 0.922991 | F64: 6.9751231 | G64: -43.438341 | H64: -5.3553491
B65: 11 | D65: RESTAURANTES Y HOTELES | E65: 3.8463111 | F65: 2.1891522 | G65: -25.788376 | H65: 21.012913
C66: 111 | D66: Servicios de suministro de comidas en establecimientos colectivos | E66: 4.4920014 | F66: 2.4020679 | G66: -24.847534 | H66: 19.831069
C67: 112 | D67: Servicio de alojamiento | E67: -10.03761 | F67: -3.0625094 | G67: -50.384054 | H67: 69.23453
B68: 12 | D68: BIENES Y SERVICIOS DIVERSOS | E68: 3.9664352 | F68: 0.22117492 | G68: -23.057022 | H68: 0.080849605
C69: 121 | D69: Cuidado personal | E69: -0.062993132 | F69: 6.7129242 | G69: -67.148435 | H69: -9.7967981
C70: 122 | D70: Prostitución | E70: 2.710619 | F70: -0.025999065 | G70: -33.367612 | H70: -8.6879422
C71: 123 | D71: Efectos personales n.c.p. | E71: 2.6449193 | F71: -6.580666 | G71: -52.657994 | H71: 36.799206
C72: 124 | D72: Protección social | E72: -4.4495616 | F72: -6.5927811 | G72: -28.050732 | H72: 19.82085
C73: 125 | D73: Seguros | E73: -11.529093 | F73: 0.44630043 | G73: 25.191195 | H73: -4.0053866
C74: 126 | D74: Servicios financieros n.c.p. | E74: 10.449497 | F74: 3.6165198 | G74: -17.353586 | H74: -6.7958329
C75: 127 | D75: Otros servicios n.c.p. | E75: 1.3968645 | F75: 1.2500663 | G75: -33.682479 | H75: -14.047383
B76: Fuente: Instituto Nacional de Estadística
B77: (1): Clasificación del consumo individual por finalidades de Bolivia
B78: (2): La diferencia entre la suma del valor de los componentes y el valor total se explica por la aplicación del método de medidas de volumen encadenadas.

Sheet 2.13.3
B7: Cuadro N° 2.13.3
B8: BOLIVIA: CONTRIBUCIÓN A LA VARIACIÓN DE LAS MEDIDAS DE VOLUMEN ENCADENADAS DEL GASTO DE CONSUMO FINAL DE LOS HOGARES POR FINALIDAD, 2017-2021
B9: (En porcentaje)
B11: CLASIFICADOR DEL CONSUMO INDIVIDUAL1 | D11: GRUPO DE PRODUCTOS | E11: 2018 | F11: 2019 | G11: 2020 | H11: 2021
D13: GASTO DE CONSUMO FINAL DE LOS HOGARES EN EL TERRITORIO ECONÓMICO | E13: 2.953394 | F13: 1.8385818 | G13: -11.514899 | H13: 7.9230386
B14: 01 | D14: ALIMENTOS Y BEBIDAS NO ALCOHÓLICAS | E14: 0.6861745 | F14: 0.52928738 | G14: 1.4334091 | H14: -0.18476674
C15: 011 | D15: Alimentos | E15: 0.62090655 | F15: 0.47496467 | G15: 1.3668944 | H15: -0.21692496
C16: 012 | D16: Bebidas no alcohólicas | E16: 0.065267952 | F16: 0.054322713 | G16: 0.066514733 | H16: 0.032158225
B17: 02 | D17: BEBIDAS ALCOHÓLICAS, TABACO Y ESTUPEFACIENTES | E17: 0.024183968 | F17: 0.018795203 | G17: -0.024594876 | H17: 0.048328263
C18: 021 | D18: Bebidas alcohólicas consumidas en el hogar | E18: 0.019935674 | F18: 0.012921404 | G18: 0.085157167 | H18: 0.032335687
C19: 022 | D19: Tabaco | E19: 0.0042482949 | F19: 0.0058737993 | G19: -0.10975204 | H19: 0.015992576
C20: 023 | D20: Estupefacientes | E20: 0 | F20: 0 | G20: 0 | H20: 0
B21: 03 | D21: PRENDAS DE VESTIR Y CALZADO | E21: 0.046815022 | F21: 0.10086314 | G21: -1.5104282 | H21: 1.0738709
C22: 031 | D22: Prendas de vestir | E22: 0.026124623 | F22: 0.068141101 | G22: -1.0612391 | H22: 0.82971173
C23: 032 | D23: Calzado | E23: 0.020690399 | F23: 0.032722036 | G23: -0.44918913 | H23: 0.24415913
B24: 04 | D24: ALOJAMIENTO, AGUA, ELECTRICIDAD, GAS Y OTROS COMBUSTIBLES | E24: 0.48858258 | F24: 0.66580513 | G24: 0.2866738 | H24: 0.12099002
C25: 041 | D25: Alquileres efectivos por alojamiento | E25: 0.024561066 | F25: -0.0069945403 | G25: -0.11390141 | H25: -0.0022870485
C26: 042 | D26: Alquileres imputados del alojamiento | E26: 0.4034395 | F26: 0.575209 | G26: 0.29288114 | H26: 0.13595226
C27: 043 | D27: Conservación y reparación de la vivienda | E27: -0.00022430462 | F27: 0.0029615428 | G27: -0.132569 | H27: 0.035972846
C28: 044 | D28: Suministro de agua y servicios diversos relacionados con la vivienda | E28: -0.0074818395 | F28: 0.020460863 | G28: 0.066330159 | H28: -0.020002051
C29: 045 | D29: Electricidad, gas y otros combustibles | E29: 0.068288158 | F29: 0.074168266 | G29: 0.1739329 | H29: -0.028645984
B30: 05 | D30: MUEBLES, ARTÍCULOS PARA EL HOGAR Y PARA LA CONSERVACIÓN ORDINARIA DEL HOGAR | E30: 0.081426042 | F30: 0.08381585 | G30: -0.93049183 | H30: 0.539963
C31: 051 | D31: Muebles y accesorios, alfombras y otros materiales para pisos | E31: 0.018735942 | F31: 0.038222929 | G31: -0.42749513 | H31: 0.25870676
C32: 052 | D32: Productos textiles para el hogar | E32: 0.01530957 | F32: -0.006667483 | G32: -0.073767076 | H32: 0.043767735
C33: 053 | D33: Artefactos para el hogar | E33: 0.0084770589 | F33: 0.009161212 | G33: -0.13812316 | H33: 0.0038924737
C34: 054 | D34: Artículos de vidrio y cristal, vajilla y utensilios para el hogar | E34: 0.00028805285 | F34: 0.00022118847 | G34: 0.00011241651 | H34: 0.08344949
C35: 055 | D35: Herramientas y equipo para el hogar y el jardín | E35: 0.0030048962 | F35: 0.0079198954 | G35: -0.11651251 | H35: 0.10161854
C36: 056 | D36: Bienes y servicios para conservación ordinaria del hogar | E36: 0.035610522 | F36: 0.034958108 | G36: -0.17470636 | H36: 0.048528011
B37: 06 | D37: SALUD | E37: 0.071223574 | F37: 0.07834348 | G37: 0.50821654 | H37: 0.69125554
C38: 061 | D38: Productos, artefactos y equipo médicos | E38: 0.092994356 | F38: 0.041355933 | G38: 0.37041559 | H38: 0.40490929
C39: 062 | D39: Servicios para pacientes externos | E39: -0.021513309 | F39: 0.037046044 | G39: 0.1382778 | H39: 0.28650776
C40: 063 | D40: Servicios de hospital | E40: 0 | F40: 0 | G40: 0 | H40: 0
B41: 07 | D41: TRANSPORTE | E41: 0.43264676 | F41: 0.045883387 | G41: -4.0623847 | H41: 2.9591942
C42: 071 | D42: Adquisición de vehículos | E42: 0.03566266 | F42: -0.032359583 | G42: -0.51766643 | H42: 0.023039106
C43: 072 | D43: Gastos de utilización de vehículos privados | E43: 0.0030516714 | F43: 0.0079418277 | G43: -0.48672515 | H43: 0.29403583
C44: 073 | D44: Servicio de transporte | E44: 0.39393243 | F44: 0.070301142 | G44: -3.0579931 | H44: 2.6421193
B45: 08 | D45: COMUNICACIONES | E45: 0.067503834 | F45: 0.017954504 | G45: 0.018494949 | H45: -0.00074835877
C46: 081 | D46: Servicios postales | E46: -0.0019061314 | F46: -0.0095465835 | G46: -0.0047242851 | H46: 0.014502929
C47: 082 | D47: Equipos de telefonía y fax | E47: 0.0094172237 | F47: 0.0048361908 | G47: -0.1696409 | H47: 0.017005799
C48: 083 | D48: Servicios de telefonía y fax | E48: 0.059992742 | F48: 0.022664897 | G48: 0.19286014 | H48: -0.032257086
B49: 09 | D49: RECREACIÓN Y CULTURA | E49: 0.15314638 | F49: -0.12267745 | G49: -1.6171933 | H49: -0.042228253
C50: 091 | D50: Equipos audiovisuales, fotográficos e informáticos | E50: 0.013661119 | F50: 0.011632729 | G50: -0.30602285 | H50: 0.0020030571
C51: 092 | D51: Otros productos duraderos grandes para recreación y cultura | E51: 0.0027824686 | F51: 0.0015337797 | G51: -0.066935286 | H51: -0.0085348341
C52: 093 | D52: Otros artículos y equipos para recreación, jardines y animales domésticos | E52: 0.0023736525 | F52: 0.003578519 | G52: -0.057902714 | H52: -0.0034477866
C53: 094 | D53: Servicios recreativos y culturales | E53: 0.11051568 | F53: -0.063296753 | G53: -0.53484408 | H53: -0.39496628
C54: 095 | D54: Periódicos, libros y papeles y artículos de papelería y útiles de oficina | E54: 0.02077919 | F54: -0.076096741 | G54: -0.61467668 | H54: 0.36990571
C55: 096 | D55: Paquetes turísticos | E55: 0.0030342736 | F55: -2.8978446e-05 | G55: -0.036811665 | H55: -0.0071881254
B56: 10 | D56: EDUCACIÓN | E56: 0.08185777 | F56: 0.073758616 | G56: -0.24560663 | H56: -0.085550546
C57: 101 | D57: Enseñanza preescolar y primaria | E57: 0.01791396 | F57: 0.010163 | G57: -0.011212883 | H57: -0.016208333
C58: 102 | D58: Enseñanza secundaria | E58: 0.017135092 | F58: 0.0097211309 | G58: -0.010725367 | H58: -0.015503622
C59: 103 | D59: Enseñanza postsecundaria, no terciaria | E59: 0.0077886783 | F59: 0.0044186959 | G59: -0.0048751667 | H59: -0.0070471011
C60: 104 | D60: Enseñanza terciaria | E60: 0.035049053 | F60: 0.019884131 | G60: -0.02193825 | H60: -0.031711955
C61: 105 | D61: Enseñanza no atribuible a ningún nivel | E61: 0.003970987 | F61: 0.029571657 | G61: -0.19685496 | H61: -0.015079535
B62: 11 | D62: RESTAURANTES Y HOTELES | E62: 0.5703866 | F62: 0.3331076 | G62: -3.9616177 | H62: 2.7975428
C63: 111 | D63: Servicios de suministro de comidas en establecimientos colectivos | E63: 0.63653594 | F63: 0.35126431 | G63: -3.6764524 | H63: 2.577039
C64: 112 | D64: Servicio de alojamiento | E64: -0.066149341 | F64: -0.018156708 | G64: -0.2851653 | H64: 0.22050375
B65: 12 | D65: BIENES Y SERVICIOS DIVERSOS | E65: 0.24955322 | F65: 0.01362575 | G65: -1.4117935 | H65: 0.0044752035
C66: 121 | D66: Cuidado personal | E66: -0.00015950248 | F66: 0.016656331 | G66: -0.16867206 | H66: -0.009640589
C67: 122 | D67: Prostitución | E67: 0.0092713917 | F67: -8.8545253e-05 | G67: -0.11248009 | H67: -0.021963716
C68: 123 | D68: Efectos personales n.c.p. | E68: 0.013347783 | F68: -0.032181372 | G68: -0.24172544 | H68: 0.096885017
C69: 124 | D69: Protección social | E69: -0.059161358 | F69: -0.087834592 | G69: -0.3330264 | H69: 0.20332649
C70: 125 | D70: Seguros | E70: -0.047410322 | F70: 0.0016336985 | G70: 0.098834173 | H70: -0.02359684
C71: 126 | D71: Servicios financieros n.c.p. | E71: 0.32950883 | F71: 0.11176202 | G71: -0.55567895 | H71: -0.20977317
C72: 127 | D72: Otros servicios n.c.p. | E72: 0.0041564018 | F72: 0.0036782089 | G72: -0.09904477 | H72: -0.030761983
B73: Fuente: Instituto Nacional de Estadística
B74: (1): Clasificación del consumo individual por finalidades de Bolivia

Sheet 2.14.1
B7: Cuadro N° 2.14.1
B8: BOLIVIA: MEDIDAS DE VOLUMEN ENCADENADAS DE LA FORMACIÓN BRUTA DE CAPITAL FIJO, PÚBLICO Y PRIVADO, SEGÚN PRODUCTO, 2017 - 2021
B9: (En millones de bolivianos encadenados)
B11: SECTOR Y PRODUCTO | C11: 2017 | D11: 2018 | E11: 2019 | F11: 2020 | G11: 2021
B13: FORMACIÓN BRUTA DE CAPITAL FIJO1 | C13: 73365.93 | D13: 76585.182 | E13: 80103.18 | F13: 47866.955 | G13: 57334.992
B14: Productos Agrícolas | C14: 33.820889 | D14: 34.269556 | E14: 34.698406 | F14: 37.418626 | G14: 38.221815
B15: Productos de la Ganadería | C15: 673.47824 | D15: 660.4514 | E15: 698.94469 | F15: 962.764 | G15: 1042.314
B16: Productos de la Silvicultura, Pesca y Caza | C16: 96.81 | D16: 99.899325 | E16: 101.91294 | F16: 33.718177 | G16: 40.833601
B17: Metales Comunes | C17: 560.37788 | D17: 810.60386 | E17: 600.15128 | F17: 242.55257 | G17: 413.13537
B18: Maquinaria y Equipo | C18: 21057.774 | D18: 20823.455 | E18: 22871.38 | F18: 11518.492 | G18: 12837.43
B19: Productos Manufacturados Diversos | C19: 1198.9632 | D19: 1182.7315 | E19: 1146.7291 | F19: 720.63967 | G19: 801.09591
B20: Servicios de Construcción de Edificios Trabajos de Reparación y Alquiler de Maquinaria | C20: 24665.97 | D20: 25870.848 | E20: 26839.029 | F20: 18913.18 | G20: 22758.837
B21: Servicios de Construcción de Obras Civiles | C21: 22045.423 | D21: 24215.109 | E21: 24603.704 | F21: 13220.497 | G21: 17849.032
B22: Servicios a las Empresas | C22: 3033.3128 | D22: 2887.8141 | E22: 3188.3961 | F22: 2341.1263 | G22: 1878.185
B23: PÚBLICO | C23: 39405.428 | D23: 40730.76 | E23: 41884.321 | F23: 18665.306 | G23: 24563.773
... B42: Servicios a las Empresas | C42: 1118.9019 | D42: 2065.7818 | E42: 2304.1174 | F42: 1772.3597 | G42: 1011.0917
B44: Fuente: Instituto Nacional de Estadística
B45: (1): La diferencia entre la suma del valor de los componentes y el valor total se explica por la aplicación del método de medidas de volumen encadenadas.

Sheet 2.14.2
B7: Cuadro N° 2.14.2
B8: BOLIVIA: VARIACIÓN DE LAS MEDIDAS DE VOLUMEN ENCADENADAS DE LA FORMACIÓN BRUTA DE CAPITAL FIJO, PÚBLICO Y PRIVADO, SEGÚN PRODUCTO, 2017-2021
B9: (En porcentaje)
B11: SECTOR Y PRODUCTO | C11: 2018 | D11: 2019 | E11: 2020 | F11: 2021
B13: FORMACIÓN BRUTA DE CAPITAL FIJO1 | C13: 4.3879375 | D13: 4.5935758 | E13: -40.243377 | F13: 19.779901
B14: Productos Agrícolas | C14: 1.3265977 | D14: 1.2513997 | E14: 7.8396109 | F14: 2.1464966
B15: Productos de la Ganadería | C15: -1.9342632 | D15: 5.828331 | E15: 37.745377 | F15: 8.2626708
B16: Productos de la Silvicultura, Pesca y Caza | C16: 3.1911222 | D16: 2.0156482 | E16: -66.914726 | F16: 21.102635
B17: Metales Comunes | C17: 44.653079 | D17: -25.962445 | E17: -59.584761 | F17: 70.328174
B18: Maquinaria y Equipo | C18: -1.112744 | D18: 9.8347013 | E18: -49.637964 | F18: 11.450607
B19: Productos Manufacturados Diversos | C19: -1.3538111 | D19: -3.0440016 | E19: -37.156939 | F19: 11.164558
B20: Servicios de Construcción de Edificios Trabajos de Reparación y Alquiler de Maquinaria | C20: 4.8847751 | D20: 3.7423642 | E20: -29.531056 | F20: 20.333208
B21: Servicios de Construcción de Obras Civiles | C21: 9.8418902 | D21: 1.6047604 | E21: -46.266234 | F21: 35.010296
B22: Servicios a las Empresas | C22: -4.7966921 | D22: 10.408634 | E22: -26.573544 | F22: -19.774296
B23: PÚBLICO | C23: 3.3633226 | D23: 2.8321635 | E23: -55.436055 | F23: 31.601231
... B42: Servicios a las Empresas | C42: 84.625819 | D42: 11.53731 | E42: -23.078587 | F42: -42.952229
B44: Fuente: Instituto Nacional de Estadística
B45: (1): La diferencia entre la suma del valor de los componentes y el valor total se explica por la aplicación del método de medidas de volumen encadenadas.

Sheet 2.14.3
B7: Cuadro N° 2.14.3
B8: BOLIVIA: CONTRIBUCIÓN A LA VARIACIÓN DE LAS MEDIDAS DE VOLUMEN ENCADENADAS DE LA FORMACIÓN BRUTA DE CAPITAL FIJO, PÚBLICO Y PRIVADO, SEGÚN PRODUCTO, 2017-2021
B9: (En porcentaje)
B11: SECTOR Y PRODUCTO | C11: 2018 | D11: 2019 | E11: 2020 | F11: 2021
B13: FORMACIÓN BRUTA DE CAPITAL FIJO | C13: 4.3879375 | D13: 4.5935758 | E13: -40.243377 | F13: 19.779901
B14: Productos Agrícolas | C14: 0.00061154698 | D14: 0.00055354113 | E14: 0.0034916527 | F14: 0.0017578072
B15: Productos de la Ganadería | C15: -0.017755983 | D15: 0.050719422 | E15: 0.34312872 | F15: 0.17412788
B16: Productos de la Silvicultura, Pesca y Caza | C16: 0.0042108447 | D16: 0.0026116499 | E16: -0.088676353 | F16: 0.015738205
B17: Metales Comunes | C17: 0.34106564 | D17: -0.26793805 | E17: -0.46614359 | F17: 0.36312746
B18: Maquinaria y Equipo | C18: -0.31938409 | D18: 2.696007 | E18: -14.701588 | F18: 3.0532333
B19: Productos Manufacturados Diversos | C19: -0.022124297 | D19: -0.047838788 | E19: -0.55987714 | F19: 0.18555047
B20: Servicios de Construcción de Edificios Trabajos de Reparación y Alquiler de Maquinaria | C20: 1.6422843 | D20: 1.263068 | E20: -9.5863693 | F20: 7.5144346
B21: Servicios de Construcción de Obras Civiles | C21: 2.9573486 | D21: 0.50423141 | E21: -14.114027 | F21: 9.4498443
B22: Servicios a las Empresas | C22: -0.19831913 | D22: 0.39216162 | E22: -1.0733158 | F22: -0.97791318
B23: PÚBLICO | C23: 1.8064675 | D23: 1.5062466 | E23: -28.986384 | F23: 12.322627
... B42: Servicios a las Empresas | C42: 1.2906261 | D42: 0.31120335 | E42: -0.66384098 | F42: -1.5903831
B44: Fuente: Instituto Nacional de Estadística

Sheet 2.15.1
B7: Cuadro N° 2.15.1
B8: BOLIVIA: OFERTA Y UTILIZACIÓN FINAL, 2017-2021
B9: (En millones de bolivianos corrientes)
B11: CONCEPTO | C11: 2017 | D11: 2018 | E11: 2019 | F11: 2020 | G11: 2021
B13: Producto Interno Bruto | C13: 317358.61 | D13: 334541.01 | E13: 338981.41 | F13: 292388.25 | G13: 330836.24
B14: Importaciones de bienes y servicios | C14: 82631.44 | D14: 88891.348 | E14: 87367.486 | F14: 60362.621 | G14: 79779.731
B16: OFERTA FINAL | C16: 399990.05 | D16: 423432.36 | E16: 426348.89 | F16: 352750.87 | G16: 410615.97
B18: Gasto de consumo final de los hogares | C18: 210245.92 | D18: 218915.55 | E18: 224381.12 | F18: 196141.37 | G18: 215161.81
B19: Gasto de consumo final de las isflsh | C19: 2151.0797 | D19: 2243.926 | E19: 2426.0197 | F19: 2384.1858 | G19: 2490.5609
B20: Gasto de consumo final de la administración pública | C20: 48224.356 | D20: 53788.348 | E20: 54627.702 | F20: 54403.676 | G20: 56198.676
B21: Variación de existencias | C21: 3306.8218 | D21: 3311.7577 | E21: -1551.1852 | F21: 4092.7715 | G21: 2370.3349
B22: Formación bruta de capital fijo | C22: 73365.902 | D22: 76353.295 | E22: 77674.896 | F22: 46179.012 | G22: 56384.913
B23: Adquisición menos disposición de objetos valiosos | C23: 687.69157 | D23: 723.45853 | E23: 833.25089 | F23: 218.83067 | G23: 89.415966
B24: Exportaciones de bienes y servicios | C24: 62008.275 | D24: 68096.019 | E24: 67957.094 | F24: 49331.023 | G24: 77920.256
B26: UTILIZACIÓN FINAL | C26: 399990.05 | D26: 423432.36 | E26: 426348.89 | F26: 352750.87 | G26: 410615.97
B28: Fuente: Instituto Nacional de Estadística

Sheet 2.15.2
B7: Cuadro N° 2.15.2
B8: BOLIVIA: ESTRUCTURA DE LA OFERTA Y UTILIZACIÓN FINAL, 2017-2021
B9: (En porcentaje)
B11: CONCEPTO | C11: 2017 | D11: 2018 | E11: 2019 | F11: 2020 | G11: 2021
B13: Producto Interno Bruto | C13: =+'2.15.1'!C13/'2.15.1'!C16*100 -> 79.341626 | D13: =+'2.15.1'!D13/'2.15.1'!D16*100 -> 79.006954 | E13: =+'2.15.1'!E13/'2.15.1'!E16*100 -> 79.507983 | F13: =+'2.15.1'!F13/'2.15.1'!F16*100 -> 82.88803 | G13: =+'2.15.1'!G13/'2.15.1'!G16*100 -> 80.570719
B14: Importaciones de bienes y servicios | C14: =+'2.15.1'!C14/'2.15.1'!C16*100 -> 20.658374 | D14: =+'2.15.1'!D14/'2.15.1'!D16*100 -> 20.993046 | E14: =+'2.15.1'!E14/'2.15.1'!E16*100 -> 20.492017 | F14: =+'2.15.1'!F14/'2.15.1'!F16*100 -> 17.11197 | G14: =+'2.15.1'!G14/'2.15.1'!G16*100 -> 19.429281
B16: OFERTA FINAL | C16: =+C13+C14 -> 100 | D16: =+D13+D14 -> 100 | E16: =+E13+E14 -> 100 | F16: =+F13+F14 -> 100 | G16: =+G13+G14 -> 100
B18: Gasto de consumo final de los hogares | C18: =+'2.15.1'!C18/'2.15.1'!C26*100 -> 52.562788 | D18: =+'2.15.1'!D18/'2.15.1'!D26*100 -> 51.700242 | E18: =+'2.15.1'!E18/'2.15.1'!E26*100 -> 52.628521 | F18: =+'2.15.1'!F18/'2.15.1'!F26*100 -> 55.60337 | G18: =+'2.15.1'!G18/'2.15.1'!G26*100 -> 52.399767
B19: Gasto de consumo final de las isflsh | C19: =+'2.15.1'!C19/'2.15.1'!C26*100 -> 0.5377833 | D19: =+'2.15.1'!D19/'2.15.1'!D26*100 -> 0.52993731 | E19: =+'2.15.1'!E19/'2.15.1'!E26*100 -> 0.56902217 | F19: =+'2.15.1'!F19/'2.15.1'!F26*100 -> 0.67588373 | G19: =+'2.15.1'!G19/'2.15.1'!G26*100 -> 0.60654262
B20: Gasto de consumo final de la administración pública | C20: =+'2.15.1'!C20/'2.15.1'!C26*100 -> 12.056389 | D20: =+'2.15.1'!D20/'2.15.1'!D26*100 -> 12.702938 | E20: =+'2.15.1'!E20/'2.15.1'!E26*100 -> 12.812911 | F20: =+'2.15.1'!F20/'2.15.1'!F26*100 -> 15.422691 | G20: =+'2.15.1'!G20/'2.15.1'!G26*100 -> 13.686432
B21: Variación de existencias | C21: =+'2.15.1'!C21/'2.15.1'!C26*100 -> 0.82672601 | D21: =+'2.15.1'!D21/'2.15.1'!D26*100 -> 0.78212202 | E21: =+'2.15.1'!E21/'2.15.1'!E26*100 -> -0.36383 | F21: =+'2.15.1'!F21/'2.15.1'!F26*100 -> 1.1602442 | G21: =+'2.15.1'!G21/'2.15.1'!G26*100 -> 0.57726321
B22: Formación bruta de capital fijo | C22: =+'2.15.1'!C22/'2.15.1'!C26*100 -> 18.341932 | D22: =+'2.15.1'!D22/'2.15.1'!D26*100 -> 18.031994 | E22: =+'2.15.1'!E22/'2.15.1'!E26*100 -> 18.218623 | F22: =+'2.15.1'!F22/'2.15.1'!F26*100 -> 13.091112 | G22: =+'2.15.1'!G22/'2.15.1'!G26*100 -> 13.731788
B23: Adquisición menos disposición de objetos valiosos | C23: =+'2.15.1'!C23/'2.15.1'!C26*100 -> 0.17192717 | D23: =+'2.15.1'!D23/'2.15.1'!D26*100 -> 0.17085575 | E23: =+'2.15.1'!E23/'2.15.1'!E26*100 -> 0.19543874 | F23: =+'2.15.1'!F23/'2.15.1'!F26*100 -> 0.062035474 | G23: =+'2.15.1'!G23/'2.15.1'!G26*100 -> 0.021776057
B24: Exportaciones de bienes y servicios | C24: =+'2.15.1'!C24/'2.15.1'!C26*100 -> 15.502455 | D24: =+'2.15.1'!D24/'2.15.1'!D26*100 -> 16.081912 | E24: =+'2.15.1'!E24/'2.15.1'!E26*100 -> 15.939315 | F24: =+'2.15.1'!F24/'2.15.1'!F26*100 -> 13.984664 | G24: =+'2.15.1'!G24/'2.15.1'!G26*100 -> 18.976431
B26: UTILIZACIÓN FINAL | C26: =SUM(C18:C24) -> 100 | D26: =SUM(D18:D24) -> 100 | E26: =SUM(E18:E24) -> 100 | F26: =SUM(F18:F24) -> 100 | G26: =SUM(G18:G24) -> 100
B28: Fuente: Instituto Nacional de Estadística

Sheet 2.16.1
B7: Cuadro N° 2.16.1
B8: BOLIVIA: MEDIDAS DE VOLUMEN ENCADENADAS DE OFERTA Y UTILIZACIÓN FINAL, 2017-2021
B9: (En millones de bolivianos encadenados)
B11: CONCEPTO | C11: 2017 | D11: 2018 | E11: 2019 | F11: 2020 | G11: 2021
B13: Producto Interno Bruto | C13: 317358.61 | D13: 326460.72 | E13: 331379.57 | F13: 289229.85 | G13: 318236.85
B14: Importaciones de bienes y servicios | C14: 82631.44 | D14: 86250.632 | E14: 85611.466 | F14: 59808.888 | G14: 73391.83
B16: OFERTA FINAL1 | C16: 399990.05 | D16: 412711.35 | E16: 416982.27 | F16: 349059.55 | G16: 391641.7
B18: Gasto de consumo final de los hogares | C18: 210245.92 | D18: 216849.21 | E18: 220821.84 | F18: 195594.07 | G18: 210954.51
B19: Gasto de consumo final de las isflsh | C19: 2151.0797 | D19: 2181.7539 | E19: 2338.7236 | F19: 2284.4879 | G19: 2356.0167
B20: Gasto de consumo final de la administración pública | C20: 48224.356 | D20: 49861.186 | E20: 50726.138 | F20: 49615.818 | G20: 51778.545
B21: Variación de existencias | C21: NA | D21: NA | E21: NA | F21: NA | G21: NA
B22: Formación bruta de capital fijo | C22: 73365.902 | D22: 76585.182 | E22: 80103.181 | F22: 47866.956 | G22: 57334.993
B23: Adquisición menos disposición de objetos valiosos | C23: 687.69157 | D23: 717.75743 | E23: 748.00151 | F23: 161.74379 | G23: 63.231466
B24: Exportaciones de bienes y servicios | C24: 62008.275 | D24: 63181.474 | E24: 64092.381 | F24: 48766.449 | G24: 67025.471
B26: UTILIZACIÓN FINAL | C26: 399990.05 | D26: 412711.35 | E26: 416982.27 | F26: 349059.55 | G26: 391641.7
B28: Fuente: Instituto Nacional de Estadística
B29: (1): La diferencia entre la suma del valor de los componentes y el valor total se explica por la aplicación del método de medidas de volumen encadenadas.
B30: NA: No aplica en series encadenadas

Sheet 2.16.2
B7: Cuadro N° 2.16.2
B8: BOLIVIA: VARIACIÓN DE LAS MEDIDAS DE VOLUMEN ENCADENADAS DE LA OFERTA Y UTILIZACIÓN FINAL, 2017-2021
B9: (En porcentaje)
B11: CONCEPTO | C11: 2018 | D11: 2019 | E11: 2020 | F11: 2021
B13: Producto Interno Bruto | C13: 2.868084 | D13: 1.5067211 | E13: -12.719469 | F13: 10.029049
B14: Importaciones de bienes y servicios | C14: 4.3799204 | D14: -0.74105608 | E14: -30.139162 | F14: 22.710573
B16: OFERTA FINAL1 | C16: 3.1804049 | D16: 1.0348442 | E16: -16.289115 | F16: 12.199107
B18: Gasto de consumo final de los hogares | C18: 3.140743 | D18: 1.8319814 | E18: -11.424491 | F18: 7.8532224
B19: Gasto de consumo final de las isflsh | C19: 1.4259891 | D19: 7.1946596 | E19: -2.3190317 | F19: 3.1310641
B20: Gasto de consumo final de la administración pública | C20: 3.3941982 | D20: 1.7347194 | E20: -2.1888508 | F20: 4.3589455
B21: Variación de existencias | C21: 0 | D21: 0 | E21: 0 | F21: 0
B22: Formación bruta de capital fijo | C22: 4.3879773 | D22: 4.593577 | E22: -40.243377 | F22: 19.779901
B23: Adquisición menos disposición de objetos valiosos | C23: 4.3719984 | D23: 4.2136908 | E23: -78.376542 | F23: -60.906403
B24: Exportaciones de bienes y servicios | C24: 1.8920033 | D24: 1.4417314 | E24: -23.912252 | F24: 37.441769
B26: UTILIZACIÓN FINAL | C26: 3.1804049 | D26: 1.0348442 | E26: -16.289115 | F26: 12.199107
B28: Fuente: Instituto Nacional de Estadística
B29: (1): La diferencia entre la suma del valor de los componentes y el valor total se explica por la aplicación del método de medidas de volumen encadenadas.

Sheet 2.16.3
B7: Cuadro N° 2.16.3
B8: BOLIVIA: CONTRIBUCIÓN A LA VARIACIÓN DE LAS MEDIDAS DE VOLUMEN ENCADENADAS DE LA OFERTA Y UTILIZACIÓN FINAL, 2017-2021
B9: (En porcentaje)
B11: CONCEPTO | C11: 2018 | D11: 2019 | E11: 2020 | F11: 2021
B13: Producto Interno Bruto | C13: 2.2755845 | D13: 1.1904144 | E13: -10.112993 | F13: 8.3128811
B14: Importaciones de bienes y servicios | C14: 0.90482034 | D14: -0.15557024 | E14: -6.176122 | F14: 3.8862264
B16: OFERTA FINAL | C16: 3.1804049 | D16: 1.0348442 | E16: -16.289115 | F16: 12.199107
B18: Gasto de consumo final de los hogares | C18: 1.6508621 | D18: 0.94713882 | E18: -6.0125409 | F18: 4.3666563
B19: Gasto de consumo final de las isflsh | C19: 0.0076687313 | D19: 0.038127185 | E19: -0.013195805 | F19: 0.021162353
B20: Gasto de consumo final de la administración pública | C20: 0.40921773 | D20: 0.22036032 | E20: -0.2804555 | F20: 0.67226669
B21: Variación de existencias | C21: 0.0069928643 | D21: -1.238153 | E21: 1.3134931 | F21: -0.64870889
B22: Formación bruta de capital fijo | C22: 0.8048398 | D22: 0.8283135 | E22: -7.3317889 | F22: 2.589409
B23: Adquisición menos disposición de objetos valiosos | C23: 0.007516653 | D23: 0.0071993331 | E23: -0.15317812 | F23: -0.037783576
B24: Exportaciones de bienes y servicios | C24: 0.29330695 | D24: 0.23185798 | E24: -3.8114492 | F24: 5.2361056
B26: UTILIZACIÓN FINAL | C26: 3.1804049 | D26: 1.0348442 | E26: -16.289115 | F26: 12.199107
B28: Fuente: Instituto Nacional de Estadística

Sheet 2.17.1
B7: Cuadro N° 2.17.1
B8: BOLIVIA: OFERTA Y UTILIZACIÓN TOTAL, 2017-2021
B9: (En millones de bolivianos corrientes)
B11: CONCEPTO | C11: 2017 | D11: 2018 | E11: 2019 | F11: 2020 | G11: 2021
B13: Valor Bruto de Producción | C13: 471163.86 | D13: 496722.08 | E13: 511511.44 | F13: 438145.96 | G13: 508543.34
B14: Importaciones de bienes y servicios | C14: 82631.44 | D14: 88891.348 | E14: 87367.486 | F14: 60362.621 | G14: 79779.731
B15: Derechos arancelarios sobre importaciones | C15: 3032.5598 | D15: 3124.2014 | E15: 3289.9652 | F15: 2077.5452 | G15: 2954.4977
B16: Otros impuestos sobre los productos netos de subvenciones | C16: 30695.06 | D16: 29770.996 | E16: 25724.13 | F16: 20794.005 | G16: 22805.899
B17: Márgenes de comercio y transporte | C17: 36881.005 | D17: 38390.63 | E17: 39196.771 | F17: 33014.428 | G17: 37893.005
B19: OFERTA TOTAL | C19: 624403.93 | D19: 656899.26 | E19: 667089.79 | F19: 554394.56 | G19: 651976.48
B21: Consumo intermedio | C21: 224413.88 | D21: 233466.9 | E21: 240740.9 | F21: 201643.69 | G21: 241360.51
B22: Consumo Final | C22: 260621.36 | D22: 274947.83 | E22: 281434.84 | F22: 252929.23 | G22: 273851.05
B23: Formación bruta de capital fijo | C23: 73365.902 | D23: 76353.295 | E23: 77674.896 | F23: 46179.012 | G23: 56384.913
B24: Variación de existencias | C24: 3306.8218 | D24: 3311.7577 | E24: -1551.1852 | F24: 4092.7715 | G24: 2370.3349
B25: Adquisición menos disposición de objetos valiosos | C25: 687.69157 | D25: 723.45853 | E25: 833.25089 | F25: 218.83067 | G25: 89.415966
... B28: UTILIZACIÓN TOTAL | C28: 624403.93 | D28: 656899.26 | E28: 667089.79 | F28: 554394.56 | G28: 651976.48
B30: Fuente: Instituto Nacional de Estadística

Sheet 2.17.2
B7: Cuadro N° 2.17.2
B8: BOLIVIA: ESTRUCTURA DE LA OFERTA Y UTILIZACIÓN TOTAL DE BIENES Y SERVICIOS, 2017-2021
B9: (En porcentaje)
B11: CONCEPTO | C11: 2017 | D11: 2018 | E11: 2019 | F11: 2020 | G11: 2021
B13: Valor Bruto de Producción | C13: 75.458184 | D13: 75.616174 | E13: 76.678049 | F13: 79.031432 | G13: 78.000259
B14: Importaciones de bienes y servicios | C14: 13.233652 | D14: 13.53196 | E14: 13.096811 | F14: 10.888026 | G14: 12.236597
B15: Derechos arancelarios sobre importaciones | C15: 0.48567276 | D15: 0.47559826 | E15: 0.49318176 | F15: 0.37474127 | G15: 0.45316016
B16: Otros impuestos sobre los productos netos de subvenciones | C16: 4.915898 | D16: 4.5320489 | E16: 3.8561721 | F16: 3.7507591 | G16: 3.4979635
B17: Márgenes de comercio y transporte | C17: 5.9065941 | D17: 5.8442188 | E17: 5.8757864 | F17: 5.9550419 | G17: 5.8120203
B19: OFERTA TOTAL (PRECIOS COMPRADOR) | C19: 100 | D19: 100 | E19: 100 | F19: 100 | G19: 100
B21: Consumo intermedio | C21: 35.940498 | D21: 35.540747 | E21: 36.08823 | F21: 36.371874 | G21: 37.019819
B22: Consumo Final | C22: 41.739225 | D22: 41.855402 | E22: 42.188449 | F22: 45.622604 | G22: 42.00321
B23: Formación bruta de capital fijo | C23: 11.74975 | D23: 11.623288 | E23: 11.643844 | F23: 8.3296294 | G23: 8.6483048
B24: Variación de existencias | C24: 0.52959657 | D24: 0.50415001 | E24: -0.23253019 | F24: 0.73824164 | G24: 0.36356141
B25: Adquisición menos disposición de objetos valiosos | C25: 0.11013569 | D25: 0.11013234 | E25: 0.12490836 | F25: 0.03947201 | G25: 0.0137146
... B28: UTILIZACIÓN FINAL (PRECIOS COMPRADOR) | C28: 100 | D28: 100 | E28: 100 | F28: 100 | G28: 100
B30: Fuente: Instituto Nacional de Estadística

Sheet 2.18.1
B7: Cuadro N° 2.18.1
B8: BOLIVIA: MEDIDAS DE VOLUMEN ENCADENADAS DE LA OFERTA Y UTILIZACIÓN TOTAL, 2017-2021
B9: (En millones de bolivianos encadenados)
B11: CONCEPTO | C11: 2017 | D11: 2018 | E11: 2019 | F11: 2020 | G11: 2021
B13: Valor Bruto de Producción | C13: 471163.86 | D13: 485388.67 | E13: 496689.57 | F13: 427563.3 | G13: 478145.99
B14: Importaciones de bienes y servicios | C14: 82631.44 | D14: 86250.632 | E14: 85611.466 | F14: 59808.888 | G14: 73391.83
B15: Derechos arancelarios sobre importaciones | C15: 3032.5598 | D15: 3182.4478 | E15: 3293.3789 | F15: 2161.3725 | G15: 2603.6074
B16: Otros impuestos sobre los productos netos de subvenciones | C16: 30695.06 | D16: 31836.024 | E16: 31473.67 | F16: 26641.082 | G16: 29025.27
B17: Márgenes de comercio y transporte | C17: 36881.005 | D17: 37908.355 | E17: 38391.151 | F17: 32621.988 | G17: 37352.402
B19: OFERTA TOTAL1 | C19: 624403.93 | D19: 644566.13 | E19: 655521.53 | F19: 548911.17 | G19: 620809.61
B21: Consumo intermedio | C21: 224413.88 | D21: 231854.77 | E21: 238591.09 | F21: 199896.46 | G21: 229224.33
B22: Consumo Final | C22: 260621.36 | D22: 268892.15 | E22: 273884.72 | F22: 247719.63 | G22: 265201.47
B23: Formación bruta de capital fijo | C23: 73365.902 | D23: 76585.182 | E23: 80103.181 | F23: 47866.956 | G23: 57334.993
B24: Variación de existencias | C24: NA | D24: NA | E24: NA | F24: NA | G24: NA
B25: Adquisición menos disposición de objetos valiosos | C25: 687.69157 | D25: 717.75743 | E25: 748.00151 | F25: 161.74379 | G25: 63.231466
B26: Exportación de bienes y servicios | C26: 62008.275 | D26: 63181.474 | E26: 64092.381 | F26: 48766.449 | G26: 67025.471
B28: UTILIZACIÓN TOTAL | C28: 624403.93 | D28: 644566.12 | E28: 655521.53 | F28: 548911.17 | G28: 620809.61
B30: Fuente: Instituto Nacional de Estadística
B31: (1): La diferencia entre la suma del valor de los componentes y el valor total se explica por la aplicación del método de medidas de volumen encadenadas.
B32: NA: No aplica en series encadenadas

Sheet 2.18.2
B7: Cuadro N° 2.18.2
B8: BOLIVIA: VARIACIÓN DE LAS MEDIDAS DE VOLUMEN ENCADENADAS DE LA OFERTA Y UTILIZACIÓN TOTAL, 2017-2021
B9: (En porcentaje)
B11: CONCEPTO | C11: 2018 | D11: 2019 | E11: 2020 | F11: 2021
B13: Valor Bruto de Producción | C13: 3.0190788 | D13: 2.328217 | E13: -13.917398 | F13: 11.830454
B14: Importaciones de bienes y servicios | C14: 4.3799204 | D14: -0.74105608 | E14: -30.139162 | F14: 22.710573
B15: Derechos arancelarios sobre importaciones | C15: 4.9426248 | D15: 3.4857139 | E15: -34.372187 | F15: 20.460834
B16: Otros impuestos sobre los productos netos de subvenciones | C16: 3.7170924 | D16: -1.1381895 | E16: -15.354383 | F16: 8.9492918
B17: Márgenes de comercio y transporte | C17: 2.7855782 | D17: 1.2735894 | E17: -15.027326 | F17: 14.500692
B19: OFERTA TOTAL1 | C19: 3.2290317 | D19: 1.6996552 | E19: -16.263441 | F19: 13.098374
B21: Consumo intermedio | C21: 3.3157019 | D21: 2.9054044 | E21: -16.217971 | F21: 14.671531
B22: Consumo Final | C22: 3.1734884 | D22: 1.8567203 | E22: -9.5533235 | F22: 7.0571103
B23: Formación bruta de capital fijo | C23: 4.3879773 | D23: 4.593577 | E23: -40.243377 | F23: 19.779901
B24: Variación de existencias | C24: 0 | D24: 0 | E24: 0 | F24: 0
B25: Adquisición menos disposición de objetos valiosos | C25: 4.3719984 | D25: 4.2136908 | E25: -78.376542 | F25: -60.906403
... B28: UTILIZACIÓN TOTAL | C28: 3.2290313 | D28: 1.6996552 | E28: -16.263441 | F28: 13.098374
B30: Fuente: Instituto Nacional de Estadística
B31: (1): La diferencia entre la suma del valor de los componentes y el valor total se explica por la aplicación del método de medidas de volumen encadenadas.

Sheet 2.18.3
B7: Cuadro N° 2.18.3
B8: BOLIVIA: CONTRIBUCIÓN A LA VARIACIÓN DE LAS MEDIDAS DE VOLUMEN ENCADENADAS DE LA OFERTA Y UTILIZACIÓN TOTAL, 2017-2021
B9: (En porcentaje)
B11: CONCEPTO | C11: 2018 | D11: 2019 | E11: 2020 | F11: 2021
B13: Valor Bruto de Producción | C13: 2.278142 | D13: 1.7605086 | E13: -10.671589 | F13: 9.3497774
B14: Importaciones de bienes y servicios | C14: 0.57962341 | D14: -0.10027942 | E14: -3.9472689 | F14: 2.472733
B15: Derechos arancelarios sobre importaciones | C15: 0.024004983 | D15: 0.016577994 | E15: -0.16951736 | F15: 0.076675188
B16: Otros impuestos sobre los productos netos de subvenciones | C16: 0.18272847 | D16: -0.051583304 | E16: -0.59209145 | F16: 0.33566638
B17: Márgenes de comercio y transporte | C17: 0.1645328 | D17: 0.074431348 | E17: -0.88297358 | F17: 0.86352231
B19: OFERTA TOTAL (PRECIOS COMPRADOR) | C19: 3.2290317 | D19: 1.6996552 | E19: -16.263441 | F19: 13.098374
B21: Consumo intermedio | C21: 1.1916798 | D21: 1.0326024 | E21: -5.8527787 | F21: 5.3363108
B22: Consumo Final | C22: 1.3245894 | D22: 0.77713773 | E22: -4.0303991 | F22: 3.2196375
B23: Formación bruta de capital fijo | C23: 0.51557637 | D23: 0.5339247 | E23: -4.6858761 | F23: 1.6475924
B24: Variación de existencias | C24: 0.0044795941 | D24: -0.79810416 | E24: 0.83947669 | F24: -0.41276131
B25: Adquisición menos disposición de objetos valiosos | C25: 0.0048151305 | D25: 0.0046406364 | E25: -0.09789885 | F25: -0.024040981
... B28: UTILIZACIÓN TOTAL (PRECIOS COMPRADOR) | C28: 3.2290313 | D28: 1.6996552 | E28: -16.263441 | F28: 13.098374
B30: Fuente: Instituto Nacional de Estadística

Sheet 3.1.1
B7: Cuadro N° 3.1.1
B8: BOLIVIA: OFERTA Y UTILIZACIÓN, 2017
B9: (En millones de bolivianos corrientes)
D11: OFERTA TOTAL | L11: DEMANDA TOTAL
B12: PRODUCTOS | D12: VALOR BRUTO DE PRODUCCIÓN | E12: IMPORTACIONES | F12: IMPUESTO AL VALOR AGREGADO (IVA no deducible) | G12: DERECHOS ARANCELARIOS SOBRE IMPORTACIONES | H12: OTROS IMPUESTOS SOBRE LOS PRODUCTOS Y LAS IMPORTACIONES | I12: SUBVENCIONES | J12: MÁRGENES DE COMERCIALIZACIÓN Y TRANSPORTE | K12: OFERTA TOTAL (Precio Comprador) | L12: CONSUMO INTERMEDIO (precio comprador) | M12: CONSUMO FINAL (Precio Comprador) | N12: Hogares | O12: ISFLHS | P12: GOBIERNO GENERAL | Q12: Gobierno Individual | R12: Gobierno Colectivo | S12: FORMACIÓN BRUTA DE CAPITAL (Precio Comprador) | T12: Formación Bruta de Capital Fijo (Precio Comprador) | U12: Total Variaciones de Existencias (Precio Comprador) | V12: Objetos valiosos | W12: EXPORTACIONES (Precio Comprador) | X12: DEMANDA TOTAL (Precio Comprador)
B14: 010101 | C14: Trigo | D14: 770.05521 | E14: 208.22493 | F14: 0.31497674 | G14: 0.447685 | H14: 0 | I14: -12.450134 | J14: 26.937496 | K14: 993.53017 | L14: 886.53043 | M14: 26.188974 | N14: 25.80638 | O14: 0 | P14: 0.38259373 | Q14: 0.38259373 | R14: 0 | S14: 80.810758 | T14: 0 | U14: 80.810758 | W14: 0 | X14: 993.53017
B15: 010102 | C15: Arroz con cáscara | D15: 1482.8799 | E15: 0 | F15: 0 | G15: 0 | H15: 0 | I15: -13.221921 | J15: 20.858858 | K15: 1490.5168 | L15: 1510.3482 | M15: 0 | N15: 0 | O15: 0 | P15: 0 | Q15: 0 | R15: 0 | S15: -19.831378 | T15: 0 | U15: -19.831378 | W15: 0 | X15: 1490.5168
B16: 010103 | C16: Maíz | D16: 2416.6624 | E16: 158.5413 | F16: 17.590775 | G16: 1.221668 | H16: 0 | I16: -89.937624 | J16: 92.374458 | K16: 2596.453 | L16: 2084.6909 | M16: 73.99449 | N16: 72.016807 | O16: 0 | P16: 1.9776825 | Q16: 1.9776825 | R16: 0 | S16: 285.38901 | T16: 0 | U16: 285.38901 | W16: 152.37857 | X16: 2596.453
B17: 010104 | C17: Quinua | D17: 375.81392 | E17: 0 | F17: 0 | G17: 0 | H17: 0 | I17: 0 | J17: 5.5446279 | K17: 381.35855 | L17: 371.59544 | M17: 8.0836823 | N17: 8.0836823 | O17: 0 | P17: 0 | Q17: 0 | R17: 0 | S17: 1.6794244 | T17: 0 | U17: 1.6794244 | W17: 0 | X17: 381.35855
B18: 010105 | C18: Cereales diversos | D18: 1180.0731 | E18: 53.648984 | F18: 6.0037484 | G18: 2.601572 | H18: 0 | I18: 0 | J18: 40.139501 | K18: 1282.4669 | L18: 1097.2698 | M18: 76.537597 | N18: 76.48597 | O18: 0 | P18: 0.051626276 | Q18: 0.051626276 | R18: 0 | S18: 82.949407 | T18: 0 | U18: 82.949407 | W18: 25.710098 | X18: 1282.4669
B19: 010201 | C19: Leguminosas | D19: 1265.4851 | E19: 10.401134 | F19: 4.3734025 | G19: 0.453459 | H19: 0 | I19: 0 | J19: 307.91949 | K19: 1588.6326 | L19: 222.49152 | M19: 1179.8459 | N19: 1175.6669 | O19: 0 | P19: 4.1789765 | Q19: 4.1789765 | R19: 0 | S19: 83.478672 | T19: 0 | U19: 83.478672 | W19: 102.81651 | X19: 1588.6326
B20: 010202 | C20: Raíces, bulbos y hortalizas tuberosas | D20: 285.24479 | E20: 35.04607 | F20: 1.6445451 | G20: 0.9587 | H20: 0 | I20: 0 | J20: 86.147754 | K20: 409.04186 | L20: 121.98492 | M20: 283.78495 | N20: 283.77016 | O20: 0 | P20: 0.014788777 | Q20: 0.014788777 | R20: 0 | S20: 2.0467917 | T20: 0 | U20: 2.0467917 | W20: 1.2251946 | X20: 409.04186
B21: 010203 | C21: Hortalizas de hoja o de tallo | D21: 57.627836 | E21: 6.9293052 | F21: 0.14588243 | G21: 0.256662 | H21: 0 | I21: 0 | J21: 17.547878 | K21: 82.507563 | L21: 33.201775 | M21: 49.563172 | N21: 49.563172 | O21: 0 | P21: 0 | Q21: 0 | R21: 0 | S21: -0.25932922 | T21: 0 | U21: -0.25932922 | W21: 0.0019455288 | X21: 82.507563
B22: 010204 | C22: Hortalizas productoras de frutos | D22: 357.99565 | E22: 49.092124 | F22: 2.4060737 | G22: 1.561269 | H22: 0 | I22: 0 | J22: 107.64165 | K22: 518.69676 | L22: 185.12722 | M22: 322.36932 | N22: 317.69122 | O22: 0 | P22: 4.6780999 | Q22: 4.6780999 | R22: 0 | S22: 7.65296 | T22: 0 | U22: 7.65296 | W22: 3.5472578 | X22: 518.69676
B23: 010301 | C23: Papa y sus derivados | D23: 3031.232 | E23: 271.38444 | F23: 9.1490965 | G23: 1.046272 | H23: 0 | I23: 0 | J23: 845.25547 | K23: 4158.0673 | L23: 1441.691 | M23: 2696.6144 | N23: 2696.5364 | O23: 0 | P23: 0.077955677 | Q23: 0.077955677 | R23: 0 | S23: 10.04074 | T23: 0 | U23: 10.04074 | W23: 9.7211231 | X23: 4158.0673
B24: 010302 | C24: Otros tubérculos | D24: 523.80659 | E24: 9.8061451 | F24: 0.6436087 | G24: 0.150417 | H24: 0 | I24: 0 | J24: 137.77439 | K24: 672.18116 | L24: 152.11869 | M24: 500.67903 | N24: 500.67903 | O24: 0 | P24: 0 | Q24: 0 | R24: 0 | S24: 19.086688 | T24: 0 | U24: 19.086688 | W24: 0.29675178 | X24: 672.18116
B25: 010401 | C25: Cítricos | D25: 682.58802 | E25: 1.4258526 | F25: 1.5986209 | G25: 0.061929 | H25: 0 | I25: 0 | J25: 184.51082 | K25: 870.18525 | L25: 191.11916 | M25: 666.53255 | N25: 657.58858 | O25: 0 | P25: 8.9439672 | Q25: 8.9439672 | R25: 0 | S25: -1.1342861 | T25: 0 | U25: -1.1342861 | W25: 13.667825 | X25: 870.18525
... B178: 230101 | C178: Fabricación de muebles y colchones | D178: 2106.874 | E178: 405.40409 | F178: 72.876493 | G178: 48.24559 | H178: 22.747225 | I178: 0 | J178: 247.50924 | K178: 2903.6566 | L178: 703.66313 | M178: 1056.2809 | N178: 1056.2809 | O178: 0 | P178: 0 | Q178: 0 | R178: 0 | S178: 1087.7589 | T178: 1018.2973 | U178: 69.461609 | W178: 55.953657 | X178: 2903.6566
B179: 230201 | C179: Joyas y artículos conexos | D179: 1761.7654 | E179: 197.18287 | F179: 15.718804 | G179: 0.794848 | H179: 11.208112 | I179: 0 | J179: 244.56994 | K179: 2231.2399 | L179: 29.803503 | M179: 337.91561 | N179: 337.91561 | O179: 0 | P179: 0 | Q179: 0 | R179: 0 | S179: 789.76658 | T179: 0 | U179: 102.07501 | V179: 687.69157 | W179: 1073.7542 | X179: 2231.2399
B180: 230301 | C180: Instrumentos de música, artículos de deporte, juegos y juguetes | D180: 10.011845 | E180: 490.34508 | F180: 44.551625 | G180: 51.086888 | H180: 15.362104 | I180: 0 | J180: 149.88816 | K180: 761.2457 | L180: 116.53851 | M180: 568.48137 | N180: 548.85246 | O180: 5.330228 | P180: 14.298684 | Q180: 14.298684 | R180: 0 | S180: 68.088045 | T180: 19.687798 | U180: 48.400247 | W180: 8.1377744 | X180: 761.2457
B181: 230401 | C181: Artículos manufacturados diversos | D181: 525.20755 | E181: 836.2416 | F181: 54.641146 | G181: 39.522262 | H181: 41.214302 | I181: 0 | J181: 432.43731 | K181: 1929.2642 | L181: 1205.2747 | M181: 540.97777 | N181: 533.43164 | O181: 0 | P181: 7.5461353 | Q181: 7.5461353 | R181: 0 | S181: 162.8268 | T181: 160.97811 | U181: 1.8486901 | W181: 20.184847 | X181: 1929.2642
B182: 230501 | C182: Desperdicios de la industria de la alimentación | D182: 179.76841 | E182: 1.233936 | F182: 0 | G182: 0 | H182: 0.015817102 | I182: -2.8533038 | J182: 0.29795957 | K182: 178.46282 | L182: 147.64677 | M182: 18.570175 | N182: 18.570175 | O182: 0 | P182: 0 | Q182: 0 | R182: 0 | S182: 6.4302383 | T182: 0 | U182: 6.4302383 | W182: 5.8156367 | X182: 178.46282
B183: 230502 | C183: Desperdicios ó desechos Metálicos y No Metálicos | D183: 402.03165 | E183: 65.14228 | F183: 0 | G183: 5.132473 | H183: 10.917003 | I183: 0 | J183: 0.4659201 | K183: 483.68932 | L183: 340.30215 | M183: 0 | N183: 0 | O183: 0 | P183: 0 | Q183: 0 | R183: 0 | S183: 13.270722 | T183: 0 | U183: 13.270722 | W183: 130.11646 | X183: 483.68932
B184: 240101 | C184: Servicio de distribución de electricidad | D184: 5418.7422 | E184: 0 | F184: 411.24785 | G184: 0 | H184: 241.38804 | I184: 0 | J184: 0 | K184: 6071.3781 | L184: 3496.0773 | M184: 2575.3008 | N184: 2575.3008 | O184: 0 | P184: 0 | Q184: 0 | R184: 0 | S184: 0 | T184: 0 | U184: 0 | W184: 0 | X184: 6071.3781
B185: 240201 | C185: Servicio de distribución de agua por tuberías | D185: 752.23027 | E185: 0 | F185: 64.21731 | G185: 0 | H185: 48.152709 | I185: 0 | J185: 0 | K185: 864.60028 | L185: 404.28032 | M185: 460.31996 | N185: 315.27366 | O185: 145.0463 | P185: 0 | Q185: 0 | R185: 0 | S185: 0 | T185: 0 | U185: 0 | W185: 0 | X185: 864.60028
B186: 250101 | C186: Edificaciones residenciales públicas y privadas | D186: 15034.757 | E186: 0 | F186: 7.5559041 | G186: 0 | H186: 144.57878 | I186: 0 | J186: 0 | K186: 15186.892 | L186: 0 | M186: 0 | N186: 0 | O186: 0 | P186: 0 | Q186: 0 | R186: 0 | S186: 15186.892 | T186: 14795.013 | U186: 391.87854 | W186: 0 | X186: 15186.892
B187: 250102 | C187: Edificaciones no residenciales públicas y privadas | D187: 8954.6444 | E187: 0 | F187: 284.89065 | G187: 0 | H187: 269.12432 | I187: 0 | J187: 0 | K187: 9508.6594 | L187: 0 | M187: 0 | N187: 0 | O187: 0 | P187: 0 | Q187: 0 | R187: 0 | S187: 9508.6594 | T187: 9508.6594 | U187: 0 | W187: 0 | X187: 9508.6594
B188: 250103 | C188: Reparación y mantenimiento de edificaciones, alquiler de equipo dotado de operarios y servicios para la construcción | D188: 4949.9297 | E188: 383.20147 | F188: 76.0661 | G188: 0 | H188: 77.768895 | I188: 0 | J188: 0 | K188: 5486.9662 | L188: 4148.7729 | M188: 965.67714 | N188: 965.67714 | O188: 0 | P188: 0 | Q188: 0 | R188: 0 | S188: 369.35902 | T188: 362.35007 | U188: 7.0089551 | W188: 3.1570838 | X188: 5486.9662
B189: 260101 | C189: Servicios de construcción de obras de ingeniería civil | D189: 18391.658 | E189: 0 | F189: 2111.8358 | G189: 0 | H189: 538.33409 | I189: 0 | J189: 0 | K189: 21041.828 | L189: 0 | M189: 0 | N189: 0 | O189: 0 | P189: 0 | Q189: 0 | R189: 0 | S189: 21041.828 | T189: 21041.828 | U189: 0 | W189: 0 | X189: 21041.828
B190: 260201 | C190: Servicios de mejoramiento y mantenimiento | D190: 1044.7743 | E190: 0 | F190: 127.11079 | G190: 0 | H190: 25.524255 | I190: 0 | J190: 0 | K190: 1197.4094 | L190: 193.99417 | M190: 0 | N190: 0 | O190: 0 | P190: 0 | Q190: 0 | R190: 0 | S190: 1003.4152 | T190: 1003.4152 | U190: 0 | W190: 0 | X190: 1197.4094
B191: 270101 | C191: Comercio | D191: 36881.005 | E191: 0 | F191: 0 | G191: 0 | H191: 0 | I191: 0 | J191: -36881.005 | K191: 0 | L191: 0 | M191: 0 | N191: 0 | O191: 0 | P191: 0 | Q191: 0 | R191: 0 | S191: 0 | T191: 0 | U191: 0 | W191: 0 | X191: 0
... B229: 420101 | C229: Compras Directas de Bienes y Otros Servicios | D229: 0 | E229: 1577.6714 | F229: 0 | G229: 0 | H229: 0 | I229: 0 | J229: 0 | K229: 1577.6714 | L229: 0 | M229: -445.37309 | N229: -445.37309 | O229: 0 | P229: 0 | Q229: 0 | R229: 0 | S229: 0 | T229: 0 | U229: 0 | W229: 2023.0445 | X229: 1577.6714
C230: TOTAL | D230: 508044.87 | E230: 82631.44 | F230: 17345.144 | G230: 3032.5598 | H230: 15689.247 | I230: -2339.3311 | J230: 5.8207661e-11 | K230: 624403.93 | L230: 224413.88 | M230: 260621.36 | N230: 210245.92 | O230: 2151.0797 | P230: 48224.356 | Q230: 29224.732 | R230: 18999.624 | S230: 77360.416 | T230: 73365.902 | U230: 3306.8218 | V230: 687.69157 | W230: 62008.275 | X230: 624403.93
B231: Fuente: Instituto Nacional de Estadística

Sheet 3.1.2
B7: Cuadro N° 3.1.2
B8: BOLIVIA: OFERTA Y UTILIZACIÓN, 2018
B9: (En millones de bolivianos corrientes)
D11: OFERTA TOTAL | L11: DEMANDA TOTAL
B12: PRODUCTOS | D12: VALOR BRUTO DE PRODUCCIÓN | E12: IMPORTACIONES | F12: IMPUESTO AL VALOR AGREGADO (IVA no deducible) | G12: DERECHOS ARANCELARIOS SOBRE IMPORTACIONES | H12: OTROS IMPUESTOS SOBRE LOS PRODUCTOS Y LAS IMPORTACIONES | I12: SUBVENCIONES | J12: MÁRGENES DE COMERCIALIZACIÓN Y TRANSPORTE | K12: OFERTA TOTAL (Precio Comprador) | L12: CONSUMO INTERMEDIO (precio comprador) | M12: CONSUMO FINAL (Precio Comprador) | N12: Hogares | O12: ISFLHS | P12: GOBIERNO GENERAL | Q12: Gobierno Individual | R12: Gobierno Colectivo | S12: FORMACIÓN BRUTA DE CAPITAL (Precio Comprador) | T12: Formación Bruta de Capital Fijo (Precio Comprador) | U12: Total Variaciones de Existencias (Precio Comprador) | V12: Objetos valiosos | W12: EXPORTACIONES (Precio Comprador) | X12: DEMANDA TOTAL (Precio Comprador)
B14: 010101 | C14: Trigo | D14: 730.05938 | E14: 104.48746 | F14: 0.5675881 | G14: 0.000669 | H14: 0 | I14: -2.5502304 | J14: 29.532973 | K14: 862.09784 | L14: 964.20212 | M14: 30.333595 | N14: 29.935802 | O14: 0 | P14: 0.3977928 | Q14: 0.3977928 | R14: 0 | S14: -132.43787 | T14: 0 | U14: -132.43787 | W14: 0 | X14: 862.09784
B15: 010102 | C15: Arroz con cáscara | D15: 1603.8516 | E15: 10.137732 | F15: 9.2089944e-07 | G15: 5e-06 | H15: 0 | I15: -12.105635 | J15: 22.044422 | K15: 1623.9282 | L15: 1599.3182 | M15: 5.0688141 | N15: 5.0688141 | O15: 0 | P15: 0 | Q15: 0 | R15: 0 | S15: 19.541123 | T15: 0 | U15: 19.541123 | W15: 0 | X15: 1623.9282
B16: 010103 | C16: Maíz | D16: 2525.2577 | E16: 128.69278 | F16: 14.852943 | G16: 1.166774 | H16: 0 | I16: -100.87007 | J16: 100.83903 | K16: 2669.9391 | L16: 2268.1485 | M16: 74.999239 | N16: 72.942991 | O16: 0 | P16: 2.0562487 | Q16: 2.0562487 | R16: 0 | S16: 191.57304 | T16: 0 | U16: 191.57304 | W16: 135.21835 | X16: 2669.9391
B17: 010104 | C17: Quinua | D17: 435.96656 | E17: 5.0688141 | F17: 0 | G17: 0 | H17: 0 | I17: 0 | J17: 6.326984 | K17: 447.36236 | L17: 433.45257 | M17: 9.1050214 | N17: 9.1050214 | O17: 0 | P17: 0 | Q17: 0 | R17: 0 | S17: 4.8047659 | T17: 0 | U17: 4.8047659 | W17: 0 | X17: 447.36236
B18: 010105 | C18: Cereales diversos | D18: 1001.3114 | E18: 68.785611 | F18: 10.945144 | G18: 4.024908 | H18: 0 | I18: 0 | J18: 38.419564 | K18: 1123.4867 | L18: 977.23571 | M18: 79.79518 | N18: 79.741503 | O18: 0 | P18: 0.053677203 | Q18: 0.053677203 | R18: 0 | S18: 24.135015 | T18: 0 | U18: 24.135015 | W18: 42.320742 | X18: 1123.4867
B19: 010201 | C19: Leguminosas | D19: 1115.2591 | E19: 6.0357418 | F19: 5.0164945 | G19: 0.432148 | H19: 0 | I19: 0 | J19: 284.40996 | K19: 1411.1534 | L19: 202.52774 | M19: 1092.42 | N19: 1088.4319 | O19: 0 | P19: 3.9880999 | Q19: 3.9880999 | R19: 0 | S19: 9.3039227 | T19: 0 | U19: 9.3039227 | W19: 106.90173 | X19: 1411.1534
B20: 010202 | C20: Raíces, bulbos y hortalizas tuberosas | D20: 291.84922 | E20: 28.285422 | F20: 1.2767314 | G20: 0.241763 | H20: 0 | I20: 0 | J20: 85.145964 | K20: 406.7991 | L20: 119.5401 | M20: 279.30963 | N20: 279.29426 | O20: 0 | P20: 0.015376282 | Q20: 0.015376282 | R20: 0 | S20: 5.2310861 | T20: 0 | U20: 5.2310861 | W20: 2.7182879 | X20: 406.7991
B21: 010203 | C21: Hortalizas de hoja o de tallo | D21: 60.398122 | E21: 6.7039043 | F21: 0.20044038 | G21: 0.315501 | H21: 0 | I21: 0 | J21: 18.248527 | K21: 85.866495 | L21: 35.799133 | M21: 51.522857 | N21: 51.522857 | O21: 0 | P21: 0 | Q21: 0 | R21: 0 | S21: -1.455495 | T21: 0 | U21: -1.455495 | W21: 0 | X21: 85.866495
B22: 010204 | C22: Hortalizas productoras de frutos | D22: 359.74148 | E22: 39.748948 | F22: 2.4840838 | G22: 1.474001 | H22: 0 | I22: 0 | J22: 105.09985 | K22: 508.54837 | L22: 184.60065 | M22: 315.8994 | N22: 311.03546 | O22: 0 | P22: 4.863944 | Q22: 4.863944 | R22: 0 | S22: 3.1738286 | T22: 0 | U22: 3.1738286 | W22: 4.8744876 | X22: 508.54837
B23: 010301 | C23: Papa y sus derivados | D23: 2683.5634 | E23: 230.29575 | F23: 10.07137 | G23: 0.217276 | H23: 0 | I23: 0 | J23: 728.09598 | K23: 3652.2437 | L23: 1244.7828 | M23: 2330.4745 | N23: 2330.3935 | O23: 0 | P23: 0.081052576 | Q23: 0.081052576 | R23: 0 | S23: 68.44763 | T23: 0 | U23: 68.44763 | W23: 8.5387895 | X23: 3652.2437
B24: 010302 | C24: Otros tubérculos | D24: 525.33205 | E24: 3.5678272 | F24: 0.83375909 | G24: 0.125942 | H24: 0 | I24: 0 | J24: 138.33856 | K24: 668.19814 | L24: 156.94392 | M24: 501.61559 | N24: 501.61559 | O24: 0 | P24: 0 | Q24: 0 | R24: 0 | S24: 9.0513651 | T24: 0 | U24: 9.0513651 | W24: 0.58726343 | X24: 668.19814
B25: 010401 | C25: Cítricos | D25: 709.94927 | E25: 1.1873728 | F25: 2.2807002 | G25: 0.107686 | H25: 0 | I25: 0 | J25: 194.45817 | K25: 907.9832 | L25: 200.45657 | M25: 698.5651 | N25: 689.26582 | O25: 0 | P25: 9.2992789 | Q25: 9.2992789 | R25: 0 | S25: 7.1635372 | T25: 0 | U25: 7.1635372 | W25: 1.7979977 | X25: 907.9832
... B178: 230101 | C178: Fabricación de muebles y colchones | D178: 2158.7341 | E178: 387.84525 | F178: 89.244167 | G178: 46.616564 | H178: 26.684384 | I178: 0 | J178: 253.45741 | K178: 2962.5819 | L178: 747.33404 | M178: 1065.3301 | N178: 1065.3301 | O178: 0 | P178: 0 | Q178: 0 | R178: 0 | S178: 1093.0672 | T178: 1099.0952 | U178: -6.0279722 | W178: 56.850583 | X178: 2962.5819
B179: 230201 | C179: Joyas y artículos conexos | D179: 1754.6608 | E179: 173.97643 | F179: 19.707546 | G179: 1.392963 | H179: 12.584796 | I179: 0 | J179: 248.65131 | K179: 2210.9739 | L179: 51.594876 | M179: 363.88948 | N179: 363.88948 | O179: 0 | P179: 0 | Q179: 0 | R179: 0 | S179: 728.15196 | T179: 0 | U179: 4.6934339 | V179: 723.45853 | W179: 1067.3376 | X179: 2210.9739
B180: 230301 | C180: Instrumentos de música, artículos de deporte, juegos y juguetes | D180: 10.166536 | E180: 448.20453 | F180: 49.643405 | G180: 47.742159 | H180: 17.349881 | I180: 0 | J180: 154.71153 | K180: 727.81804 | L180: 107.46275 | M180: 595.49844 | N180: 574.81668 | O180: 5.655533 | P180: 15.026236 | Q180: 15.026236 | R180: 0 | S180: 15.531819 | T180: 17.052337 | U180: -1.5205179 | W180: 9.3250238 | X180: 727.81804
B181: 230401 | C181: Artículos manufacturados diversos | D181: 543.98722 | E181: 812.76151 | F181: 70.595878 | G181: 39.313075 | H181: 47.987074 | I181: 0 | J181: 434.53878 | K181: 1949.1835 | L181: 1270.2013 | M181: 549.74014 | N181: 543.4647 | O181: 0 | P181: 6.2754337 | Q181: 6.2754337 | R181: 0 | S181: 105.41431 | T181: 83.802305 | U181: 21.612002 | W181: 23.82785 | X181: 1949.1835
B182: 230501 | C182: Desperdicios de la industria de la alimentación | D182: 174.95947 | E182: 0.582307 | F182: 0 | G182: 0 | H182: 0.025166724 | I182: -4.1450137 | J182: 0.30519096 | K182: 171.72712 | L182: 150.8714 | M182: 18.970175 | N182: 18.970175 | O182: 0 | P182: 0 | Q182: 0 | R182: 0 | S182: -4.6406796 | T182: 0 | U182: -4.6406796 | W182: 6.526225 | X182: 171.72712
B183: 230502 | C183: Desperdicios ó desechos Metálicos y No Metálicos | D183: 446.53488 | E183: 72.746439 | F183: 0 | G183: 5.720541 | H183: 12.705337 | I183: 0 | J183: 0.45526732 | K183: 538.16247 | L183: 355.19721 | M183: 0 | N183: 0 | O183: 0 | P183: 0 | Q183: 0 | R183: 0 | S183: -5.9486527 | T183: 0 | U183: -5.9486527 | W183: 188.91391 | X183: 538.16247
B184: 240101 | C184: Servicio de distribución de electricidad | D184: 5832.4686 | E184: 0 | F184: 425.25571 | G184: 0 | H184: 261.18148 | I184: 0 | J184: 0 | K184: 6518.9058 | L184: 3732.1475 | M184: 2786.7583 | N184: 2786.7583 | O184: 0 | P184: 0 | Q184: 0 | R184: 0 | S184: 0 | T184: 0 | U184: 0 | W184: 0 | X184: 6518.9058
B185: 240201 | C185: Servicio de distribución de agua por tuberías | D185: 778.74817 | E185: 0 | F185: 64.648278 | G185: 0 | H185: 49.557182 | I185: 0 | J185: 0 | K185: 892.95363 | L185: 421.84206 | M185: 471.11157 | N185: 321.3933 | O185: 149.71827 | P185: 0 | Q185: 0 | R185: 0 | S185: 0 | T185: 0 | U185: 0 | W185: 0 | X185: 892.95363
B186: 250101 | C186: Edificaciones residenciales públicas y privadas | D186: 15392.635 | E186: 0 | F186: 7.5797052 | G186: 0 | H186: 145.23784 | I186: 0 | J186: 0 | K186: 15545.453 | L186: 0 | M186: 0 | N186: 0 | O186: 0 | P186: 0 | Q186: 0 | R186: 0 | S186: 15545.453 | T186: 15630.395 | U186: -84.941695 | W186: 0 | X186: 15545.453
B187: 250102 | C187: Edificaciones no residenciales públicas y privadas | D187: 9073.9706 | E187: 0 | F187: 302.36459 | G187: 0 | H187: 277.23599 | I187: 0 | J187: 0 | K187: 9653.5712 | L187: 0 | M187: 0 | N187: 0 | O187: 0 | P187: 0 | Q187: 0 | R187: 0 | S187: 9653.5712 | T187: 9653.5712 | U187: 0 | W187: 0 | X187: 9653.5712
B188: 250103 | C188: Reparación y mantenimiento de edificaciones, alquiler de equipo dotado de operarios y servicios para la construcción | D188: 5217.8668 | E188: 500.09835 | F188: 77.238659 | G188: 0 | H188: 68.82465 | I188: 0 | J188: 0 | K188: 5864.0285 | L188: 4415.1954 | M188: 979.23204 | N188: 979.23204 | O188: 0 | P188: 0 | Q188: 0 | R188: 0 | S188: 464.76401 | T188: 485.89581 | U188: -21.131796 | W188: 4.837 | X188: 5864.0285
B189: 260101 | C189: Servicios de construcción de obras de ingeniería civil | D189: 20070.656 | E189: 0 | F189: 2298.7279 | G189: 0 | H189: 618.057 | I189: 0 | J189: 0 | K189: 22987.441 | L189: 0 | M189: 0 | N189: 0 | O189: 0 | P189: 0 | Q189: 0 | R189: 0 | S189: 22987.441 | T189: 22987.441 | U189: 0 | W189: 0 | X189: 22987.441
B190: 260201 | C190: Servicios de mejoramiento y mantenimiento | D190: 1002.7344 | E190: 0 | F190: 161.89127 | G190: 0 | H190: 30.082937 | I190: 0 | J190: 0 | K190: 1194.7086 | L190: 190.99596 | M190: 0 | N190: 0 | O190: 0 | P190: 0 | Q190: 0 | R190: 0 | S190: 1003.7127 | T190: 1003.7127 | U190: 0 | W190: 0 | X190: 1194.7086
B191: 270101 | C191: Comercio | D191: 38390.63 | E191: 0 | F191: 0 | G191: 0 | H191: 0 | I191: 0 | J191: -38390.63 | K191: 0 | L191: 0 | M191: 0 | N191: 0 | O191: 0 | P191: 0 | Q191: 0 | R191: 0 | S191: 0 | T191: 0 | U191: 0 | W191: 0 | X191: 0
... B229: 420101 | C229: Compras Directas de Bienes y Otros Servicios | D229: 0 | E229: 1524.0089 | F229: 0 | G229: 0 | H229: 0 | I229: 0 | J229: 0 | K229: 1524.0089 | L229: 0 | M229: -135.7355 | N229: -135.7355 | O229: 0 | P229: 0 | Q229: 0 | R229: 0 | S229: 0 | T229: 0 | U229: 0 | W229: 1659.7444 | X229: 1524.0089
C230: TOTAL | D230: 535112.71 | E230: 88891.348 | F230: 17909.695 | G230: 3124.2014 | H230: 16194.947 | I230: -4333.6464 | J230: 7.2759576e-12 | K230: 656899.26 | L230: 233466.9 | M230: 274947.83 | N230: 218915.55 | O230: 2243.926 | P230: 53788.348 | Q230: 33816.706 | R230: 19971.643 | S230: 80388.511 | T230: 76353.295 | U230: 3311.7577 | V230: 723.45853 | W230: 68096.019 | X230: 656899.26
B231: Fuente: Instituto Nacional de Estadística

Sheet 3.1.3
B7: Cuadro N° 3.1.3
B8: BOLIVIA: OFERTA Y UTILIZACIÓN, 2019
B9: (En millones de bolivianos corrientes)
D11: OFERTA TOTAL | L11: DEMANDA TOTAL
B12: PRODUCTOS | D12: VALOR BRUTO DE PRODUCCIÓN | E12: IMPORTACIONES | F12: IMPUESTO AL VALOR AGREGADO (IVA no deducible) | G12: DERECHOS ARANCELARIOS SOBRE IMPORTACIONES | H12: OTROS IMPUESTOS SOBRE LOS PRODUCTOS Y LAS IMPORTACIONES | I12: SUBVENCIONES | J12: MÁRGENES DE COMERCIALIZACIÓN Y TRANSPORTE | K12: OFERTA TOTAL (Precio Comprador) | L12: CONSUMO INTERMEDIO (precio comprador) | M12: CONSUMO FINAL (Precio Comprador) | N12: Hogares | O12: ISFLHS | P12: GOBIERNO GENERAL | Q12: Gobierno Individual | R12: Gobierno Colectivo | S12: FORMACIÓN BRUTA DE CAPITAL (Precio Comprador) | T12: Formación Bruta de Capital Fijo (Precio Comprador) | U12: Total Variaciones de Existencias (Precio Comprador) | V12: Objetos valiosos | W12: EXPORTACIONES (Precio Comprador) | X12: DEMANDA TOTAL (Precio Comprador)
B14: 010101 | C14: Trigo | D14: 867.95105 | E14: 100.22464 | F14: 0.58109953 | G14: 0.639652 | H14: 0 | I14: -19.839953 | J14: 30.309732 | K14: 979.86622 | L14: 990.21084 | M14: 28.720669 | N14: 28.311297 | O14: 0 | P14: 0.40937138 | Q14: 0.40937138 | R14: 0 | S14: -39.065284 | T14: 0 | U14: -39.065284 | W14: 0 | X14: 979.86622
B15: 010102 | C15: Arroz con cáscara | D15: 1739.9207 | E15: 0.000471 | F15: 4.226719e-06 | G15: 4.7e-05 | H15: 0 | I15: -3.6128166 | J15: 23.606072 | K15: 1759.9145 | L15: 1721.3861 | M15: 0 | N15: 0 | O15: 0 | P15: 0 | Q15: 0 | R15: 0 | S15: 38.528388 | T15: 0 | U15: 38.528388 | W15: 0 | X15: 1759.9145
B16: 010103 | C16: Maíz | D16: 2124.3249 | E16: 128.0878 | F16: 8.1122848 | G16: 0.79329 | H16: 0 | I16: -112.23284 | J16: 106.5523 | K16: 2255.6378 | L16: 2347.5997 | M16: 77.335351 | N16: 75.219251 | O16: 0 | P16: 2.1161001 | Q16: 2.1161001 | R16: 0 | S16: -263.45677 | T16: 0 | U16: -263.45677 | W16: 94.159439 | X16: 2255.6378
B17: 010104 | C17: Quinua | D17: 429.36878 | E17: 0 | F17: 0 | G17: 0 | H17: 0 | I17: 0 | J17: 6.3638391 | K17: 435.73262 | L17: 436.10778 | M17: 9.2474131 | N17: 9.2474131 | O17: 0 | P17: 0 | Q17: 0 | R17: 0 | S17: -9.6225715 | T17: 0 | U17: -9.6225715 | W17: 0 | X17: 435.73262
B18: 010105 | C18: Cereales diversos | D18: 1137.607 | E18: 63.235617 | F18: 9.4031029 | G18: 2.943403 | H18: 0 | I18: 0 | J18: 42.742006 | K18: 1255.9311 | L18: 1103.956 | M18: 84.516133 | N18: 84.460894 | O18: 0 | P18: 0.055239588 | Q18: 0.055239588 | R18: 0 | S18: 25.828447 | T18: 0 | U18: 25.828447 | W18: 41.630509 | X18: 1255.9311
B19: 010201 | C19: Leguminosas | D19: 1138.5512 | E19: 7.7444668 | F19: 4.8173972 | G19: 0.547761 | H19: 0 | I19: 0 | J19: 287.04899 | K19: 1438.7098 | L19: 210.68349 | M19: 1100.1956 | N19: 1097.4249 | O19: 0 | P19: 2.7707566 | Q19: 2.7707566 | R19: 0 | S19: 17.504885 | T19: 0 | U19: 17.504885 | W19: 110.32578 | X19: 1438.7098
B20: 010202 | C20: Raíces, bulbos y hortalizas tuberosas | D20: 336.41163 | E20: 40.719528 | F20: 1.6194199 | G20: 0.627802 | H20: 0 | I20: 0 | J20: 101.64727 | K20: 481.02565 | L20: 138.89104 | M20: 340.14664 | N20: 340.13082 | O20: 0 | P20: 0.01582384 | Q20: 0.01582384 | R20: 0 | S20: 1.987962 | T20: 0 | U20: 1.987962 | W20: 0 | X20: 481.02565
B21: 010203 | C21: Hortalizas de hoja o de tallo | D21: 64.017247 | E21: 5.9576685 | F21: 0.19916611 | G21: 0.345799 | H21: 0 | I21: 0 | J21: 19.064187 | K21: 89.584068 | L21: 37.800601 | M21: 54.327313 | N21: 54.327313 | O21: 0 | P21: 0 | Q21: 0 | R21: 0 | S21: -2.5438458 | T21: 0 | U21: -2.5438458 | W21: 0 | X21: 89.584068
B22: 010204 | C22: Hortalizas productoras de frutos | D22: 323.26017 | E22: 41.680833 | F22: 2.5108326 | G22: 1.468137 | H22: 0 | I22: 0 | J22: 95.838062 | K22: 464.75804 | L22: 151.37133 | M22: 302.70114 | N22: 297.69562 | O22: 0 | P22: 5.005519 | Q22: 5.005519 | R22: 0 | S22: 6.7829716 | T22: 0 | U22: 6.7829716 | W22: 3.9025979 | X22: 464.75804
B23: 010301 | C23: Papa y sus derivados | D23: 3408.3034 | E23: 130.6123 | F23: 12.605224 | G23: 0.559234 | H23: 0 | I23: 0 | J23: 897.20892 | K23: 4449.2891 | L23: 1528.372 | M23: 2847.3119 | N23: 2847.2285 | O23: 0 | P23: 0.083411777 | Q23: 0.083411777 | R23: 0 | S23: 62.74588 | T23: 0 | U23: 62.74588 | W23: 10.859285 | X23: 4449.2891
B24: 010302 | C24: Otros tubérculos | D24: 534.26856 | E24: 2.5415633 | F24: 0.80561104 | G24: 0.129848 | H24: 0 | I24: 0 | J24: 141.61591 | K24: 679.36149 | L24: 161.59195 | M24: 514.1524 | N24: 514.1524 | O24: 0 | P24: 0 | Q24: 0 | R24: 0 | S24: 3.0808895 | T24: 0 | U24: 3.0808895 | W24: 0.5362499 | X24: 679.36149
B25: 010401 | C25: Cítricos | D25: 704.88887 | E25: 1.5456802 | F25: 2.1279707 | G25: 0.144199 | H25: 0 | I25: 0 | J25: 192.34267 | K25: 901.04939 | L25: 197.25022 | M25: 687.06042 | N25: 677.49047 | O25: 0 | P25: 9.5699534 | Q25: 9.5699534 | R25: 0 | S25: 13.564348 | T25: 0 | U25: 13.564348 | W25: 3.1744003 | X25: 901.04939
... B178: 230101 | C178: Fabricación de muebles y colchones | D178: 2141.041 | E178: 390.55395 | F178: 88.92937 | G178: 50.189893 | H178: 27.739208 | I178: 0 | J178: 253.69285 | K178: 2952.1462 | L178: 766.97937 | M178: 1082.8606 | N178: 1082.8606 | O178: 0 | P178: 0 | Q178: 0 | R178: 0 | S178: 1051.4456 | T178: 1040.2589 | U178: 11.186694 | W178: 50.860672 | X178: 2952.1462
B179: 230201 | C179: Joyas y artículos conexos | D179: 1827.0305 | E179: 155.6336 | F179: 35.203136 | G179: 3.046207 | H179: 15.277616 | I179: 0 | J179: 260.05519 | K179: 2296.2463 | L179: 0 | M179: 333.42174 | N179: 333.42174 | O179: 0 | P179: 0 | Q179: 0 | R179: 0 | S179: 930.02905 | T179: 0 | U179: 96.77816 | V179: 833.25089 | W179: 1032.7955 | X179: 2296.2463
B180: 230301 | C180: Instrumentos de música, artículos de deporte, juegos y juguetes | D180: 11.166536 | E180: 464.95781 | F180: 28.807039 | G180: 49.581933 | H180: 9.6239259 | I180: 0 | J180: 159.60148 | K180: 723.73872 | L180: 108.00995 | M180: 586.97444 | N180: 565.70407 | O180: 6.2764484 | P180: 14.993919 | Q180: 14.993919 | R180: 0 | S180: 19.458548 | T180: 18.662381 | U180: 0.79616717 | W180: 9.2957886 | X180: 723.73872
B181: 230401 | C181: Artículos manufacturados diversos | D181: 554.98722 | E181: 844.51385 | F181: 51.345232 | G181: 44.342873 | H181: 33.851626 | I181: 0 | J181: 452.13692 | K181: 1981.1777 | L181: 1288.9741 | M181: 569.79452 | N181: 563.93189 | O181: 0 | P181: 5.8626369 | Q181: 5.8626369 | R181: 0 | S181: 85.985977 | T181: 111.50705 | U181: -25.521077 | W181: 36.423097 | X181: 1981.1777
B182: 230501 | C182: Desperdicios de la industria de la alimentación | D182: 188.7683 | E182: 0.763504 | F182: 0 | G182: 0 | H182: 0.10720285 | I182: -5.2676599 | J182: 0.30598661 | K182: 184.67733 | L182: 149.31647 | M182: 19.128887 | N182: 19.128887 | O182: 0 | P182: 0 | Q182: 0 | R182: 0 | S182: 11.565725 | T182: 0 | U182: 11.565725 | W182: 4.6662481 | X182: 184.67733
B183: 230502 | C183: Desperdicios ó desechos Metálicos y No Metálicos | D183: 431.66638 | E183: 86.175871 | F183: 0 | G183: 6.202996 | H183: 7.9699894 | I183: 0 | J183: 0.50608677 | K183: 532.52132 | L183: 342.21348 | M183: 0 | N183: 0 | O183: 0 | P183: 0 | Q183: 0 | R183: 0 | S183: 11.899064 | T183: 0 | U183: 11.899064 | W183: 178.40878 | X183: 532.52132
B184: 240101 | C184: Servicio de distribución de electricidad | D184: 6066.8111 | E184: 0 | F184: 408.55443 | G184: 0 | H184: 270.7191 | I184: 0 | J184: 0 | K184: 6746.0847 | L184: 3804.8515 | M184: 2941.2332 | N184: 2941.2332 | O184: 0 | P184: 0 | Q184: 0 | R184: 0 | S184: 0 | T184: 0 | U184: 0 | W184: 0 | X184: 6746.0847
B185: 240201 | C185: Servicio de distribución de agua por tuberías | D185: 840.32707 | E185: 0 | F185: 66.893443 | G185: 0 | H185: 49.069315 | I185: 0 | J185: 0 | K185: 956.28983 | L185: 434.67456 | M185: 521.61526 | N185: 362.73173 | O185: 158.88353 | P185: 0 | Q185: 0 | R185: 0 | S185: 0 | T185: 0 | U185: 0 | W185: 0 | X185: 956.28983
B186: 250101 | C186: Edificaciones residenciales públicas y privadas | D186: 16116.943 | E186: 0 | F186: 5.8666549 | G186: 0 | H186: 155.5046 | I186: 0 | J186: 0 | K186: 16278.314 | L186: 0 | M186: 0 | N186: 0 | O186: 0 | P186: 0 | Q186: 0 | R186: 0 | S186: 16278.314 | T186: 16481.536 | U186: -203.22238 | W186: 0 | X186: 16278.314
B187: 250102 | C187: Edificaciones no residenciales públicas y privadas | D187: 9386.812 | E187: 0 | F187: 289.13252 | G187: 0 | H187: 266.00971 | I187: 0 | J187: 0 | K187: 9941.9542 | L187: 0 | M187: 0 | N187: 0 | O187: 0 | P187: 0 | Q187: 0 | R187: 0 | S187: 9941.9542 | T187: 9941.9542 | U187: 0 | W187: 0 | X187: 9941.9542
B188: 250103 | C188: Reparación y mantenimiento de edificaciones, alquiler de equipo dotado de operarios y servicios para la construcción | D188: 5501.0656 | E188: 410.68471 | F188: 77.95246 | G188: 0 | H188: 87.419485 | I188: 0 | J188: 0 | K188: 6077.1222 | L188: 4562.3768 | M188: 1005.9876 | N188: 1005.9876 | O188: 0 | P188: 0 | Q188: 0 | R188: 0 | S188: 497.90635 | T188: 514.7648 | U188: -16.858455 | W188: 10.851464 | X188: 6077.1222
B189: 260101 | C189: Servicios de construcción de obras de ingeniería civil | D189: 19268.664 | E189: 0 | F189: 1929.7622 | G189: 0 | H189: 545.26906 | I189: 0 | J189: 0 | K189: 21743.696 | L189: 0 | M189: 0 | N189: 0 | O189: 0 | P189: 0 | Q189: 0 | R189: 0 | S189: 21743.696 | T189: 21743.696 | U189: 0 | W189: 0 | X189: 21743.696
B190: 260201 | C190: Servicios de mejoramiento y mantenimiento | D190: 1894.0414 | E190: 0 | F190: 212.46406 | G190: 0 | H190: 40.757861 | I190: 0 | J190: 0 | K190: 2147.2634 | L190: 195.25119 | M190: 0 | N190: 0 | O190: 0 | P190: 0 | Q190: 0 | R190: 0 | S190: 1952.0122 | T190: 1952.0122 | U190: 3.0171265e-12 | W190: 0 | X190: 2147.2634
B191: 270101 | C191: Comercio | D191: 39196.771 | E191: 0 | F191: 0 | G191: 0 | H191: 0 | I191: 0 | J191: -39196.771 | K191: 0 | L191: 0 | M191: 0 | N191: 0 | O191: 0 | P191: 0 | Q191: 0 | R191: 0 | S191: 0 | T191: 0 | U191: 0 | W191: 0 | X191: 0
... B229: 420101 | C229: Compras Directas de Bienes y Otros Servicios | D229: 0 | E229: 1686.4828 | F229: 0 | G229: 0 | H229: 0 | I229: 0 | J229: 0 | K229: 1686.4828 | L229: 0 | M229: -142.51349 | N229: -142.51349 | O229: 0 | P229: 0 | Q229: 0 | R229: 0 | S229: 0 | T229: 0 | U229: 0 | W229: 1828.9963 | X229: 1686.4828
C230: TOTAL | D230: 550708.21 | E230: 87367.486 | F230: 16650.588 | G230: 3289.9652 | H230: 14034.692 | I230: -4961.1504 | J230: -7.2759576e-11 | K230: 667089.79 | L230: 240740.9 | M230: 281434.84 | N230: 224381.12 | O230: 2426.0197 | P230: 54627.702 | Q230: 34639.113 | R230: 19988.589 | S230: 76956.961 | T230: 77674.896 | U230: -1551.1852 | V230: 833.25089 | W230: 67957.094 | X230: 667089.79
B231: Fuente: Instituto Nacional de Estadística

Sheet 3.1.4
B7: Cuadro N° 3.1.4
B8: BOLIVIA: OFERTA Y UTILIZACIÓN, 2020
B9: (En millones de bolivianos corrientes)
D11: OFERTA TOTAL | L11: DEMANDA TOTAL
B12: PRODUCTOS | D12: VALOR BRUTO DE PRODUCCIÓN | E12: IMPORTACIONES | F12: IMPUESTO AL VALOR AGREGADO (IVA no deducible) | G12: DERECHOS ARANCELARIOS SOBRE IMPORTACIONES | H12: OTROS IMPUESTOS SOBRE LOS PRODUCTOS Y LAS IMPORTACIONES | I12: SUBVENCIONES | J12: MÁRGENES DE COMERCIALIZACIÓN Y TRANSPORTE | K12: OFERTA TOTAL (Precio Comprador) | L12: CONSUMO INTERMEDIO (precio comprador) | M12: CONSUMO FINAL (Precio Comprador) | N12: Hogares | O12: ISFLHS | P12: GOBIERNO GENERAL | Q12: Gobierno Individual | R12: Gobierno Colectivo | S12: FORMACIÓN BRUTA DE CAPITAL (Precio Comprador) | T12: Formación Bruta de Capital Fijo (Precio Comprador) | U12: Total Variaciones de Existencias (Precio Comprador) | V12: Objetos valiosos | W12: EXPORTACIONES (Precio Comprador) | X12: DEMANDA TOTAL (Precio Comprador)
B14: 010101 | C14: Trigo | D14: 913.25943 | E14: 183.05601 | F14: 0.98817918 | G14: 0.462457 | H14: 0 | I14: -35.042393 | J14: 31.534045 | K14: 1094.2577 | L14: 1059.8408 | M14: 28.745993 | N14: 28.644787 | O14: 0 | P14: 0.10120624 | Q14: 0.10120624 | R14: 0 | S14: 5.6708917 | T14: 0 | U14: 5.6708917 | W14: 0 | X14: 1094.2577
B15: 010102 | C15: Arroz con cáscara | D15: 1510.9766 | E15: 9.1156407 | F15: 1.8546115e-05 | G15: 0.000233 | H15: 0 | I15: -12.615252 | J15: 21.058777 | K15: 1528.536 | L15: 1545.5131 | M15: 4.5566569 | N15: 4.5566569 | O15: 0 | P15: 0 | Q15: 0 | R15: 0 | S15: -21.533816 | T15: 0 | U15: -21.533816 | W15: 0 | X15: 1528.536
B16: 010103 | C16: Maíz | D16: 2249.4822 | E16: 139.70153 | F16: 12.436698 | G16: 1.146984 | H16: 0 | I16: -67.100743 | J16: 91.348575 | K16: 2427.0152 | L16: 2327.093 | M16: 78.945062 | N16: 78.421912 | O16: 0 | P16: 0.52314973 | Q16: 0.52314973 | R16: 0 | S16: -55.310926 | T16: 0 | U16: -55.310926 | W16: 76.288097 | X16: 2427.0152
B17: 010104 | C17: Quinua | D17: 431.60804 | E17: 0 | F17: 0 | G17: 0 | H17: 0 | I17: 0 | J17: 6.4262804 | K17: 438.03432 | L17: 427.06518 | M17: 9.5056123 | N17: 9.5056123 | O17: 0 | P17: 0 | Q17: 0 | R17: 0 | S17: 1.463528 | T17: 0 | U17: 1.463528 | W17: 0 | X17: 438.03432
B18: 010105 | C18: Cereales diversos | D18: 1465.0587 | E18: 69.325606 | F18: 9.3138729 | G18: 3.648738 | H18: 0 | I18: 0 | J18: 44.160573 | K18: 1591.5075 | L18: 1167.0281 | M18: 86.06558 | N18: 85.417879 | O18: 0 | P18: 0.64770119 | Q18: 0.64770119 | R18: 0 | S18: 289.34134 | T18: 0 | U18: 289.34134 | W18: 49.072482 | X18: 1591.5075
B19: 010201 | C19: Leguminosas | D19: 1124.4222 | E19: 12.393881 | F19: 5.3763268 | G19: 1.122875 | H19: 0 | I19: 0 | J19: 292.1629 | K19: 1435.4782 | L19: 182.91706 | M19: 1135.5954 | N19: 1134.1649 | O19: 0 | P19: 1.4304366 | Q19: 1.4304366 | R19: 0 | S19: -12.516267 | T19: 0 | U19: -12.516267 | W19: 129.48204 | X19: 1435.4782
B20: 010202 | C20: Raíces, bulbos y hortalizas tuberosas | D20: 357.3662 | E20: 10.504278 | F20: 1.6945771 | G20: 0.261013 | H20: 0 | I20: 0 | J20: 86.962827 | K20: 456.78889 | L20: 104.52099 | M20: 296.67658 | N20: 296.67267 | O20: 0 | P20: 0.0039120257 | Q20: 0.0039120257 | R20: 0 | S20: 52.248475 | T20: 0 | U20: 52.248475 | W20: 3.3428393 | X20: 456.78889
B21: 010203 | C21: Hortalizas de hoja o de tallo | D21: 67.06396 | E21: 4.4905373 | F21: 0.33782147 | G21: 0.358729 | H21: 0 | I21: 0 | J21: 19.57544 | K21: 91.826488 | L21: 34.859971 | M21: 56.94667 | N21: 56.94667 | O21: 0 | P21: 0 | Q21: 0 | R21: 0 | S21: 0.019846858 | T21: 0 | U21: 0.019846858 | W21: 0 | X21: 91.826488
B22: 010204 | C22: Hortalizas productoras de frutos | D22: 373.71347 | E22: 20.755147 | F22: 2.1011877 | G22: 1.200401 | H22: 0 | I22: 0 | J22: 107.13469 | K22: 504.90489 | L22: 119.87074 | M22: 360.9445 | N22: 359.70702 | O22: 0 | P22: 1.2374821 | Q22: 1.2374821 | R22: 0 | S22: 20.861398 | T22: 0 | U22: 20.861398 | W22: 3.2282505 | X22: 504.90489
B23: 010301 | C23: Papa y sus derivados | D23: 3292.7878 | E23: 32.880127 | F23: 12.838327 | G23: 0.164383 | H23: 0 | I23: 0 | J23: 845.69947 | K23: 4184.3701 | L23: 1110.1868 | M23: 2897.5228 | N23: 2897.5022 | O23: 0 | P23: 0.020621354 | Q23: 0.020621354 | R23: 0 | S23: 172.74955 | T23: 0 | U23: 172.74955 | W23: 3.9109278 | X23: 4184.3701
B24: 010302 | C24: Otros tubérculos | D24: 527.83776 | E24: 3.582841 | F24: 0.80657279 | G24: 0.140378 | H24: 0 | I24: 0 | J24: 143.70611 | K24: 676.07366 | L24: 130.62077 | M24: 534.19846 | N24: 534.19846 | O24: 0 | P24: 0 | Q24: 0 | R24: 0 | S24: 11.254437 | T24: 0 | U24: 11.254437 | W24: 0 | X24: 676.07366
B25: 010401 | C25: Cítricos | D25: 719.0884 | E25: 4.7687475 | F25: 2.355386 | G25: 0.357015 | H25: 0 | I25: 0 | J25: 197.41413 | K25: 923.98368 | L25: 170.66487 | M25: 729.39972 | N25: 727.0338 | O25: 0 | P25: 2.3659177 | Q25: 2.3659177 | R25: 0 | S25: 12.809001 | T25: 0 | U25: 12.809001 | W25: 11.110091 | X25: 923.98368
... B178: 230101 | C178: Fabricación de muebles y colchones | D178: 1397.1948 | E178: 259.34889 | F178: 103.87359 | G178: 34.890671 | H178: 21.186237 | I178: 0 | J178: 166.00559 | K178: 1982.4998 | L178: 494.65897 | M178: 745.16498 | N178: 745.16498 | O178: 0 | P178: 0 | Q178: 0 | R178: 0 | S178: 698.39223 | T178: 699.40005 | U178: -1.0078159 | W178: 44.283646 | X178: 1982.4998
B179: 230201 | C179: Joyas y artículos conexos | D179: 1189.8737 | E179: 14.752539 | F179: 12.387675 | G179: 1.320308 | H179: 4.7952524 | I179: 0 | J179: 56.899795 | K179: 1280.0293 | L179: 0 | M179: 72.549054 | N179: 72.549054 | O179: 0 | P179: 0 | Q179: 0 | R179: 0 | S179: 251.07232 | T179: 0 | U179: 32.241643 | V179: 218.83067 | W179: 956.4079 | X179: 1280.0293
B180: 230301 | C180: Instrumentos de música, artículos de deporte, juegos y juguetes | D180: 9.5902288 | E180: 294.20234 | F180: 18.996144 | G180: 31.136287 | H180: 10.267833 | I180: 0 | J180: 103.29432 | K180: 467.48715 | L180: 74.93652 | M180: 378.49442 | N180: 371.97334 | O180: 3.7023542 | P180: 2.8187263 | Q180: 2.8187263 | R180: 0 | S180: 12.93302 | T180: 12.081416 | U180: 0.85160433 | W180: 1.1231825 | X180: 467.48715
B181: 230401 | C181: Artículos manufacturados diversos | D181: 553.12834 | E181: 400.47515 | F181: 35.806154 | G181: 27.929557 | H181: 39.089488 | I181: 0 | J181: 315.18216 | K181: 1371.6109 | L181: 1262.4526 | M181: 194.32472 | N181: 192.90961 | O181: 0 | P181: 1.4151054 | Q181: 1.4151054 | R181: 0 | S181: -95.640038 | T181: 55.994163 | U181: -151.6342 | W181: 10.47361 | X181: 1371.6109
B182: 230501 | C182: Desperdicios de la industria de la alimentación | D182: 186.23482 | E182: 0.53933 | F182: 0.02133761 | G182: 0 | H182: 0.16280618 | I182: 0 | J182: 0.34351572 | K182: 187.30181 | L182: 159.66312 | M182: 14.321338 | N182: 14.321338 | O182: 0 | P182: 0 | Q182: 0 | R182: 0 | S182: 0.83036484 | T182: 0 | U182: 0.83036484 | W182: 12.486987 | X182: 187.30181
B183: 230502 | C183: Desperdicios ó desechos Metálicos y No Metálicos | D183: 444.78478 | E183: 51.99708 | F183: 0 | G183: 2.870403 | H183: 14.001475 | I183: 0 | J183: 0.40962837 | K183: 514.06336 | L183: 340.6864 | M183: 0 | N183: 0 | O183: 0 | P183: 0 | Q183: 0 | R183: 0 | S183: 39.688826 | T183: 0 | U183: 39.688826 | W183: 133.68813 | X183: 514.06336
B184: 240101 | C184: Servicio de distribución de electricidad | D184: 5797.0982 | E184: 0 | F184: 389.9951 | G184: 0 | H184: 192.55514 | I184: 0 | J184: 0 | K184: 6379.6485 | L184: 3337.8167 | M184: 3041.8317 | N184: 3041.8317 | O184: 0 | P184: 0 | Q184: 0 | R184: 0 | S184: 0 | T184: 0 | U184: 0 | W184: 0 | X184: 6379.6485
B185: 240201 | C185: Servicio de distribución de agua por tuberías | D185: 899.83976 | E185: 0 | F185: 56.04786 | G185: 0 | H185: 30.896314 | I185: 0 | J185: 0 | K185: 986.78394 | L185: 376.95516 | M185: 609.82878 | N185: 445.71178 | O185: 164.117 | P185: 0 | Q185: 0 | R185: 0 | S185: 0 | T185: 0 | U185: 0 | W185: 0 | X185: 986.78394
B186: 250101 | C186: Edificaciones residenciales públicas y privadas | D186: 11905.442 | E186: 0 | F186: 5.8855163 | G186: 0 | H186: 155.5046 | I186: 0 | J186: 0 | K186: 12066.833 | L186: 0 | M186: 0 | N186: 0 | O186: 0 | P186: 0 | Q186: 0 | R186: 0 | S186: 12066.833 | T186: 11900.364 | U186: 166.46893 | W186: 0 | X186: 12066.833
B187: 250102 | C187: Edificaciones no residenciales públicas y privadas | D187: 4790.049 | E187: 0 | F187: 102.58027 | G187: 0 | H187: 105.65044 | I187: 0 | J187: 0 | K187: 4998.2797 | L187: 0 | M187: 0 | N187: 0 | O187: 0 | P187: 0 | Q187: 0 | R187: 0 | S187: 4998.2797 | T187: 4998.2797 | U187: 0 | W187: 0 | X187: 4998.2797
B188: 250103 | C188: Reparación y mantenimiento de edificaciones, alquiler de equipo dotado de operarios y servicios para la construcción | D188: 3811.6538 | E188: 450.12 | F188: 52.042045 | G188: 0 | H188: 68.248673 | I188: 0 | J188: 0 | K188: 4382.0645 | L188: 3446.6566 | M188: 770.56598 | N188: 770.56598 | O188: 0 | P188: 0 | Q188: 0 | R188: 0 | S188: 159.55582 | T188: 167.48572 | U188: -7.9299008 | W188: 5.28615 | X188: 4382.0645
B189: 260101 | C189: Servicios de construcción de obras de ingeniería civil | D189: 10542.936 | E189: 0 | F189: 875.04576 | G189: 0 | H189: 309.88722 | I189: 0 | J189: 0 | K189: 11727.869 | L189: 0 | M189: 0 | N189: 0 | O189: 0 | P189: 0 | Q189: 0 | R189: 0 | S189: 11727.869 | T189: 11727.869 | U189: 0 | W189: 0 | X189: 11727.869
B190: 260201 | C190: Servicios de mejoramiento y mantenimiento | D190: 821.86484 | E190: 0 | F190: 68.466822 | G190: 0 | H190: 15.415433 | I190: 0 | J190: 0 | K190: 905.74709 | L190: 169.0509 | M190: 0 | N190: 0 | O190: 0 | P190: 0 | Q190: 0 | R190: 0 | S190: 736.69619 | T190: 736.69619 | U190: 0 | W190: 0 | X190: 905.74709
B191: 270101 | C191: Comercio | D191: 33014.428 | E191: 0 | F191: 0 | G191: 0 | H191: 0 | I191: 0 | J191: -33014.428 | K191: 0 | L191: 0 | M191: 0 | N191: 0 | O191: 0 | P191: 0 | Q191: 0 | R191: 0 | S191: 0 | T191: 0 | U191: 0 | W191: 0 | X191: 0
... B229: 420101 | C229: Compras Directas de Bienes y Otros Servicios | D229: 0 | E229: 407.07054 | F229: 0 | G229: 0 | H229: 0 | I229: 0 | J229: 0 | K229: 407.07054 | L229: 0 | M229: 80.897695 | N229: 80.897695 | O229: 0 | P229: 0 | Q229: 0 | R229: 0 | S229: 0 | T229: 0 | U229: 0 | W229: 326.17285 | X229: 407.07054
C230: TOTAL | D230: 471160.39 | E230: 60362.621 | F230: 12750.748 | G230: 2077.5452 | H230: 10352.781 | I230: -2309.5241 | J230: 0 | K230: 554394.56 | L230: 201643.69 | M230: 252929.23 | N230: 196141.37 | O230: 2384.1858 | P230: 54403.676 | Q230: 35282.334 | R230: 19121.343 | S230: 50490.614 | T230: 46179.012 | U230: 4092.7715 | V230: 218.83067 | W230: 49331.023 | X230: 554394.56
B231: Fuente: Instituto Nacional de Estadística

Sheet 3.1.5
B7: Cuadro N° 3.1.5
B8: BOLIVIA: OFERTA Y UTILIZACIÓN, 2021
B9: (En millones de bolivianos corrientes)
D11: OFERTA TOTAL | L11: DEMANDA TOTAL
B12: PRODUCTOS | D12: VALOR BRUTO DE PRODUCCIÓN | E12: IMPORTACIONES | F12: IMPUESTO AL VALOR AGREGADO (IVA no deducible) | G12: DERECHOS ARANCELARIOS SOBRE IMPORTACIONES | H12: OTROS IMPUESTOS SOBRE LOS PRODUCTOS Y LAS IMPORTACIONES | I12: SUBVENCIONES | J12: MÁRGENES DE COMERCIALIZACIÓN Y TRANSPORTE | K12: OFERTA TOTAL (Precio Comprador) | L12: CONSUMO INTERMEDIO (precio comprador) | M12: CONSUMO FINAL (Precio Comprador) | N12: Hogares | O12: ISFLHS | P12: GOBIERNO GENERAL | Q12: Gobierno Individual | R12: Gobierno Colectivo | S12: FORMACIÓN BRUTA DE CAPITAL (Precio Comprador) | T12: Formación Bruta de Capital Fijo (Precio Comprador) | U12: Total Variaciones de Existencias (Precio Comprador) | V12: Objetos valiosos | W12: EXPORTACIONES (Precio Comprador) | X12: DEMANDA TOTAL (Precio Comprador)
B14: 010101 | C14: Trigo | D14: 914.02323 | E14: 99.660153 | F14: 0.61581133 | G14: 1.279977 | H14: 0 | I14: -22.37493 | J14: 30.202233 | K14: 1023.4065 | L14: 942.15797 | M14: 31.183633 | N14: 30.958224 | O14: 0 | P14: 0.2254087 | Q14: 0.2254087 | R14: 0 | S14: 50.064875 | T14: 0 | U14: 50.064875 | W14: 0 | X14: 1023.4065
B15: 010102 | C15: Arroz con cáscara | D15: 1508.6638 | E15: 0.000284 | F15: 2.4542028e-06 | G15: 2.8e-05 | H15: 0 | I15: -8.5246454 | J15: 20.808333 | K15: 1520.9478 | L15: 1528.5674 | M15: 0 | N15: 0 | O15: 0 | P15: 0 | Q15: 0 | R15: 0 | S15: -7.619618 | T15: 0 | U15: -7.619618 | W15: 0 | X15: 1520.9478
B16: 010103 | C16: Maíz | D16: 2407.6248 | E16: 114.91098 | F16: 9.7661152 | G16: 0.00048 | H16: 0 | I16: -50.512697 | J16: 91.570051 | K16: 2573.3597 | L16: 2321.3923 | M16: 77.436592 | N16: 76.271422 | O16: 0 | P16: 1.1651703 | Q16: 1.1651703 | R16: 0 | S16: 35.774607 | T16: 0 | U16: 35.774607 | W16: 138.75624 | X16: 2573.3597
B17: 010104 | C17: Quinua | D17: 299.06759 | E17: 0.014482 | F17: 0.00023439715 | G17: 0.001448 | H17: 0 | I17: 0 | J17: 5.1238107 | K17: 304.20757 | L17: 296.0809 | M17: 9.5188909 | N17: 9.5188909 | O17: 0 | P17: 0 | Q17: 0 | R17: 0 | S17: -1.3922269 | T17: 0 | U17: -1.3922269 | W17: 0 | X17: 304.20757
B18: 010105 | C18: Cereales diversos | D18: 850.76289 | E18: 53.438885 | F18: 7.9726719 | G18: 3.731355 | H18: 0 | I18: 0 | J18: 40.508062 | K18: 956.41386 | L18: 991.83992 | M18: 89.200291 | N18: 88.277066 | O18: 0 | P18: 0.92322505 | Q18: 0.92322505 | R18: 0 | S18: -191.45785 | T18: 0 | U18: -191.45785 | W18: 66.831496 | X18: 956.41386
B19: 010201 | C19: Leguminosas | D19: 1147.7617 | E19: 6.250924 | F19: 5.3526592 | G19: 0.492316 | H19: 0 | I19: 0 | J19: 295.6276 | K19: 1455.4852 | L19: 196.51414 | M19: 1149.7467 | N19: 1147.2771 | O19: 0 | P19: 2.4695826 | Q19: 2.4695826 | R19: 0 | S19: 8.7600975 | T19: 0 | U19: 8.7600975 | W19: 100.46419 | X19: 1455.4852
B20: 010202 | C20: Raíces, bulbos y hortalizas tuberosas | D20: 390.51633 | E20: 23.11781 | F20: 2.610046 | G20: 0.347569 | H20: 0 | I20: 0 | J20: 95.800365 | K20: 512.39212 | L20: 119.4786 | M20: 309.70948 | N20: 309.70077 | O20: 0 | P20: 0.0087129474 | Q20: 0.0087129474 | R20: 0 | S20: 72.002177 | T20: 0 | U20: 72.002177 | W20: 11.201862 | X20: 512.39212
B21: 010203 | C21: Hortalizas de hoja o de tallo | D21: 69.550755 | E21: 5.0832962 | F21: 0.36837246 | G21: 0.387115 | H21: 0 | I21: 0 | J21: 20.42222 | K21: 95.811759 | L21: 40.949218 | M21: 59.437973 | N21: 59.437973 | O21: 0 | P21: 0 | Q21: 0 | R21: 0 | S21: -4.5754324 | T21: 0 | U21: -4.5754324 | W21: 0 | X21: 95.811759
B22: 010204 | C22: Hortalizas productoras de frutos | D22: 378.79748 | E22: 20.08566 | F22: 1.7335013 | G22: 1.009104 | H22: 0 | I22: 0 | J22: 107.76132 | K22: 509.38707 | L22: 139.04655 | M22: 345.14066 | N22: 342.38451 | O22: 0 | P22: 2.7561467 | Q22: 2.7561467 | R22: 0 | S22: 23.218803 | T22: 0 | U22: 23.218803 | W22: 1.9810544 | X22: 509.38707
B23: 010301 | C23: Papa y sus derivados | D23: 2912.5436 | E23: 51.411266 | F23: 11.724548 | G23: 0 | H23: 0 | I23: 0 | J23: 777.48993 | K23: 3753.1693 | L23: 1163.324 | M23: 2564.6966 | N23: 2564.6506 | O23: 0 | P23: 0.045928322 | Q23: 0.045928322 | R23: 0 | S23: 21.846914 | T23: 0 | U23: 21.846914 | W23: 3.3018252 | X23: 3753.1693
B24: 010302 | C24: Otros tubérculos | D24: 544.54028 | E24: 3.3443989 | F24: 0.85676819 | G24: 0.013001 | H24: 0 | I24: 0 | J24: 144.48688 | K24: 693.24133 | L24: 144.49232 | M24: 535.08153 | N24: 535.08153 | O24: 0 | P24: 0 | Q24: 0 | R24: 0 | S24: 13.632214 | T24: 0 | U24: 13.632214 | W24: 0.035263397 | X24: 693.24133
B25: 010401 | C25: Cítricos | D25: 717.40233 | E25: 2.5934433 | F25: 2.3201499 | G25: 0.005663 | H25: 0 | I25: 0 | J25: 197.39308 | K25: 919.71467 | L25: 193.46739 | M25: 727.39022 | N25: 722.1208 | O25: 0 | P25: 5.2694226 | Q25: 5.2694226 | R25: 0 | S25: -8.4914957 | T25: 0 | U25: -8.4914957 | W25: 7.3485629 | X25: 919.71467
... B178: 230101 | C178: Fabricación de muebles y colchones | D178: 1523.115 | E178: 410.3199 | F178: 110.41676 | G178: 46.533202 | H178: 18.686612 | I178: 0 | J178: 176.32254 | K178: 2285.394 | L178: 575.4601 | M178: 734.41819 | N178: 734.41819 | O178: 0 | P178: 0 | Q178: 0 | R178: 0 | S178: 899.36514 | T178: 820.13634 | U178: 79.228801 | W178: 76.1506 | X178: 2285.394
B179: 230201 | C179: Joyas y artículos conexos | D179: 1679.5084 | E179: 123.17699 | F179: 10.079989 | G179: 3.858215 | H179: 5.4676967 | I179: 0 | J179: 43.547143 | K179: 1865.6384 | L179: 0 | M179: 166.28917 | N179: 166.28917 | O179: 0 | P179: 0 | Q179: 0 | R179: 0 | S179: 109.29912 | T179: 0 | U179: 19.883156 | V179: 89.415966 | W179: 1590.0501 | X179: 1865.6384
B180: 230301 | C180: Instrumentos de música, artículos de deporte, juegos y juguetes | D180: 14.158671 | E180: 397.26826 | F180: 22.858307 | G180: 45.006962 | H180: 9.9651848 | I180: 0 | J180: 102.01697 | K180: 591.27435 | L180: 71.817533 | M180: 400.24409 | N180: 395.09112 | O180: 1.2324252 | P180: 3.9205512 | Q180: 3.9205512 | R180: 0 | S180: 107.58465 | T180: 14.02335 | U180: 93.561305 | W180: 11.628073 | X180: 591.27435
B181: 230401 | C181: Artículos manufacturados diversos | D181: 701.02799 | E181: 534.82369 | F181: 77.010598 | G181: 35.064775 | H181: 41.026779 | I181: 0 | J181: 344.60082 | K181: 1733.5546 | L181: 1563.8744 | M181: 219.91983 | N181: 218.19007 | O181: 0 | P181: 1.7297578 | Q181: 1.7297578 | R181: 0 | S181: -72.064077 | T181: 31.723369 | U181: -103.78745 | W181: 21.824503 | X181: 1733.5546
B182: 230501 | C182: Desperdicios de la industria de la alimentación | D182: 233.79974 | E182: 0.521067 | F182: 0.062253554 | G182: 1.2e-05 | H182: 0.17008322 | I182: 0 | J182: 0.33938914 | K182: 234.89255 | L182: 168.40126 | M182: 18.072254 | N182: 18.072254 | O182: 0 | P182: 0 | Q182: 0 | R182: 0 | S182: 35.296706 | T182: 0 | U182: 35.296706 | W182: 13.122324 | X182: 234.89255
B183: 230502 | C183: Desperdicios ó desechos Metálicos y No Metálicos | D183: 659.01604 | E183: 51.948493 | F183: 0 | G183: 2.585595 | H183: 11.419542 | I183: 0 | J183: 0.43410822 | K183: 725.40378 | L183: 356.95357 | M183: 0 | N183: 0 | O183: 0 | P183: 0 | Q183: 0 | R183: 0 | S183: 19.480019 | T183: 0 | U183: 19.480019 | W183: 348.9702 | X183: 725.40378
B184: 240101 | C184: Servicio de distribución de electricidad | D184: 6054.4581 | E184: 0 | F184: 406.28443 | G184: 0 | H184: 199.76328 | I184: 0 | J184: 0 | K184: 6660.5058 | L184: 3812.2148 | M184: 2848.291 | N184: 2848.291 | O184: 0 | P184: 0 | Q184: 0 | R184: 0 | S184: 0 | T184: 0 | U184: 0 | W184: 0 | X184: 6660.5058
B185: 240201 | C185: Servicio de distribución de agua por tuberías | D185: 923.05524 | E185: 0 | F185: 58.257687 | G185: 0 | H185: 40.782951 | I185: 0 | J185: 0 | K185: 1022.0959 | L185: 420.4617 | M185: 601.63417 | N185: 431.50024 | O185: 170.13393 | P185: 0 | Q185: 0 | R185: 0 | S185: 0 | T185: 0 | U185: 0 | W185: 0 | X185: 1022.0959
B186: 250101 | C186: Edificaciones residenciales públicas y privadas | D186: 15102.501 | E186: 0 | F186: 7.4659987 | G186: 0 | H186: 148.2827 | I186: 0 | J186: 0 | K186: 15258.25 | L186: 0 | M186: 0 | N186: 0 | O186: 0 | P186: 0 | Q186: 0 | R186: 0 | S186: 15258.25 | T186: 15573.527 | U186: -315.27733 | W186: 0 | X186: 15258.25
B187: 250102 | C187: Edificaciones no residenciales públicas y privadas | D187: 4804.1773 | E187: 0 | F187: 76.152739 | G187: 0 | H187: 187.21717 | I187: 0 | J187: 0 | K187: 5067.5472 | L187: 0 | M187: 0 | N187: 0 | O187: 0 | P187: 0 | Q187: 0 | R187: 0 | S187: 5067.5472 | T187: 5067.5472 | U187: 0 | W187: 0 | X187: 5067.5472
B188: 250103 | C188: Reparación y mantenimiento de edificaciones, alquiler de equipo dotado de operarios y servicios para la construcción | D188: 4832.1357 | E188: 93.050505 | F188: 44.94207 | G188: 0 | H188: 88.71381 | I188: 0 | J188: 0 | K188: 5058.8421 | L188: 4077.5443 | M188: 821.6843 | N188: 821.6843 | O188: 0 | P188: 0 | Q188: 0 | R188: 0 | S188: 159.61351 | T188: 193.14213 | U188: -33.528617 | W188: 0 | X188: 5058.8421
B189: 260101 | C189: Servicios de construcción de obras de ingeniería civil | D189: 14660.166 | E189: 0 | F189: 1284.2729 | G189: 0 | H189: 370.07456 | I189: 0 | J189: 0 | K189: 16314.513 | L189: 0 | M189: 0 | N189: 0 | O189: 0 | P189: 0 | Q189: 0 | R189: 0 | S189: 16314.513 | T189: 16314.513 | U189: 0 | W189: 0 | X189: 16314.513
B190: 260201 | C190: Servicios de mejoramiento y mantenimiento | D190: 821.38559 | E190: 0 | F190: 67.579388 | G190: 0 | H190: 15.215626 | I190: 0 | J190: 0 | K190: 904.1806 | L190: 175.77493 | M190: 0 | N190: 0 | O190: 0 | P190: 0 | Q190: 0 | R190: 0 | S190: 728.40567 | T190: 728.40567 | U190: 0 | W190: 0 | X190: 904.1806
B191: 270101 | C191: Comercio | D191: 37893.005 | E191: 0 | F191: 0 | G191: 0 | H191: 0 | I191: 0 | J191: -37893.005 | K191: 0 | L191: 0 | M191: 0 | N191: 0 | O191: 0 | P191: 0 | Q191: 0 | R191: 0 | S191: 0 | T191: 0 | U191: 0 | W191: 0 | X191: 0
... B229: 420101 | C229: Compras Directas de Bienes y Otros Servicios | D229: 0 | E229: 14.36482 | F229: 0 | G229: 0 | H229: 0 | I229: 0 | J229: 0 | K229: 14.36482 | L229: 0 | M229: -58.226425 | N229: -58.226425 | O229: 0 | P229: 0 | Q229: 0 | R229: 0 | S229: 0 | T229: 0 | U229: 0 | W229: 72.591245 | X229: 14.36482
C230: TOTAL | D230: 546436.35 | E230: 79779.731 | F230: 15477.16 | G230: 2954.4977 | H230: 12613.914 | I230: -5285.1747 | J230: -6.5483619e-11 | K230: 651976.48 | L230: 241360.51 | M230: 273851.05 | N230: 215161.81 | O230: 2490.5609 | P230: 56198.676 | Q230: 37756.526 | R230: 18442.15 | S230: 58844.664 | T230: 56384.913 | U230: 2370.3349 | V230: 89.415966 | W230: 77920.256 | X230: 651976.48
B231: Fuente: Instituto Nacional de Estadística

Sheet 3.2.1
B7: Cuadro N° 3.2.1
B8: BOLIVIA: OFERTA Y UTILIZACIÓN, 2018
B9: (En millones de bolivianos corrientes a precios del año anterior)
D11: OFERTA TOTAL | L11: DEMANDA TOTAL
B12: PRODUCTOS | D12: VALOR BRUTO DE PRODUCCIÓN | E12: IMPORTACIONES | F12: IMPUESTO AL VALOR AGREGADO (IVA no deducible) | G12: DERECHOS ARANCELARIOS SOBRE IMPORTACIONES | H12: OTROS IMPUESTOS SOBRE LOS PRODUCTOS Y LAS IMPORTACIONES | I12: SUBVENCIONES | J12: MÁRGENES DE COMERCIALIZACIÓN Y TRANSPORTE | K12: OFERTA TOTAL (Precio Comprador) | L12: CONSUMO INTERMEDIO (precio comprador) | M12: CONSUMO FINAL (Precio Comprador) | N12: Hogares | O12: ISFLHS | P12: GOBIERNO GENERAL | Q12: Gobierno Individual | R12: Gobierno Colectivo | S12: FORMACIÓN BRUTA DE CAPITAL (Precio Comprador) | T12: Formación Bruta de Capital Fijo (Precio Comprador) | U12: Total Variaciones de Existencias (Precio Comprador) | V12: Objetos valiosos | W12: EXPORTACIONES (Precio Comprador) | X12: DEMANDA TOTAL (Precio Comprador)
B14: 010101 | C14: Trigo | D14: 648.36921 | E14: 99.145603 | F14: 0.16745896 | G14: 0.23801396 | H14: 0 | I14: -13.591796 | J14: 26.416927 | K14: 760.74542 | L14: 849.1187 | M14: 26.93941 | N14: 26.513935 | O14: 0 | P14: 0.42547457 | Q14: 0.42547457 | R14: 0 | S14: -115.31269 | T14: 0 | U14: -115.31269 | W14: 0 | X14: 760.74542
B15: 010102 | C15: Arroz con cáscara | D15: 1676.1295 | E15: 0.00010868678 | F15: 0 | G15: 0 | H15: 0 | I15: -14.603135 | J15: 23.037858 | K15: 1684.5643 | L15: 1664.1619 | M15: 0 | N15: 0 | O15: 0 | P15: 0 | Q15: 0 | R15: 0 | S15: 20.402469 | T15: 0 | U15: 20.402469 | W15: 0 | X15: 1684.5643
B16: 010103 | C16: Maíz | D16: 2569.3661 | E16: 130.94064 | F16: 11.745016 | G16: 0.71849496 | H16: 0 | I16: -102.49282 | J16: 102.60037 | K16: 2712.8778 | L16: 2304.5416 | M16: 75.83614 | N16: 73.6368 | O16: 0 | P16: 2.1993398 | Q16: 2.1993398 | R16: 0 | S16: 194.91987 | T16: 0 | U16: 194.91987 | W16: 137.58019 | X16: 2712.8778
B17: 010104 | C17: Quinua | D17: 398.1547 | E17: 0 | F17: 0 | G17: 0 | H17: 0 | I17: 0 | J17: 5.7782377 | K17: 403.93293 | L17: 391.21267 | M17: 8.3153328 | N17: 8.3153328 | O17: 0 | P17: 0 | Q17: 0 | R17: 0 | S17: 4.4049296 | T17: 0 | U17: 4.4049296 | W17: 0 | X17: 403.93293
B18: 010105 | C18: Cereales diversos | D18: 1082.1819 | E18: 76.170829 | F18: 8.4520276 | G18: 3.7163312 | H18: 0 | I18: 0 | J18: 39.81426 | K18: 1210.3354 | L18: 1058.8725 | M18: 78.351332 | N18: 78.29392 | O18: 0 | P18: 0.057412514 | Q18: 0.057412514 | R18: 0 | S18: 26.427198 | T18: 0 | U18: 26.427198 | W18: 46.684339 | X18: 1210.3354
B19: 010201 | C19: Leguminosas | D19: 1261.1481 | E19: 10.610172 | F19: 4.5328261 | G19: 0.43321277 | H19: 0 | I19: 0 | J19: 318.53002 | K19: 1595.2544 | L19: 226.59229 | M19: 1223.1537 | N19: 1218.8881 | O19: 0 | P19: 4.2656254 | Q19: 4.2656254 | R19: 0 | S19: 10.339239 | T19: 0 | U19: 10.339239 | W19: 135.16915 | X19: 1595.2544
B20: 010202 | C20: Raíces, bulbos y hortalizas tuberosas | D20: 304.88863 | E20: 28.531112 | F20: 0.99045445 | G20: 0.30468005 | H20: 0 | I20: 0 | J20: 88.661621 | K20: 423.37649 | L20: 127.27692 | M20: 288.09722 | N20: 288.08077 | O20: 0 | P20: 0.016446293 | Q20: 0.016446293 | R20: 0 | S20: 5.4674573 | T20: 0 | U20: 5.4674573 | W20: 2.5348951 | X20: 423.37649
B21: 010203 | C21: Hortalizas de hoja o de tallo | D21: 59.207736 | E21: 6.596937 | F21: 0.14919293 | G21: 0.29066601 | H21: 0 | I21: 0 | J21: 17.906399 | K21: 84.150932 | L21: 34.805983 | M21: 50.760065 | N21: 50.760065 | O21: 0 | P21: 0 | Q21: 0 | R21: 0 | S21: -1.4151163 | T21: 0 | U21: -1.4151163 | W21: 0 | X21: 84.150932
B22: 010204 | C22: Hortalizas productoras de frutos | D22: 376.32961 | E22: 43.994266 | F22: 2.5195737 | G22: 1.6521916 | H22: 0 | I22: 0 | J22: 110.34458 | K22: 534.84023 | L22: 192.67734 | M22: 332.44783 | N22: 327.24541 | O22: 0 | P22: 5.2024181 | Q22: 5.2024181 | R22: 0 | S22: 4.2243187 | T22: 0 | U22: 4.2243187 | W22: 5.4907376 | X22: 534.84023
B23: 010301 | C23: Papa y sus derivados | D23: 3243.5076 | E23: 280.58662 | F23: 9.2071761 | G23: 0.24626222 | H23: 0 | I23: 0 | J23: 879.48556 | K23: 4413.0332 | L23: 1511.1538 | M23: 2807.2454 | N23: 2807.1587 | O23: 0 | P23: 0.086692896 | Q23: 0.086692896 | R23: 0 | S23: 84.320658 | T23: 0 | U23: 84.320658 | W23: 10.313332 | X23: 4413.0332
B24: 010302 | C24: Otros tubérculos | D24: 530.37473 | E24: 3.3030583 | F24: 0.65349458 | G24: 0.1240615 | H24: 0 | I24: 0 | J24: 139.66 | K24: 674.11535 | L24: 157.5398 | M24: 506.83431 | N24: 506.83431 | O24: 0 | P24: 0 | Q24: 0 | R24: 0 | S24: 9.1146712 | T24: 0 | U24: 9.1146712 | W24: 0.62656915 | X24: 674.11535
B25: 010401 | C25: Cítricos | D25: 703.34123 | E25: 1.2158315 | F25: 1.6582602 | G25: 0.04008452 | H25: 0 | I25: 0 | J25: 192.73463 | K25: 898.99004 | L25: 197.47698 | M25: 692.61227 | N25: 682.66587 | O25: 0 | P25: 9.946401 | Q25: 9.946401 | R25: 0 | S25: 7.0570583 | T25: 0 | U25: 7.0570583 | W25: 1.8437316 | X25: 898.99004
... B178: 230101 | C178: Fabricación de muebles y colchones | D178: 2161.9162 | E178: 387.93193 | F178: 74.718697 | G178: 48.00338 | H178: 23.499787 | I178: 0 | J178: 253.78762 | K178: 2949.8577 | L178: 750.3621 | M178: 1061.3422 | N178: 1061.3422 | O178: 0 | P178: 0 | Q178: 0 | R178: 0 | S178: 1081.2219 | T178: 1087.2595 | U178: -6.0376242 | W178: 56.931395 | X178: 2949.8577
